Workbook
Name CHK_TOL: InputsCon!$F$189
Name SMU: InputsCon!$F$197
Name USDMN: InputsCon!$F$199

Sheet ToDo
B2: Sheet | C2: Link | D2: Link | E2: To Do
A4: =MAX(A$2:A3) + 1 -> 1 | C4: =Metalkol_Model1!B$82 -> Cu realized price options | E4: Not sure why realised prices are not in there alongside LME actual, LME assumed and Somidez
A6: =MAX(A$2:A5) + 1 -> 2 | C6: =Metalkol_Model1!E$137 -> Freight charge per tonne of cobalt contained | E6: Waiting for a view from Ron on whether these charges are so high
A8: =MAX(A$2:A7) + 1 -> 3 | C8: =Metalkol_Model1!E$170 -> Last year of Cu production | E8: What assumption of end of life for Metalkol?
A10: =MAX(A$2:A9) + 1 -> 4 | C10: =Metalkol_Model1!C$196 -> Deductions from revenues | E10: Come back to consider in Metalkol if figure should be applied
A12: =MAX(A$2:A11) + 1 -> 5 | E12: Missing Export taxes as 1% on turnover
A15: =MAX(A$2:A14) + 1 -> 6
B18: Sheet | C18: Link | D18: Link | E18: To Do
A20: AW comments 22 July 2025
A22: =MAX(A18:A21) + 1 -> 1 | B22: =Dashboard!C42 -> Government share: excluding payroll & indirect taxes | C22: =Dashboard!D42 -> 0.35490126 | E22: revised AETR calc without indirect
A24: =MAX(A20:A23) + 1 -> 2 | B24: =Metalkol_Model1!E709 -> Loan repayment: interest (first) | E24: This was interest only, now corrected to be ddown & repayment. Same net = interest
A26: =MAX(A22:A25) + 1 -> 3 | B26: =Metalkol_Model1!E$804 -> Gecamines share of net cashflows after tax | E26: this was pointing to the wrong cell.
E27: Gecamines cflow is simply share * positive cashflows. No debt repayment?
A29: =MAX(A25:A28) + 1 -> 4 | B29: =SummaryC_Flow!E$64 -> Gecamines share of net cashflows after tax | E29: and same here
A31: =MAX(A27:A30) + 1 -> 5 | B31: =Track!A1 -> Track | C31: =Track!F3 -> 0 | E31: JW to address track changes now debt issues corrected
A33: =MAX(A29:A32) + 1 -> 6 | B33: =Charts!E97 -> Capital Costs inc. Sens. | E33: fixed chart
A35: =MAX(A31:A34) + 1 -> 7 | B35: =InputsCon!E$91 -> Cu royalty private GCM / AHIL / Ventora | E35: Does this apply to Metalkol?
A37: =MAX(A33:A36) + 1 -> 8 | B37: =Charts!#REF! -> #REF! | E37: deleted revenues categories versus Kamoto. If not used delete full;y, or leave as zero.
B38: =Charts!#REF! -> #REF!
A40: =MAX(A36:A39) + 1 -> 9 | B40: =Metalkol_Model1!E$12 -> Copper produced: 2022FS + actuals | E40: this takes FS over actual. Wrong way round?
E41: likewise for Cobalt. Means not using actual?
A43: =MAX(A39:A42) + 1 -> 10 | B43: ='T&E'!E$8 -> Model first year | E43: Why model first year changed? Now hard to add up across projects.
E44: Should have kept consistent timeline - that's why I set it at 2006
E45: RISK!!
A47: =MAX(A43:A46) + 1 -> 11 | B47: =Metalkol_Model1!E390 -> Alternative Operating Cost Profile | E47: Why using alternative rather than FS? Also results in no opex in first 2 years.
A49: =MAX(A45:A48) + 1 -> 12 | B49: =Metalkol_Model1!E$406 -> Forecast period annualised capex | E49: unused row
A51: =MAX(A47:A50) + 1 -> 13 | B51: =Kamoto_2019TR!A1 -> Kamoto_2019TR | E51: Delete these
B52: =Kamoto_2011TR!A1 -> Kamoto_2011TR | E52: Delete these
B53: =Inp_2019TR!A1 -> Inp_2019TR | E53: Delete these

Sheet Track
A1: =RIGHT(CELL("filename", $A$3), LEN(CELL("filename", $A$3)) - SEARCH("]", CELL("filename", $A$3))) -> Track
F2: =Track!$F$85 -> 0 | G2: Error chks
F3: =SUM(I9:I83) -> 0 | G3: Track chgs
E4: 24July.1 | F4: <= Compare live results to
I5: =MATCH(E4, L5:AH5, 0) -> 2 | J5: Difference | M5: 24July.1 | N5: 21July.1 | O5: 11July.1 | P5: 10July.2 | Q5: 10July.1 | R5: 9July.1 | S5: 23June.3 | T5: 23June.2 | U5: 23June.1 | V5: 20June.2 | W5: 20June.1 | X5: 19June.1 | Y5: 17June.4 | Z5: 17June.3 | AA5: 17June.2 | AB5: 17June.1 | AC5: 16June.4 | AD5: 16June.3 | AE5: 16June.2 | AF5: 16June.1 | AG5: Baseline
A6: DASHBOARD PARAMETERS AND RESULTS
B8: Dashboard parameters
E9: =InputsCon!E$38 -> Copper forecast price | F9: =InputsCon!F$38 -> IMF_WEO | G9: =InputsCon!G$38 -> option selected | I9: =IF(ABS(J9) > CHK_TOL, 1, 0) -> 0 | J9: =IF(F9=INDEX(L9:AG9, $I$5), 0, 1) -> 0 | M9: IMF_WEO | N9: IMF_WEO | O9: IMF_WEO | P9: IMF_WEO | Q9: IMF_WEO | R9: IMF_WEO | S9: IMF_WEO | T9: IMF_WEO | U9: IMF_WEO | V9: IMF_WEO | W9: IMF_WEO | X9: IMF_WEO | Y9: IMF_WEO | Z9: IMF_WEO | AA9: IMF_WEO | AB9: IMF_WEO | AC9: IMF_WEO | AD9: IMF_WEO | AE9: IMF_WEO | AF9: IMF_WEO | AG9: IMF_WEO | AJ9: Purpose of this sheet is to save a set of baseline results so that the model can be confirmed to be / brought back to baseline, or changes in results over time can be documented. Process for creating a new saved case:
E10: =InputsCon!E$39 -> Cobalt forecast price | F10: =InputsCon!F$39 -> IMF_WEO | G10: =InputsCon!G$39 -> option selected | I10: =IF(ABS(J10) > CHK_TOL, 1, 0) -> 0 | J10: =IF(F10=INDEX(L10:AG10, $I$5), 0, 1) -> 0 | M10: IMF_WEO | N10: IMF_WEO | O10: IMF_WEO | P10: IMF_WEO | Q10: IMF_WEO | R10: IMF_WEO | S10: IMF_WEO | T10: IMF_WEO | U10: IMF_WEO | V10: IMF_WEO | W10: IMF_WEO | X10: IMF_WEO | Y10: IMF_WEO | Z10: IMF_WEO | AA10: IMF_WEO | AB10: IMF_WEO | AC10: IMF_WEO | AD10: IMF_WEO | AE10: IMF_WEO | AF10: IMF_WEO | AG10: IMF_WEO
E11: =InputsCon!E$40 -> Cu realized price method | F11: =InputsCon!F$40 -> SOM_Contract | G11: =InputsCon!G$40 -> selected | I11: =IF(ABS(J11) > CHK_TOL, 1, 0) -> 0 | J11: =IF(F11=INDEX(L11:AG11, $I$5), 0, 1) -> 0 | M11: SOM_Contract | N11: SOM_Contract | O11: SOM_Contract | P11: SOM_Contract | Q11: SOM_Contract | R11: SOM_Contract | S11: SOM_Contract | T11: SOM_Contract | U11: SOM_Contract | V11: SOM_Contract | W11: SOM_Contract | X11: SOM_Contract | Y11: SOM_Contract | Z11: SOM_Contract | AA11: SOM_Contract | AB11: SOM_Contract | AC11: SOM_Contract | AD11: SOM_Contract | AE11: SOM_Contract | AF11: SOM_Contract | AG11: SOM_Contract
E12: =InputsCon!E$41 -> Copper: Realised Price vs LME for "LMEAssumed" | F12: =InputsCon!F$41 -> 0.95 | G12: =InputsCon!G$41 -> % | I12: =IF(ABS(J12) > CHK_TOL, 1, 0) -> 0 | J12: =IF(OR(ISTEXT(F12), ISTEXT(INDEX(L12:AG12, $I$5))), 0, F12 - INDEX(L12:AG12, $I$5)) -> 0 | M12: 0.95 | N12: 0.95 | O12: 0.95 | P12: 0.95 | Q12: 0.95 | R12: 0.95 | S12: 0.95 | T12: 0.95 | U12: 0.95 | V12: 0.95 | W12: 0.95 | X12: 0.95 | Y12: 0.95 | Z12: 0.95 | AA12: 0.95 | AB12: 0.95 | AC12: 0.95 | AD12: 0.95 | AE12: 0.95 | AF12: 0.95 | AG12: 0.95
E13: =InputsCon!E$42 -> Co realized price method | F13: =InputsCon!F$42 -> SOM_Contract | G13: =InputsCon!G$42 -> selected | I13: =IF(ABS(J13) > CHK_TOL, 1, 0) -> 0 | J13: =IF(F13=INDEX(L13:AG13, $I$5), 0, 1) -> 0 | M13: SOM_Contract | N13: SOM_Contract | O13: SOM_Contract | P13: SOM_Contract | Q13: SOM_Contract | R13: SOM_Contract | S13: SOM_Contract | T13: SOM_Contract | U13: SOM_Contract | V13: SOM_Contract | W13: SOM_Contract | X13: SOM_Contract | Y13: SOM_Contract | Z13: SOM_Contract | AA13: SOM_Contract | AB13: SOM_Contract | AC13: SOM_Contract | AD13: SOM_Contract | AE13: SOM_Contract | AF13: SOM_Contract | AG13: SOM_Contract | AJ13: 1. Select column M
E14: =InputsCon!E$43 -> Cobalt: Realised Price vs LME for "LMEAssumed" | F14: =InputsCon!F$43 -> 0.7 | G14: =InputsCon!G$43 -> % | I14: =IF(ABS(J14) > CHK_TOL, 1, 0) -> 0 | J14: =IF(OR(ISTEXT(F14), ISTEXT(INDEX(L14:AG14, $I$5))), 0, F14 - INDEX(L14:AG14, $I$5)) -> 0 | M14: 0.7 | N14: 0.7 | O14: 0.7 | P14: 0.7 | Q14: 0.7 | R14: 0.7 | S14: 0.9 | T14: 0.9 | U14: 0.9 | V14: 0.9 | W14: 0.9 | X14: 0.9 | Y14: 0.9 | Z14: 0.9 | AA14: 0.9 | AB14: 0.9 | AC14: 0.9 | AD14: 0.9 | AE14: 0.9 | AF14: 0.9 | AG14: 0.9 | AJ14: 2. Copy column M and immediately Right click insert copied cells. This duplicates the existing saved results set
E15: =InputsCon!E$44 -> Apply freight, insurance & sales costs 2019TR | F15: =InputsCon!F$44 -> no | G15: =InputsCon!G$44 -> selected | I15: =IF(ABS(J15) > CHK_TOL, 1, 0) -> 0 | J15: =IF(F15=INDEX(L15:AG15, $I$5), 0, 1) -> 0 | M15: no | N15: no | O15: no | P15: no | Q15: no | R15: no | S15: no | T15: no | U15: no | V15: no | W15: no | X15: no | Y15: no | Z15: no | AA15: no | AB15: no | AC15: no | AD15: no | AE15: no | AF15: no | AG15: no | AJ15: 3. Now copy the live results from column F
E16: =InputsCon!E$14 -> Discount rate | F16: =InputsCon!F$14 -> 0.1 | G16: =InputsCon!G$14 -> %nominal | I16: =IF(ABS(J16) > CHK_TOL, 1, 0) -> 0 | J16: =IF(OR(ISTEXT(F16), ISTEXT(INDEX(L16:AG16, $I$5))), 0, F16 - INDEX(L16:AG16, $I$5)) -> 0 | M16: 0.1 | N16: 0.1 | O16: 0.1 | P16: 0.1 | Q16: 0.1 | R16: 0.1 | S16: 0.1 | T16: 0.1 | U16: 0.1 | V16: 0.1 | W16: 0.1 | X16: 0.1 | Y16: 0.1 | Z16: 0.1 | AA16: 0.1 | AB16: 0.1 | AC16: 0.1 | AD16: 0.1 | AE16: 0.1 | AF16: 0.1 | AG16: 0.1 | AJ16: 4. Paste as values over the newly created duplicate saved results
E17: =InputsCon!E$22 -> Forecast / point forward year | F17: =InputsCon!F$22 -> 2025 | G17: =InputsCon!G$22 -> year | I17: =IF(ABS(J17) > CHK_TOL, 1, 0) -> 0 | J17: =IF(OR(ISTEXT(F17), ISTEXT(INDEX(L17:AG17, $I$5))), 0, F17 - INDEX(L17:AG17, $I$5)) -> 0 | M17: 2025 | N17: 2025 | O17: 2025 | P17: 2025 | Q17: 2025 | R17: 2025 | S17: 2025 | T17: 2025 | U17: 2025 | V17: 2025 | W17: 2025 | X17: 2011 | Y17: 2011 | Z17: 2011 | AA17: 2011 | AB17: 2011 | AC17: 2011 | AD17: 2011 | AE17: 2011 | AF17: 2011 | AG17: 2011 | AJ17: 5. Rename the new saved results case in row 4
E18: =InputsCon!E$26 -> Copper production sensitivity (forecast period) | F18: =InputsCon!F$26 -> 1 | G18: =InputsCon!G$26 -> % | I18: =IF(ABS(J18) > CHK_TOL, 1, 0) -> 0 | J18: =IF(OR(ISTEXT(F18), ISTEXT(INDEX(L18:AG18, $I$5))), 0, F18 - INDEX(L18:AG18, $I$5)) -> 0 | M18: 1 | N18: 1 | O18: 1 | P18: 1 | Q18: 1 | R18: 1 | S18: 1 | T18: 1 | U18: 1 | V18: 1 | W18: 1 | X18: 1 | Y18: 1 | Z18: 1 | AA18: 1 | AB18: 1 | AC18: 1 | AD18: 1 | AE18: 1 | AF18: 1 | AG18: 1 | AJ18: 6. Track sheet will show differences between live results and saved case selected at E2
E19: =InputsCon!E$27 -> Cobalt production sensitivity (forecast period) | F19: =InputsCon!F$27 -> 1 | G19: =InputsCon!G$27 -> % | I19: =IF(ABS(J19) > CHK_TOL, 1, 0) -> 0 | J19: =IF(OR(ISTEXT(F19), ISTEXT(INDEX(L19:AG19, $I$5))), 0, F19 - INDEX(L19:AG19, $I$5)) -> 0 | M19: 1 | N19: 1 | O19: 1 | P19: 1 | Q19: 1 | R19: 1 | S19: 1 | T19: 1 | U19: 1 | V19: 1 | W19: 1 | X19: 1 | Y19: 1 | Z19: 1 | AA19: 1 | AB19: 1 | AC19: 1 | AD19: 1 | AE19: 1 | AF19: 1 | AG19: 1 | AJ19: 7. Additional results and/or parameters can be added to results set
E20: =InputsCon!E$28 -> Operating cost Sensitivity (forecast period) | F20: =InputsCon!F$28 -> 1 | G20: =InputsCon!G$28 -> % | I20: =IF(ABS(J20) > CHK_TOL, 1, 0) -> 0 | J20: =IF(OR(ISTEXT(F20), ISTEXT(INDEX(L20:AG20, $I$5))), 0, F20 - INDEX(L20:AG20, $I$5)) -> 0 | M20: 1 | N20: 1 | O20: 0.8 | P20: 1 | Q20: 1 | R20: 1 | S20: 1 | T20: 1 | U20: 1 | V20: 1 | W20: 1 | X20: 1 | Y20: 1 | Z20: 1 | AA20: 1 | AB20: 1 | AC20: 1 | AD20: 1 | AE20: 1 | AF20: 1 | AG20: 1
E21: =InputsCon!E$29 -> Capital cost sensitivity (forecast period) | F21: =InputsCon!F$29 -> 1 | G21: =InputsCon!G$29 -> % | I21: =IF(ABS(J21) > CHK_TOL, 1, 0) -> 0 | J21: =IF(OR(ISTEXT(F21), ISTEXT(INDEX(L21:AG21, $I$5))), 0, F21 - INDEX(L21:AG21, $I$5)) -> 0 | M21: 1 | N21: 1 | O21: 1 | P21: 1 | Q21: 1 | R21: 1 | S21: 1 | T21: 1 | U21: 1 | V21: 1 | W21: 1 | X21: 1 | Y21: 1 | Z21: 1 | AA21: 1 | AB21: 1 | AC21: 1 | AD21: 1 | AE21: 1 | AF21: 1 | AG21: 1
E22: =InputsTS!E$159 -> Cobalt Payable Rate applied in model | F22: =InputsTS!F$159 -> 0.7 | G22: =InputsTS!G$159 -> % | I22: =IF(ABS(J22) > CHK_TOL, 1, 0) -> 0 | J22: =IF(OR(ISTEXT(F22), ISTEXT(INDEX(L22:AG22, $I$5))), 0, F22 - INDEX(L22:AG22, $I$5)) -> 0 | M22: 0.7 | N22: 0.7 | O22: 0.7 | P22: 0.7 | Q22: 0.7 | R22: 0.7 | S22: 0.7 | T22: 0.7 | U22: 0.7 | V22: 0.7 | W22: 0.7 | X22: 0.7 | Y22: 0.7 | Z22: 0.7 | AA22: 0.7 | AB22: 0.7 | AC22: 0.7 | AD22: 0.7 | AE22: 0.7 | AF22: 0.7
E23: =InputsTS!E$136 -> Som contract: placeholder assumption of third party sales: Cu | F23: =InputsTS!F$136 -> 0.9 | G23: =InputsTS!G$136 -> % | I23: =IF(ABS(J23) > CHK_TOL, 1, 0) -> 0 | J23: =IF(OR(ISTEXT(F23), ISTEXT(INDEX(L23:AG23, $I$5))), 0, F23 - INDEX(L23:AG23, $I$5)) -> 0 | M23: 0.9 | N23: 0.9 | O23: 0.9 | P23: 0.9 | Q23: 0.9 | R23: 0.9 | S23: 0.9 | T23: 0.9 | U23: 0.9 | V23: 0.9 | W23: 0.5 | X23: 0.5 | Y23: 0.5 | Z23: 0.5 | AA23: 0.5 | AB23: 0.5 | AC23: 0.5 | AD23: 0.5 | AE23: 0.5 | AF23: 0.5
E24: =InputsCon!E$104 -> Opening balance of CIT losses 2011 | F24: =InputsCon!F$104 -> 0 | G24: =InputsCon!G$104 -> $ mn | I24: =IF(ABS(J24) > CHK_TOL, 1, 0) -> 0 | J24: =IF(OR(ISTEXT(F24), ISTEXT(INDEX(L24:AG24, $I$5))), 0, F24 - INDEX(L24:AG24, $I$5)) -> 0 | M24: 0 | N24: 0 | O24: 0 | P24: 0 | Q24: 0 | R24: 0 | S24: 0 | T24: 0 | U24: 0 | V24: 0 | W24: 0 | X24: 0 | Y24: 0 | Z24: 0 | AA24: 0 | AB24: 0 | AC24: 0 | AD24: 3200 | AE24: 3200 | AF24: 3200
B27: ="Project cashflows from: " & F17 -> Project cashflows from: 2025
E28: =Dashboard!C$20 -> Copper production 2022Fs + actuals | F28: =Dashboard!D$20 -> 836.909 | G28: =Dashboard!E$20 -> KT Cu | I28: =IF(ABS(J28) > CHK_TOL, 1, 0) -> 0 | J28: =IF(OR(ISTEXT(F28), ISTEXT(INDEX(L28:AG28, $I$5))), 0, F28 - INDEX(L28:AG28, $I$5)) -> 0 | M28: 836.909 | N28: 836.909 | O28: 836.909 | P28: 836.909 | Q28: 836.909 | R28: 836.909 | S28: 4017 | T28: 4017 | U28: 4017 | V28: 4017 | W28: 4017 | X28: 6011.9268 | Y28: 6011.9268 | Z28: 6011.9268 | AA28: 6011.9268 | AB28: 6011.9268 | AC28: 6011.9268 | AD28: 6011.9268 | AE28: 6011.9268 | AF28: 6011.9268 | AG28: 6011.9268
E29: =Dashboard!C$21 -> Cobalt production 2022FS + actuals | F29: =Dashboard!D$21 -> 161.178 | G29: =Dashboard!E$21 -> KT | I29: =IF(ABS(J29) > CHK_TOL, 1, 0) -> 0 | J29: =IF(OR(ISTEXT(F29), ISTEXT(INDEX(L29:AG29, $I$5))), 0, F29 - INDEX(L29:AG29, $I$5)) -> 0 | M29: 161.178 | N29: 161.178 | O29: 161.178 | P29: 161.178 | Q29: 161.178 | R29: 161.178 | S29: 370 | T29: 370 | U29: 370 | V29: 370 | W29: 370 | X29: 516.28684 | Y29: 516.28684 | Z29: 516.28684 | AA29: 516.28684 | AB29: 516.28684 | AC29: 516.28684 | AD29: 516.28684 | AE29: 516.28684 | AF29: 516.28684 | AG29: 565.64382
E30: =Dashboard!C$22 -> Ratio Co to Cu production | F30: =Dashboard!D$22 -> 0.19258725 | G30: =Dashboard!E$22 -> ratio | I30: =IF(ABS(J30) > CHK_TOL, 1, 0) -> 0 | J30: =IF(OR(ISTEXT(F30), ISTEXT(INDEX(L30:AG30, $I$5))), 0, F30 - INDEX(L30:AG30, $I$5)) -> 0 | M30: 0.19258725 | N30: 0.19258725 | O30: 0.19258725 | P30: 0.19258725 | Q30: 0.19258725 | R30: 0.19258725 | S30: 0.092108539 | T30: 0.092108539 | U30: 0.092108539 | V30: 0.092108539 | W30: 0.092108539 | X30: 0.0858771 | Y30: 0.0858771 | Z30: 0.0858771 | AA30: 0.0858771 | AB30: 0.0858771 | AC30: 0.0858771 | AD30: 0.0858771 | AE30: 0.0858771 | AF30: 0.0858771 | AG30: 0.094086943
E31: =Dashboard!C$23 -> Copper net revenue | F31: =Dashboard!D$23 -> 7048.7685 | G31: =Dashboard!E$23 -> $ mn | I31: =IF(ABS(J31) > CHK_TOL, 1, 0) -> 0 | J31: =IF(OR(ISTEXT(F31), ISTEXT(INDEX(L31:AG31, $I$5))), 0, F31 - INDEX(L31:AG31, $I$5)) -> 0 | M31: 7048.7685 | N31: 7048.7685 | O31: 7048.7685 | P31: 7048.7685 | Q31: 7048.7685 | R31: 7048.7685 | S31: 35990.739 | T31: 35990.739 | U31: 35990.739 | V31: 35990.739 | W31: 36110.849 | X31: 50475.814 | Y31: 43926.319 | Z31: 43926.319 | AA31: 43926.319 | AB31: 43926.319 | AC31: 43926.319 | AD31: 43926.319 | AE31: 43926.319 | AF31: 43926.319 | AG31: 43779.067
E32: =Dashboard!C$24 -> Cobalt net revenue | F32: =Dashboard!D$24 -> 4318.6154 | G32: =Dashboard!E$24 -> $ mn | I32: =IF(ABS(J32) > CHK_TOL, 1, 0) -> 0 | J32: =IF(OR(ISTEXT(F32), ISTEXT(INDEX(L32:AG32, $I$5))), 0, F32 - INDEX(L32:AG32, $I$5)) -> 0 | M32: 4318.6154 | N32: 4318.6154 | O32: 4318.6154 | P32: 4318.6154 | Q32: 4318.6154 | R32: 4318.6154 | S32: 10242.546 | T32: 10242.546 | U32: 10242.546 | V32: 10242.546 | W32: 10242.546 | X32: 14362.262 | Y32: 12779.369 | Z32: 12779.369 | AA32: 12779.369 | AB32: 12779.369 | AC32: 12779.369 | AD32: 12779.369 | AE32: 12779.369 | AF32: 12779.369 | AG32: 20100.229
E33: =Dashboard!C$25 -> Copper & Cobalt net revenue | F33: =Dashboard!D$25 -> 11367.384 | G33: =Dashboard!E$25 -> $ mn | I33: =IF(ABS(J33) > CHK_TOL, 1, 0) -> 0 | J33: =IF(OR(ISTEXT(F33), ISTEXT(INDEX(L33:AG33, $I$5))), 0, F33 - INDEX(L33:AG33, $I$5)) -> 0 | M33: 11367.384 | N33: 11367.384 | O33: 11367.384 | P33: 11367.384 | Q33: 11367.384 | R33: 11367.384 | S33: 46233.285 | T33: 46233.285 | U33: 46233.285 | V33: 46233.285 | W33: 46353.395 | X33: 64838.076 | Y33: 56705.688 | Z33: 56705.688 | AA33: 56705.688 | AB33: 56705.688 | AC33: 56705.688 | AD33: 56705.688 | AE33: 56705.688 | AF33: 56705.688 | AG33: 63879.296
E34: =Dashboard!C$26 -> Alternative Operating Cost Profile | F34: =Dashboard!D$26 -> 6758.5975 | G34: =Dashboard!E$26 -> $ mn | I34: =IF(ABS(J34) > CHK_TOL, 1, 0) -> 0 | J34: =IF(OR(ISTEXT(F34), ISTEXT(INDEX(L34:AG34, $I$5))), 0, F34 - INDEX(L34:AG34, $I$5)) -> 0 | M34: 6758.5975 | N34: 6758.5975 | O34: 7964.9773 | P34: 9656.4076 | Q34: 9656.4076 | R34: 9656.4076 | S34: 28423.771 | T34: 28423.771 | U34: 28423.771 | V34: 28423.771 | W34: 28423.771 | X34: 40196.123 | Y34: 36498.352 | Z34: 36498.352 | AA34: 36498.352 | AB34: 36498.352 | AC34: 36498.352 | AD34: 36498.352 | AE34: 36498.352 | AF34: 36498.352 | AG34: 36498.352
E35: =Dashboard!C$27 -> Capital Costs inc. Sens. | F35: =Dashboard!D$27 -> 174.60669 | G35: =Dashboard!E$27 -> $ mn | I35: =IF(ABS(J35) > CHK_TOL, 1, 0) -> 0 | J35: =IF(OR(ISTEXT(F35), ISTEXT(INDEX(L35:AG35, $I$5))), 0, F35 - INDEX(L35:AG35, $I$5)) -> 0 | M35: 174.60669 | N35: 174.60669 | O35: 174.60669 | P35: 174.60669 | Q35: 174.60669 | R35: 174.60669 | S35: 3652.3581 | T35: 3652.3581 | U35: 3652.3581 | V35: 3652.3581 | W35: 3652.3581 | X35: 7050.0068 | Y35: 6688.6487 | Z35: 6688.6487 | AA35: 6688.6487 | AB35: 6688.6487 | AC35: 6688.6487 | AD35: 6688.6487 | AE35: 6688.6487 | AF35: 6688.6487 | AG35: 6688.6487
E36: =Dashboard!C$28 -> Project costs | F36: =Dashboard!D$28 -> 6933.2042 | G36: =Dashboard!E$28 -> $ mn | I36: =IF(ABS(J36) > CHK_TOL, 1, 0) -> 0 | J36: =IF(OR(ISTEXT(F36), ISTEXT(INDEX(L36:AG36, $I$5))), 0, F36 - INDEX(L36:AG36, $I$5)) -> 0 | M36: 6933.2042 | N36: 6933.2042 | O36: 8139.584 | P36: 9831.0142 | Q36: 9831.0142 | R36: 9831.0142 | S36: 32076.129 | T36: 32076.129 | U36: 32076.129 | V36: 32076.129 | W36: 32076.129 | X36: 47246.129 | Y36: 43187 | Z36: 43187 | AA36: 43187 | AB36: 43187 | AC36: 43187 | AD36: 43187 | AE36: 43187 | AF36: 43187 | AG36: 43187
E37: =Dashboard!C$29 -> Project cashflows before fiscal regime | F37: =Dashboard!D$29 -> 4434.1798 | G37: =Dashboard!E$29 -> $ mn | I37: =IF(ABS(J37) > CHK_TOL, 1, 0) -> 0 | J37: =IF(OR(ISTEXT(F37), ISTEXT(INDEX(L37:AG37, $I$5))), 0, F37 - INDEX(L37:AG37, $I$5)) -> 0 | M37: 4434.1798 | N37: 4434.1798 | O37: 3227.8 | P37: 1536.3697 | Q37: 1536.3697 | R37: 1536.3697 | S37: 14157.156 | T37: 14157.156 | U37: 14157.156 | V37: 14157.156 | W37: 14277.266 | X37: 17591.947 | Y37: 13518.688 | Z37: 13518.688 | AA37: 13518.688 | AB37: 13518.688 | AC37: 13518.688 | AD37: 13518.688 | AE37: 13518.688 | AF37: 13518.688 | AG37: 20692.296
B39: ="Participant results USD mn real from: " & $F$17 -> Participant results USD mn real from: 2025
E40: =Dashboard!C$34 -> Government revenues excl. Gecamines participation | F40: =Dashboard!D$34 -> 1771.428 | G40: $ mn | I40: =IF(ABS(J40) > CHK_TOL, 1, 0) -> 0 | J40: =IF(OR(ISTEXT(F40), ISTEXT(INDEX(L40:AG40, $I$5))), 0, F40 - INDEX(L40:AG40, $I$5)) -> 0 | M40: 1771.428 | N40: 1771.428 | O40: 1387.6547 | P40: 1171.1523 | Q40: 1662.703 | R40: 1662.703 | S40: 11566.056 | T40: 11245.762 | U40: 11242.481 | V40: 11164.579 | W40: 11220.667 | X40: 14998.879 | Y40: 10291.405 | Z40: 10256.475 | AA40: 10399.205 | AB40: 8920.3402 | AC40: 8826.6851 | AD40: 7971.4125 | AE40: 5818.6666 | AF40: 5831.4142 | AG40: 8723.5858
E41: =Dashboard!C$35 -> Gecamines share of net cashflows after tax | F41: =Dashboard!D$35 -> 110.44121 | G41: $ mn | I41: =IF(ABS(J41) > CHK_TOL, 1, 0) -> 0 | J41: =IF(OR(ISTEXT(F41), ISTEXT(INDEX(L41:AG41, $I$5))), 0, F41 - INDEX(L41:AG41, $I$5)) -> 0 | M41: 110.44121 | N41: 100.32837 | O41: 11.574366 | P41: -62.328593 | Q41: 0 | R41: 3.9039167 | S41: 694.33137 | T41: 694.33137 | U41: 727.14278 | V41: 734.97984 | W41: 753.859 | X41: 1294.4024 | Y41: 1416.3311 | Z41: 1427.3023 | AA41: 0 | AB41: 0 | AC41: 0 | AD41: 321.05779 | AE41: 321.05779 | AF41: 325.63467 | AG41: 1730.5752
E42: =Dashboard!C$36 -> Government including Gecamines | F42: =Dashboard!D$36 -> 1881.8692 | G42: $ mn | I42: =IF(ABS(J42) > CHK_TOL, 1, 0) -> 0 | J42: =IF(OR(ISTEXT(F42), ISTEXT(INDEX(L42:AG42, $I$5))), 0, F42 - INDEX(L42:AG42, $I$5)) -> 0 | M42: 1881.8692 | N42: 1871.7563 | O42: 1399.229 | P42: 1108.8237 | Q42: 1662.703 | R42: 1666.6069 | S42: 12260.388 | T42: 11940.093 | U42: 11969.624 | V42: 11899.558 | W42: 11974.526 | X42: 16293.281 | Y42: 11707.736 | Z42: 11683.778 | AA42: 10399.205 | AB42: 8920.3402 | AC42: 8826.6851 | AD42: 8292.4703 | AE42: 6139.7244 | AF42: 6157.0488 | AG42: 10454.161
E43: =Dashboard!C$37 -> Parent company net cashflows | F43: =Dashboard!D$37 -> 2465.8579 | G43: $ mn | I43: =IF(ABS(J43) > CHK_TOL, 1, 0) -> 0 | J43: =IF(OR(ISTEXT(F43), ISTEXT(INDEX(L43:AG43, $I$5))), 0, F43 - INDEX(L43:AG43, $I$5)) -> 0 | M43: 2465.8579 | N43: 1431.0837 | O43: 790.12363 | P43: -612.83747 | Q43: -612.83747 | R43: -612.83747 | S43: 3801.988 | T43: 3801.988 | U43: 3772.4578 | V43: 3842.5231 | W43: 3884.6623 | X43: 4296.074 | Y43: 4660.803 | Z43: 4684.7611 | AA43: 5969.3332 | AB43: 5969.3332 | AC43: 6062.9883 | AD43: 6597.2031 | AE43: 6597.2031 | AF43: 6579.8786 | AG43: 9277.034
E44: =Dashboard!C$38 -> Cu + Co private royalty (treat as distribution of profit) | F44: =Dashboard!D$38 -> 284.1846 | G44: $ mn | I44: =IF(ABS(J44) > CHK_TOL, 1, 0) -> 0 | J44: =IF(OR(ISTEXT(F44), ISTEXT(INDEX(L44:AG44, $I$5))), 0, F44 - INDEX(L44:AG44, $I$5)) -> 0 | M44: 284.1846 | N44: 284.1846 | O44: 284.1846 | P44: 284.1846 | Q44: 284.1846 | R44: 284.1846 | S44: 1155.8321 | T44: 1155.8321 | U44: 1155.8321 | V44: 1155.8321 | W44: 1158.8349 | X44: 1620.9519 | Y44: 1417.6422 | Z44: 1417.6422 | AA44: 1417.6422 | AB44: 1417.6422 | AC44: 1417.6422 | AD44: 1417.6422 | AE44: 1417.6422 | AF44: 1417.6422 | AG44: 1596.9824
E45: =Dashboard!C$39 -> [Net debt cashflows (3rd party lender)] | F45: =Dashboard!D$39 -> 0 | G45: $ mn | I45: =IF(ABS(J45) > CHK_TOL, 1, 0) -> 0 | J45: =IF(OR(ISTEXT(F45), ISTEXT(INDEX(L45:AG45, $I$5))), 0, F45 - INDEX(L45:AG45, $I$5)) -> 0 | M45: 0 | N45: 0 | O45: 0 | P45: 0 | Q45: 0 | R45: 0 | S45: 0 | T45: 0 | U45: 0 | V45: 0 | W45: 0 | X45: 0 | Y45: 0 | Z45: 0 | AA45: 0 | AB45: 0 | AC45: 0 | AD45: 0 | AE45: 0 | AF45: 0 | AG45: 0
E46: =Dashboard!C$40 -> Additional govt revenues incl. in project costs | F46: =Dashboard!D$40 -> 197.73197 | G46: $ mn | I46: =IF(ABS(J46) > CHK_TOL, 1, 0) -> 0 | J46: =IF(OR(ISTEXT(F46), ISTEXT(INDEX(L46:AG46, $I$5))), 0, F46 - INDEX(L46:AG46, $I$5)) -> 0 | M46: 197.73197 | N46: 197.73197 | O46: 232.41539 | P46: 281.04401 | Q46: 772.59472 | R46: 772.59472 | S46: 3061.0515 | T46: 2740.7573 | U46: 2740.7573 | V46: 2740.7573 | W46: 2740.7573 | X46: 4618.3602 | Y46: 4267.4929 | Z46: 4267.4929 | AA46: 4267.4929 | AB46: 2788.6276 | AC46: 2788.6276 | AD46: 2788.6276 | AE46: 635.88167 | AF46: 635.88167 | AG46: 635.88167
E47: =Dashboard!C$42 -> Government share: excluding payroll & indirect taxes | F47: =Dashboard!D$42 -> 0.35490126 | G47: % | I47: =IF(ABS(J47) > CHK_TOL, 1, 0) -> 0 | J47: =IF(OR(ISTEXT(F47), ISTEXT(INDEX(L47:AG47, $I$5))), 0, F47 - INDEX(L47:AG47, $I$5)) -> 0 | M47: 0.35490126 | N47: 0.36900985 | O47: 0.38055491 | P47: 0.63658124 | Q47: 0.95652423 | R47: 0.95652423 | S47: 0.73666669 | T47: 0.7140425 | U47: 0.71381073 | V47: 0.70830805 | W47: 0.70627782 | X47: 0.76012637 | Y47: 0.72046027
E48: =Dashboard!C$43 -> Government share: excluding Gecamines | F48: =Dashboard!D$43 -> 0.39949395 | G48: % | I48: =IF(ABS(J48) > CHK_TOL, 1, 0) -> 0 | J48: =IF(OR(ISTEXT(F48), ISTEXT(INDEX(L48:AG48, $I$5))), 0, F48 - INDEX(L48:AG48, $I$5)) -> 0 | M48: 0.39949395 | N48: 0.39949395 | O48: 0.42990727 | P48: 0.76228545 | Q48: 1.0822284 | R48: 1.0822284 | S48: 0.81697595 | T48: 0.79435176 | U48: 0.79412 | V48: 0.78861731 | W48: 0.78591147 | X48: 0.85259914 | Y48: 0.76127244 | Z48: 0.75868866 | AA48: 0.76924665 | AB48: 0.65985251 | AC48: 0.65292469 | AD48: 0.58965874 | AE48: 0.43041652 | AF48: 0.43135948 | AG48: 0.42158617
E49: =Dashboard!C$44 -> Government share: including Gecamines | F49: =Dashboard!D$44 -> 0.42440074 | G49: % | I49: =IF(ABS(J49) > CHK_TOL, 1, 0) -> 0 | J49: =IF(OR(ISTEXT(F49), ISTEXT(INDEX(L49:AG49, $I$5))), 0, F49 - INDEX(L49:AG49, $I$5)) -> 0 | M49: 0.42440074 | N49: 0.42212009 | O49: 0.43349311 | P49: 0.72171671 | Q49: 1.0822284 | R49: 1.0847694 | S49: 0.8660205 | T49: 0.84339631 | U49: 0.8454822 | V49: 0.84053309 | W49: 0.83871283 | X49: 0.9261784 | Y49: 0.86604082 | Z49: 0.8642686 | AA49: 0.76924665 | AB49: 0.65985251 | AC49: 0.65292469 | AD49: 0.61340792 | AE49: 0.4541657 | AF49: 0.45544722 | AG49: 0.50521997
B51: ="Participant results USD mn NPV from: " & F17 -> Participant results USD mn NPV from: 2025
E52: =Dashboard!C$34 -> Government revenues excl. Gecamines participation | F52: =Dashboard!E$34 -> 1212.9782 | G52: $ mn | I52: =IF(ABS(J52) > CHK_TOL, 1, 0) -> 0 | J52: =IF(OR(ISTEXT(F52), ISTEXT(INDEX(L52:AG52, $I$5))), 0, F52 - INDEX(L52:AG52, $I$5)) -> 0 | M52: 1212.9782 | N52: 1212.9782 | O52: 935.20987 | P52: 821.17327 | Q52: 1163.0707 | R52: 1163.0707 | S52: 5757.8701 | T52: 5578.9786 | U52: 5576.8446 | V52: 5534.1964 | W52: 5562.3531 | X52: 3193.9726 | Y52: 2666.3512 | Z52: 2641.1798 | AA52: 2676.4556 | AB52: 2298.7697 | AC52: 2252.614 | AD52: 1991.8783 | AE52: 1503.8543 | AF52: 1498.4844 | AG52: 2223.4431
E53: =Dashboard!C$35 -> Gecamines share of net cashflows after tax | F53: =Dashboard!E$35 -> 70.498159 | G53: $ mn | I53: =IF(ABS(J53) > CHK_TOL, 1, 0) -> 0 | J53: =IF(OR(ISTEXT(F53), ISTEXT(INDEX(L53:AG53, $I$5))), 0, F53 - INDEX(L53:AG53, $I$5)) -> 0 | M53: 70.498159 | N53: 63.82691 | O53: 1.8107434 | P53: -47.990249 | Q53: 0 | R53: 2.0571451 | S53: 253.88958 | T53: 253.88958 | U53: 275.22969 | V53: 277.43188 | W53: 287.22046 | X53: 340.75672 | Y53: 346.38205 | Z53: 352.75762 | AA53: 0 | AB53: 0 | AC53: 0 | AD53: 23.034571 | AE53: 23.034571 | AF53: 23.434841 | AG53: 267.27792
E54: =Dashboard!C$36 -> Government including Gecamines | F54: =Dashboard!E$36 -> 1283.4764 | G54: $ mn | I54: =IF(ABS(J54) > CHK_TOL, 1, 0) -> 0 | J54: =IF(OR(ISTEXT(F54), ISTEXT(INDEX(L54:AG54, $I$5))), 0, F54 - INDEX(L54:AG54, $I$5)) -> 0 | M54: 1283.4764 | N54: 1276.8051 | O54: 937.02062 | P54: 773.18302 | Q54: 1163.0707 | R54: 1165.1279 | S54: 6011.7597 | T54: 5832.8682 | U54: 5852.0743 | V54: 5811.6283 | W54: 5849.5736 | X54: 3534.7294 | Y54: 3012.7333 | Z54: 2993.9375 | AA54: 2676.4556 | AB54: 2298.7697 | AC54: 2252.614 | AD54: 2014.9128 | AE54: 1526.8888 | AF54: 1521.9193 | AG54: 2490.721
E55: =Dashboard!C$37 -> Parent company net cashflows | F55: =Dashboard!E$37 -> 1762.1299 | G55: $ mn | I55: =IF(ABS(J55) > CHK_TOL, 1, 0) -> 0 | J55: =IF(OR(ISTEXT(F55), ISTEXT(INDEX(L55:AG55, $I$5))), 0, F55 - INDEX(L55:AG55, $I$5)) -> 0 | M55: 1762.1299 | N55: 1021.9034 | O55: 511.5631 | P55: -444.28133 | Q55: -444.28133 | R55: -444.28133 | S55: 2279.8611 | T55: 2279.8611 | U55: 2260.655 | V55: 2301.101 | W55: 2324.0425 | X55: 341.55878 | Y55: 349.5973 | Z55: 368.39312 | AA55: 685.87498 | AB55: 685.87498 | AC55: 732.03063 | AD55: 969.73183 | AE55: 969.73183 | AF55: 974.70137 | AG55: 1871.7563
E56: =Dashboard!C$38 -> Cu + Co private royalty (treat as distribution of profit) | F56: =Dashboard!E$38 -> 197.68963 | G56: $ mn | I56: =IF(ABS(J56) > CHK_TOL, 1, 0) -> 0 | J56: =IF(OR(ISTEXT(F56), ISTEXT(INDEX(L56:AG56, $I$5))), 0, F56 - INDEX(L56:AG56, $I$5)) -> 0 | M56: 197.68963 | N56: 197.68963 | O56: 197.68963 | P56: 197.68963 | Q56: 197.68963 | R56: 197.68963 | S56: 621.21811 | T56: 621.21811 | U56: 621.21811 | V56: 621.21811 | W56: 622.77931 | X56: 367.69531 | Y56: 343.73068 | Z56: 343.73068 | AA56: 343.73068 | AB56: 343.73068 | AC56: 343.73068 | AD56: 343.73068 | AE56: 343.73068 | AF56: 343.73068 | AG56: 391.57315
E57: =Dashboard!C$39 -> [Net debt cashflows (3rd party lender)] | F57: =Dashboard!E$39 -> 0 | G57: $ mn | I57: =IF(ABS(J57) > CHK_TOL, 1, 0) -> 0 | J57: =IF(OR(ISTEXT(F57), ISTEXT(INDEX(L57:AG57, $I$5))), 0, F57 - INDEX(L57:AG57, $I$5)) -> 0 | M57: 0 | N57: 0 | O57: 0 | P57: 0 | Q57: 0 | R57: 0 | S57: 0 | T57: 0 | U57: 0 | V57: 0 | W57: 0 | X57: 0 | Y57: 0 | Z57: 0 | AA57: 0 | AB57: 0 | AC57: 0 | AD57: 0 | AE57: 0 | AF57: 0 | AG57: 0
E58: =Dashboard!C$40 -> Additional govt revenues incl. in project costs | F58: =Dashboard!E$40 -> 136.91493 | G58: $ mn | I58: =IF(ABS(J58) > CHK_TOL, 1, 0) -> 0 | J58: =IF(OR(ISTEXT(F58), ISTEXT(INDEX(L58:AG58, $I$5))), 0, F58 - INDEX(L58:AG58, $I$5)) -> 0 | M58: 136.91493 | N58: 136.91493 | O58: 163.43159 | P58: 195.47135 | Q58: 537.36882 | R58: 537.36882 | S58: 1672.102 | T58: 1493.2104 | U58: 1493.2104 | V58: 1493.2104 | W58: 1493.2104 | X58: 1374.6537 | Y58: 1335.08 | Z58: 1335.08 | AA58: 1335.08 | AB58: 957.39404 | AC58: 957.39404 | AD58: 957.39404 | AE58: 469.37002 | AF58: 469.37002 | AG58: 469.37002
E59: =Dashboard!C$43 -> Government share: excluding Gecamines | F59: =Dashboard!E$43 -> 0.39047955 | G59: % | I59: =IF(ABS(J59) > CHK_TOL, 1, 0) -> 0 | J59: =IF(OR(ISTEXT(F59), ISTEXT(INDEX(L59:AG59, $I$5))), 0, F59 - INDEX(L59:AG59, $I$5)) -> 0 | M59: 0.39047955 | N59: 0.39047955 | O59: 0.42819742 | P59: 0.76771299 | Q59: 1.0873521 | R59: 1.0873521 | S59: 0.79520498 | T59: 0.77049872 | U59: 0.77020399 | V59: 0.76431396 | W59: 0.76163388 | X59: 1.1131424 | Y59: 1.1245771 | Z59: 1.1139606 | AA59: 1.1288388 | AB59: 0.96954358 | AC59: 0.95007668 | AD59: 0.84010712 | AE59: 0.63427504 | AF59: 0.63201023 | AG59: 0.51892857
E60: =Dashboard!C$44 -> Government share: including Gecamines | F60: =Dashboard!E$44 -> 0.41317417 | G60: % | I60: =IF(ABS(J60) > CHK_TOL, 1, 0) -> 0 | J60: =IF(OR(ISTEXT(F60), ISTEXT(INDEX(L60:AG60, $I$5))), 0, F60 - INDEX(L60:AG60, $I$5)) -> 0 | M60: 0.41317417 | N60: 0.41102658 | O60: 0.42902649 | P60: 0.72284701 | Q60: 1.0873521 | R60: 1.0892754 | S60: 0.83026903 | T60: 0.80556277 | U60: 0.80821528 | V60: 0.80262938 | W60: 0.80096199 | X60: 1.2319007 | Y60: 1.2706694 | Z60: 1.2627419 | AA60: 1.1288388 | AB60: 0.96954358 | AC60: 0.95007668 | AD60: 0.84982233 | AE60: 0.64399024 | AF60: 0.64189426 | AG60: 0.58130847
B62: ="Government results: USD mn from " & F17 -> Government results: USD mn from 2025
E63: =Dashboard!C$48 -> Cu + Co government royalty | F63: =Dashboard!D$48 -> 678.56844 | G63: =Dashboard!E$48 -> $ mn | I63: =IF(ABS(J63) > CHK_TOL, 1, 0) -> 0 | J63: =IF(OR(ISTEXT(F63), ISTEXT(INDEX(L63:AG63, $I$5))), 0, F63 - INDEX(L63:AG63, $I$5)) -> 0 | M63: 678.56844 | N63: 678.56844 | O63: 678.56844 | P63: 678.56844 | Q63: 678.56844 | R63: 678.56844 | S63: 2283.9305 | T63: 2283.9305 | U63: 2283.9305 | V63: 2283.9305 | W63: 2288.1344 | X63: 3135.477 | Y63: 2747.9554 | Z63: 2747.9554 | AA63: 2747.9554 | AB63: 2747.9554 | AC63: 2747.9554 | AD63: 2747.9554 | AE63: 2747.9554 | AF63: 2747.9554 | AG63: 3467.4868
E64: =Dashboard!C$49 -> Turnover tax (Chiffre d'Affaires 0.3PC) | F64: =Dashboard!D$49 -> 34.102152 | G64: =Dashboard!E$49 -> $ mn | I64: =IF(ABS(J64) > CHK_TOL, 1, 0) -> 0 | J64: =IF(OR(ISTEXT(F64), ISTEXT(INDEX(L64:AG64, $I$5))), 0, F64 - INDEX(L64:AG64, $I$5)) -> 0 | M64: 34.102152 | N64: 34.102152 | O64: 34.102152 | P64: 34.102152 | Q64: 34.102152 | R64: 34.102152 | S64: 138.69986 | T64: 138.69986 | U64: 138.69986
E65: =Dashboard!C$50 -> CIT payable | F65: =Dashboard!D$50 -> 761.62832 | G65: =Dashboard!E$50 -> $ mn | I65: =IF(ABS(J65) > CHK_TOL, 1, 0) -> 0 | J65: =IF(OR(ISTEXT(F65), ISTEXT(INDEX(L65:AG65, $I$5))), 0, F65 - INDEX(L65:AG65, $I$5)) -> 0 | M65: 761.62832 | N65: 761.62832 | O65: 327.04495 | P65: 113.67384 | Q65: 113.67384 | R65: 113.67384 | S65: 1113.898 | T65: 1113.898 | U65: 1113.898 | V65: 1128.1762 | W65: 1139.5863 | X65: 1953.5752 | Y65: 2650.837 | Z65: 2614.8285 | AA65: 2614.8285 | AB65: 2614.8285 | AC65: 2517.2983 | AD65: 1625.922 | AE65: 1625.922 | AF65: 1640.5945 | AG65: 3550.348
E66: =Dashboard!C$51 -> Special Tax On Excess Profits | F66: =Dashboard!D$51 -> 0 | G66: =Dashboard!E$51 -> $ mn | I66: =IF(ABS(J66) > CHK_TOL, 1, 0) -> 0 | J66: =IF(OR(ISTEXT(F66), ISTEXT(INDEX(L66:AG66, $I$5))), 0, F66 - INDEX(L66:AG66, $I$5)) -> 0 | M66: 0 | N66: 0 | O66: 0 | P66: 0 | Q66: 0 | R66: 0 | S66: 4611.0569 | T66: 4611.0569 | U66: 4611.0569 | V66: 4652.2877 | W66: 4689.9696 | X66: 4689.9696 | Y66: 0 | Z66: 0 | AA66: 0 | AB66: 0 | AC66: 0 | AD66: 0 | AE66: 0 | AF66: 0 | AG66: 0
E67: =Dashboard!C$52 -> Payroll taxes (included in costs) | F67: =Dashboard!D$52 -> 135.17195 | G67: =Dashboard!E$52 -> $ mn | I67: =IF(ABS(J67) > CHK_TOL, 1, 0) -> 0 | J67: =IF(OR(ISTEXT(F67), ISTEXT(INDEX(L67:AG67, $I$5))), 0, F67 - INDEX(L67:AG67, $I$5)) -> 0 | M67: 135.17195 | N67: 135.17195 | O67: 159.29955 | P67: 193.12815 | Q67: 193.12815 | R67: 193.12815 | S67: 1136.9508 | T67: 1136.9508 | U67: 1136.9508 | V67: 1136.9508 | W67: 1136.9508 | X67: 1626.7761 | Y67: 1478.8653 | Z67: 1478.8653 | AA67: 1478.8653 | AB67: 0 | AC67: 0 | AD67: 0 | AE67: 0 | AF67: 0 | AG67: 0
E68: =Dashboard!C$53 -> Import duties | F68: =Dashboard!D$53 -> 0 | G68: =Dashboard!E$53 -> $ mn | I68: =IF(ABS(J68) > CHK_TOL, 1, 0) -> 0 | J68: =IF(OR(ISTEXT(F68), ISTEXT(INDEX(L68:AG68, $I$5))), 0, F68 - INDEX(L68:AG68, $I$5)) -> 0 | M68: 0 | N68: 0 | O68: 0 | P68: 0 | Q68: 491.55071 | R68: 491.55071 | S68: 1603.8064 | T68: 1603.8064 | U68: 1603.8064 | V68: 1603.8064 | W68: 1603.8064 | X68: 2851.6809 | Y68: 2648.7245 | Z68: 2648.7245 | AA68: 2648.7245 | AB68: 2648.7245 | AC68: 2648.7245 | AD68: 2648.7245 | AE68: 495.97853 | AF68: 495.97853 | AG68: 495.97853
E69: =Dashboard!C$54 -> Interest Withholding Tax | F69: =Dashboard!D$54 -> 0 | G69: =Dashboard!E$54 -> $ mn | I69: =IF(ABS(J69) > CHK_TOL, 1, 0) -> 0 | J69: =IF(OR(ISTEXT(F69), ISTEXT(INDEX(L69:AG69, $I$5))), 0, F69 - INDEX(L69:AG69, $I$5)) -> 0 | M69: 0 | N69: 0 | O69: 63.76383 | P69: 63.76383 | Q69: 63.76383 | R69: 63.76383 | S69: 12.395037 | T69: 12.395037 | U69: 12.395037 | V69: 12.336913 | W69: 12.284065 | X69: 67.90744 | Y69: 67.90744 | Z69: 67.90744 | AA69: 67.90744 | AB69: 67.90744 | AC69: 67.320484 | AD69: 67.320484 | AE69: 67.320484 | AF69: 67.320484 | AG69: 63.665471
E70: =Dashboard!C$55 -> Dividend withholding tax | F70: =Dashboard!D$55 -> 99.397085 | G70: =Dashboard!E$55 -> $ mn | I70: =IF(ABS(J70) > CHK_TOL, 1, 0) -> 0 | J70: =IF(OR(ISTEXT(F70), ISTEXT(INDEX(L70:AG70, $I$5))), 0, F70 - INDEX(L70:AG70, $I$5)) -> 0 | M70: 99.397085 | N70: 99.397085 | O70: 51.759926 | P70: 0 | Q70: 0 | R70: 0 | S70: 345.02448 | T70: 345.02448 | U70: 341.74334 | V70: 347.09002 | W70: 349.93579 | X70: 533.58951 | Y70: 557.21181 | Z70: 558.29106 | AA70: 701.02129 | AB70: 701.02129 | AC70: 705.48336 | AD70: 741.58704 | AE70: 741.58704 | AF70: 739.6621 | AG70: 1006.2039
E71: =Dashboard!C$56 -> WHT on non-resident services | F71: =Dashboard!D$56 -> 62.560019 | G71: =Dashboard!E$56 -> $ mn | I71: =IF(ABS(J71) > CHK_TOL, 1, 0) -> 0 | J71: =IF(OR(ISTEXT(F71), ISTEXT(INDEX(L71:AG71, $I$5))), 0, F71 - INDEX(L71:AG71, $I$5)) -> 0 | M71: 62.560019 | N71: 62.560019 | O71: 73.115842 | P71: 87.915857 | Q71: 87.915857 | R71: 87.915857 | S71: 320.29421
E72: =Dashboard!C$58 -> Government revenues excl. Gecamines participation | F72: =Dashboard!D$58 -> 1771.428 | G72: =Dashboard!E$58 -> $ mn | I72: =IF(ABS(J72) > CHK_TOL, 1, 0) -> 0 | J72: =IF(OR(ISTEXT(F72), ISTEXT(INDEX(L72:AG72, $I$5))), 0, F72 - INDEX(L72:AG72, $I$5)) -> 0 | M72: 1771.428 | N72: 1771.428 | O72: 1387.6547 | P72: 1171.1523 | Q72: 1662.703 | R72: 1662.703 | S72: 11566.056 | T72: 11245.762 | U72: 11242.481 | V72: 11164.579 | W72: 11220.667 | X72: 14998.879 | Y72: 10291.405 | Z72: 10256.475 | AA72: 10399.205 | AB72: 8920.3402 | AC72: 8826.6851 | AD72: 7971.4125 | AE72: 5818.6666 | AF72: 5831.4142 | AG72: 8723.5858
E73: =Dashboard!C$59 -> Gecamines share of net cashflows after tax | F73: =Dashboard!D$59 -> 110.44121 | G73: =Dashboard!E$59 -> $ mn | I73: =IF(ABS(J73) > CHK_TOL, 1, 0) -> 0 | J73: =IF(OR(ISTEXT(F73), ISTEXT(INDEX(L73:AG73, $I$5))), 0, F73 - INDEX(L73:AG73, $I$5)) -> 0 | M73: 110.44121 | N73: 110.44121 | O73: 27.242067 | P73: 3.9039167 | Q73: 3.9039167 | R73: 3.9039167 | S73: 694.33137 | T73: 694.33137 | U73: 727.14278 | V73: 734.97984 | W73: 753.859 | X73: 1294.4024 | Y73: 1416.3311 | Z73: 1427.3023 | AA73: 0 | AB73: 0 | AC73: 0 | AD73: 321.05779 | AE73: 321.05779 | AF73: 325.63467 | AG73: 1730.5752
E74: =Dashboard!C$60 -> Government revenues incl. Gecamines | F74: =Dashboard!D$60 -> 1881.8692 | G74: =Dashboard!E$60 -> $ mn | I74: =IF(ABS(J74) > CHK_TOL, 1, 0) -> 0 | J74: =IF(OR(ISTEXT(F74), ISTEXT(INDEX(L74:AG74, $I$5))), 0, F74 - INDEX(L74:AG74, $I$5)) -> 0 | M74: 1881.8692 | N74: 1881.8692 | O74: 1414.8967 | P74: 1175.0562 | Q74: 1666.6069 | R74: 1666.6069 | S74: 12260.388 | T74: 11940.093 | U74: 11969.624 | V74: 11899.558 | W74: 11974.526 | X74: 16293.281 | Y74: 11707.736 | Z74: 11683.778 | AA74: 10399.205 | AB74: 8920.3402 | AC74: 8826.6851 | AD74: 8292.4703 | AE74: 6139.7244 | AF74: 6157.0488 | AG74: 10454.161
A76: CHECKS
C78: Sheet Checks
E79: =Dashboard!C$74 -> SheetChecks: Dashboard | F79: =Dashboard!D$74 -> 0 | G79: =Dashboard!E$74 -> sheet checks | I79: =IF(ABS(J79) > CHK_TOL, 1, 0) -> 0 | J79: =IF(OR(ISTEXT(F79), ISTEXT(INDEX(L79:AG79, $I$5))), 0, F79 - INDEX(L79:AG79, $I$5)) -> 0 | O79: 0 | P79: 0 | Q79: 0 | R79: 0 | S79: 0 | T79: 0 | U79: 0 | V79: 0 | W79: 0 | X79: 0 | Y79: 0 | Z79: 0 | AA79: 0 | AB79: 0 | AC79: 0 | AD79: 0 | AE79: 0 | AF79: 0 | AG79: 0
E80: =SummaryC_Flow!E$94 -> SheetChecks: SummaryC_Flow | F80: =SummaryC_Flow!F$94 -> 0 | G80: =SummaryC_Flow!G$94 -> sheet checks | I80: =IF(ABS(J80) > CHK_TOL, 1, 0) -> 0 | J80: =IF(OR(ISTEXT(F80), ISTEXT(INDEX(L80:AG80, $I$5))), 0, F80 - INDEX(L80:AG80, $I$5)) -> 0 | O80: 0 | P80: 0 | Q80: 0 | R80: 0 | S80: 0 | T80: 0 | U80: 0 | V80: 0 | W80: 0 | X80: 0 | Y80: 0 | Z80: 0 | AA80: 0 | AB80: 0 | AC80: 0 | AD80: 0 | AE80: 0 | AF80: 0 | AG80: 0
E81: =Metalkol_Model1!E$1036 -> SheetChecks: Metalkol_Model1 | F81: =Metalkol_Model1!F$1036 -> 0 | G81: =Metalkol_Model1!G$1036 -> sheet checks | I81: =IF(ABS(J81) > CHK_TOL, 1, 0) -> 0 | J81: =IF(OR(ISTEXT(F81), ISTEXT(INDEX(L81:AG81, $I$5))), 0, F81 - INDEX(L81:AG81, $I$5)) -> 0 | O81: 0 | P81: 0 | Q81: 0 | R81: 0 | S81: 0 | T81: 0 | U81: 0 | V81: 0 | W81: 0 | X81: 0 | Y81: 0 | Z81: 0 | AA81: 0 | AB81: 0 | AC81: 0 | AD81: 0 | AE81: 0 | AF81: 0 | AG81: 0
E82: =Kamoto_2019TR!E$320 -> SheetChecks: Kamoto_2019TR | F82: =Kamoto_2019TR!F$320 -> 0 | G82: =Kamoto_2019TR!G$320 -> sheet checks | I82: =IF(ABS(J82) > CHK_TOL, 1, 0) -> 0 | J82: =IF(OR(ISTEXT(F82), ISTEXT(INDEX(L82:AG82, $I$5))), 0, F82 - INDEX(L82:AG82, $I$5)) -> 0 | O82: 0 | P82: 0 | Q82: 0 | R82: 0 | S82: 0 | T82: 0 | U82: 0 | V82: 0 | W82: 0 | X82: 0 | Y82: 0 | Z82: 0 | AA82: 0 | AB82: 0 | AC82: 0 | AD82: 0 | AE82: 0 | AF82: 0 | AG82: 0
E83: =Kamoto_2011TR!E$218 -> SheetChecks: Kamoto_2011TR | F83: =Kamoto_2011TR!F$218 -> 0 | G83: =Kamoto_2011TR!G$218 -> sheet checks | I83: =IF(ABS(J83) > CHK_TOL, 1, 0) -> 0 | J83: =IF(OR(ISTEXT(F83), ISTEXT(INDEX(L83:AG83, $I$5))), 0, F83 - INDEX(L83:AG83, $I$5)) -> 0 | O83: 0 | P83: 0 | Q83: 0 | R83: 0 | S83: 0 | T83: 0 | U83: 0 | V83: 0 | W83: 0 | X83: 0 | Y83: 0 | Z83: 0 | AA83: 0 | AB83: 0 | AC83: 0 | AD83: 0 | AE83: 0 | AF83: 0 | AG83: 0
E85: Master checks | F85: =SUM(F79:F83) -> 0 | G85: check | I85: =IF(ABS(J85) > CHK_TOL, 1, 0) -> 0 | J85: =IF(OR(ISTEXT(F85), ISTEXT(INDEX(L85:AG85, $I$5))), 0, F85 - INDEX(L85:AG85, $I$5)) -> 0 | O85: 0 | P85: 0 | Q85: 0 | R85: 0 | S85: 0 | T85: 0 | U85: 0 | V85: 0 | W85: 0 | X85: 0 | Y85: 0 | Z85: 0 | AA85: 0 | AB85: 0 | AC85: 0 | AD85: 0 | AE85: 0 | AF85: 0 | AG85: 0
A87: MODEL INFORMATION
E89: Date | F89: =TODAY() -> 45877 | O89: 45848 | P89: 45848 | Q89: 45831 | R89: 45831 | S89: 45831 | T89: 45831 | U89: 45831 | V89: 45828 | W89: 45828 | X89: 45827 | Y89: 45825 | Z89: 45825 | AA89: 45825 | AB89: 45825 | AC89: 45824 | AD89: 45824 | AE89: 45824 | AF89: 45824 | AG89: 45785
E90: Time | F90: =NOW() -> 45877.521 | O90: 0.56666667 | P90: 0.56666667 | Q90: 45831.728 | R90: 45831.728 | S90: 45831.728 | T90: 45831.57 | U90: 45831.57 | V90: 45828.367 | W90: 45828.366 | X90: 45827.706 | Y90: 45825.575 | Z90: 45825.47 | AA90: 45825.457 | AB90: 45825.45 | AC90: 45824.726 | AD90: 45824.721 | AE90: 45824.647 | AF90: 45824.545 | AG90: 45785.91
E91: File | F91: =MID(CELL("filename",$A$1), SEARCH("[", CELL("filename",$A$1)) + 1, SEARCH("]", CELL("filename",$A$1)) - SEARCH("[", CELL("filename",$A$1)) - 1) -> Metalkol_July 1a_250721_1105_AW.xlsx | O91: KCC_Model_Stage1_202506_June 1k.xlsx | P91: KCC_Model_Stage1_202506_June 1k.xlsx | Q91: KCC_Model_Stage1_202506_June 1k.xlsx | R91: KCC_Model_Stage1_202506_June 1k.xlsx | S91: KCC_Model_Stage1_202506_June 1k.xlsx | T91: KCC_Model_Stage1_202506_June 1j.xlsx | U91: KCC_Model_Stage1_202506_June 1j.xlsx | V91: KCC_Model_Stage1_202506_June 1h.xlsx | W91: KCC_Model_Stage1_202506_June 1h.xlsx | X91: KCC_Model_Stage1_202506_June 1h.xlsx | Y91: KCC_Model_Stage1_202506_June 1d.xlsx | Z91: KCC_Model_Stage1_202506_June 1d.xlsx | AA91: KCC_Model_Stage1_202506_June 1c.xlsx | AB91: KCC_Model_Stage1_202506_June 1c.xlsx | AC91: KCC_Model_Stage1_202506_June 1c.xlsx | AD91: KCC_Model_Stage1_202506_June 1c.xlsx | AE91: KCC_Model_Stage1_202506_June 1b.xlsx | AF91: KCC_Model_Stage1_202506_June 1b.xlsx | AG91: KCC_Model_Stage1_202508_May.xlsx
A93: END
O94: include service WHT | P94: include service WHT | Q94: include service WHT | R94: include service WHT | S94: include service WHT | T94: Gec loan correction to use annual rather than constant int rate | U94: add turnover tax 0.3% | V94: switch to 2025 fwd | W94: switch to 2025 fwd | X94: Switch model to Nominal | Y94: 7 yr SL versus 5 yr | Z94: calibrate Gecamines loan terms | AA94: Tax on wages | AB94: Added Min Income Tax | AC94: Set opening tax losses = 0 | AD94: Added Import duties | AE94: Depreciation: added SL mechanism | AF94: Co 70% pay vs 95%
U95: Gecamines loan LIBOR + 3% | AF95: Co / Cu 50% 3rd party vs 90%
AF96: Co remains 90%
AF97: Co productn actual revised

Sheet Dashboard
A1: =RIGHT( CELL("filename",A1), LEN( CELL("filename",A1)) - SEARCH("]", CELL("filename",A1))) -> Dashboard
G2: =InputsCon!F8 -> Metalkol Copper Mine | M2: =Track!$F$85 -> 0 | N2: Error chks
G3: first draft model | I3: =InputsCon!F9 -> 45809 | M3: =Track!F3 -> 0 | N3: Track chgs
C6: SCENARIO
C7: Scenario | D7: Base | E7: selected
C8: Forecast / point forward year | D8: 2025 | E8: year
C10: Headlines
C12: Government aggregate revenue | D12: =D58 -> 1771.428 | E12: =E58 -> $ mn
C13: Gecamines participation | D13: =D59 -> 110.44121 | E13: =E60 -> $ mn
C14: Government total | D14: =SUM(D12:D13) -> 1881.8692 | E14: =E13 -> $ mn
C15: Govt share excluding indirect taxes | D15: =D42 -> 0.35490126 | E15: %
C17: Investor NPV | D17: =E37 -> 1762.1299 | E17: =E32 -> $mn NPV10
C19: ="Project cashflows from: " & $D$8 -> Project cashflows from: 2025
C20: =Metalkol_Model1!E951 -> Copper production 2022Fs + actuals | D20: =Metalkol_Model1!O951 -> 836.909 | E20: =Metalkol_Model1!G951 -> KT Cu
C21: =Metalkol_Model1!E952 -> Cobalt production 2022FS + actuals | D21: =Metalkol_Model1!O952 -> 161.178 | E21: =Metalkol_Model1!G952 -> KT
C22: =Metalkol_Model1!E953 -> Ratio Co to Cu production | D22: =Metalkol_Model1!O953 -> 0.19258725 | E22: =Metalkol_Model1!G953 -> ratio
C23: =Metalkol_Model1!E963 -> Copper net revenue | D23: =Metalkol_Model1!O963 -> 7048.7685 | E23: =Metalkol_Model1!G963 -> $ mn
C24: =Metalkol_Model1!E964 -> Cobalt net revenue | D24: =Metalkol_Model1!O964 -> 4318.6154 | E24: =Metalkol_Model1!G964 -> $ mn
C25: =Metalkol_Model1!E965 -> Copper & Cobalt net revenue | D25: =Metalkol_Model1!O965 -> 11367.384 | E25: =Metalkol_Model1!G965 -> $ mn
C26: =Metalkol_Model1!E967 -> Alternative Operating Cost Profile | D26: =Metalkol_Model1!O967 -> 6758.5975 | E26: =Metalkol_Model1!G967 -> $ mn
C27: =Metalkol_Model1!E968 -> Capital Costs inc. Sens. | D27: =Metalkol_Model1!O968 -> 174.60669 | E27: =Metalkol_Model1!G968 -> $ mn
C28: =Metalkol_Model1!E969 -> Project costs | D28: =Metalkol_Model1!O969 -> 6933.2042 | E28: =Metalkol_Model1!G969 -> $ mn
C29: =Metalkol_Model1!E971 -> Project cashflows before fiscal regime | D29: =Metalkol_Model1!O971 -> 4434.1798 | E29: =Metalkol_Model1!G971 -> $ mn
C30: =C29 & " check" -> Project cashflows before fiscal regime check | D30: =IF( ABS(D29 - D33) > CHK_TOL, 1, 0) -> 0 | E30: check
C32: ="Participant results from: " & $D$8 & " USD mn" -> Participant results from: 2025 USD mn | D32: undiscounted | E32: ="$mn NPV" & InputsCon!F14 * 100 -> $mn NPV10
C33: =Metalkol_Model1!E994 -> Project cashflows before tax | D33: =Metalkol_Model1!O994 -> 4434.1798 | E33: =Metalkol_Model1!O1008 -> 3106.381
C34: =Metalkol_Model1!E995 -> Government revenues excl. Gecamines participation | D34: =Metalkol_Model1!O995 -> 1771.428 | E34: =Metalkol_Model1!O1009 -> 1212.9782
C35: =Metalkol_Model1!E996 -> Gecamines share of net cashflows after tax | D35: =Metalkol_Model1!O996 -> 110.44121 | E35: =Metalkol_Model1!O1010 -> 70.498159
C36: =Metalkol_Model1!E997 -> Government including Gecamines | D36: =Metalkol_Model1!O997 -> 1881.8692 | E36: =Metalkol_Model1!O1011 -> 1283.4764
C37: =Metalkol_Model1!E998 -> Parent company net cashflows | D37: =Metalkol_Model1!O998 -> 2465.8579 | E37: =Metalkol_Model1!O1012 -> 1762.1299
C38: =Metalkol_Model1!E999 -> Cu + Co private royalty (treat as distribution of profit) | D38: =Metalkol_Model1!O999 -> 284.1846 | E38: =Metalkol_Model1!O1013 -> 197.68963
C39: =Metalkol_Model1!E1000 -> [Net debt cashflows (3rd party lender)] | D39: =Metalkol_Model1!O1000 -> 0 | E39: =Metalkol_Model1!O1014 -> 0
C40: =Metalkol_Model1!E1001 -> Additional govt revenues incl. in project costs | D40: =Metalkol_Model1!O1001 -> 197.73197 | E40: =Metalkol_Model1!O1015 -> 136.91493
C41: =Metalkol_Model1!E1002 -> Check: project cashflows by time period | D41: =Metalkol_Model1!O1002 -> 0 | E41: =Metalkol_Model1!O1016 -> 0 | F41: check
C42: =Metalkol_Model1!E1004 -> Government share: excluding payroll & indirect taxes | D42: =(D58 - D52 - D53 - D56) / D33 -> 0.35490126
C43: =Metalkol_Model1!E1005 -> Government share: excluding Gecamines | D43: =D34 / D33 -> 0.39949395 | E43: =Metalkol_Model1!O1018 -> 0.39047955
C44: =Metalkol_Model1!E1006 -> Government share: including Gecamines | D44: =Metalkol_Model1!O1006 -> 0.42440074 | E44: =Metalkol_Model1!O1019 -> 0.41317417
C46: ="Government results from: " & $D$8 & " USD mn" -> Government results from: 2025 USD mn
C47: =Metalkol_Model1!E975 -> 0 | D47: =Metalkol_Model1!F975 -> top
C48: =Metalkol_Model1!E976 -> Cu + Co government royalty | D48: =Metalkol_Model1!O976 -> 678.56844 | E48: =Metalkol_Model1!G976 -> $ mn
C49: =Metalkol_Model1!E977 -> Turnover tax (Chiffre d'Affaires 0.3PC) | D49: =Metalkol_Model1!O977 -> 34.102152 | E49: =Metalkol_Model1!G977 -> $ mn
C50: =Metalkol_Model1!E978 -> CIT payable | D50: =Metalkol_Model1!O978 -> 761.62832 | E50: =Metalkol_Model1!G978 -> $ mn
C51: =Metalkol_Model1!E979 -> Special Tax On Excess Profits | D51: =Metalkol_Model1!O979 -> 0 | E51: =Metalkol_Model1!G979 -> $ mn
C52: =Metalkol_Model1!E980 -> Payroll taxes (included in costs) | D52: =Metalkol_Model1!O980 -> 135.17195 | E52: =Metalkol_Model1!G980 -> $ mn
C53: =Metalkol_Model1!E981 -> Import duties | D53: =Metalkol_Model1!O981 -> 0 | E53: =Metalkol_Model1!G981 -> $ mn
C54: =Metalkol_Model1!E982 -> Interest Withholding Tax | D54: =Metalkol_Model1!O982 -> 0 | E54: =Metalkol_Model1!G982 -> $ mn
C55: =Metalkol_Model1!E983 -> Dividend withholding tax | D55: =Metalkol_Model1!O983 -> 99.397085 | E55: =Metalkol_Model1!G983 -> $ mn
C56: =Metalkol_Model1!E984 -> WHT on non-resident services | D56: =Metalkol_Model1!O984 -> 62.560019 | E56: =Metalkol_Model1!G984 -> $ mn
C57: =Metalkol_Model1!E985 -> 0 | D57: =Metalkol_Model1!F985 -> bottom | E57: =Metalkol_Model1!G985 -> 0
C58: =Metalkol_Model1!E986 -> Government revenues excl. Gecamines participation | D58: =Metalkol_Model1!O986 -> 1771.428 | E58: =Metalkol_Model1!G986 -> $ mn
C59: =Metalkol_Model1!E987 -> Gecamines share of net cashflows after tax | D59: =Metalkol_Model1!O987 -> 110.44121 | E59: =Metalkol_Model1!G987 -> $ mn
C60: =Metalkol_Model1!E988 -> Government revenues incl. Gecamines | D60: =Metalkol_Model1!O988 -> 1881.8692 | E60: =Metalkol_Model1!G988 -> $ mn
C61: Government revenue check | D61: =IF( ABS(D36 - D58 - D59) > CHK_TOL, 1, 0) -> 0 | E61: check
A67: CHECKS
C70: =C$30 -> Project cashflows before fiscal regime check | D70: =D$30 -> 0 | E70: =E$30 -> check
C71: =C41 -> Check: project cashflows by time period | D71: =SUM(D41:E41) -> 0 | E71: =F41 -> check
C72: =C$61 -> Government revenue check | D72: =D$61 -> 0 | E72: =E$61 -> check
C74: ="SheetChecks: " & A1 -> SheetChecks: Dashboard | D74: =SUM(D69:D73) -> 0 | E74: sheet checks
A77: END

Sheet SummaryC_Flow
A1: =RIGHT(CELL("filename", $A$3), LEN(CELL("filename", $A$3)) - SEARCH("]", CELL("filename", $A$3))) -> SummaryC_Flow
F2: =Track!$F$85 -> 0 | G2: Error chks | L2: ='T&E'!L$9 -> 2014 | M2: ='T&E'!M$9 -> 2015 | N2: ='T&E'!N$9 -> 2016 | O2: ='T&E'!O$9 -> 2017 | P2: ='T&E'!P$9 -> 2018 | Q2: ='T&E'!Q$9 -> 2019 | R2: ='T&E'!R$9 -> 2020 | S2: ='T&E'!S$9 -> 2021 | ... AV2: ='T&E'!AV$9 -> 2050
F3: =Track!F$3 -> 0 | G3: Track chgs | L3: Actual | M3: Actual | N3: Actual | O3: Actual | P3: Actual | Q3: Actual | R3: Actual | S3: Actual | T3: Actual | U3: Actual | V3: Actual | W3: Actual | X3: Actual | Y3: Actual | Z3: Actual | AA3: Actual | AB3: Actual | AC3: Actual | AD3: Actual | AE3: Forecast | AF3: Forecast | AG3: Forecast | AH3: Forecast | AI3: Forecast | AJ3: Forecast | AK3: Forecast | AL3: Forecast | AM3: Forecast | AN3: Forecast | AO3: Forecast | AP3: Forecast | AQ3: Forecast | AR3: Forecast | AS3: Forecast | AT3: Forecast | AU3: Forecast | AV3: Forecast
F4: Constant | G4: Units | H4: Sparkline | I4: Source / Comments | L4: ='T&E'!L$11 -> 1 | M4: ='T&E'!M$11 -> 2 | N4: ='T&E'!N$11 -> 3 | O4: ='T&E'!O$11 -> 4 | P4: ='T&E'!P$11 -> 5 | Q4: ='T&E'!Q$11 -> 6 | R4: ='T&E'!R$11 -> 7 | S4: ='T&E'!S$11 -> 8 | ... AV4: ='T&E'!AV$11 -> 37
A6: SUMMARY DATA
B8: Production
E9: =Metalkol_Model1!E819 -> Copper production 2022Fs + actuals | F9: =Metalkol_Model1!F819 -> 0 | G9: =Metalkol_Model1!G819 -> KT Cu | H9: =Metalkol_Model1!H819 -> 0 | I9: =Metalkol_Model1!I819 -> 0 | J9: =Metalkol_Model1!J819 -> 1421.0743 | K9: =Metalkol_Model1!K819 -> 0 | L9: =Metalkol_Model1!L819 -> 0 | ... AV9: =Metalkol_Model1!AV819 -> 0
E10: =Metalkol_Model1!E820 -> Cobalt production 2022FS + actuals | F10: =Metalkol_Model1!F820 -> 0 | G10: =Metalkol_Model1!G820 -> KT | H10: =Metalkol_Model1!H820 -> 0 | I10: =Metalkol_Model1!I820 -> 0 | J10: =Metalkol_Model1!J820 -> 280.82511 | K10: =Metalkol_Model1!K820 -> 0 | L10: =Metalkol_Model1!L820 -> 0 | ... AV10: =Metalkol_Model1!AV820 -> 0
B12: Price
E13: =Metalkol_Model1!E$91 -> Copper realized price: SOM_Contract | F13: =Metalkol_Model1!F$91 -> 0 | G13: =Metalkol_Model1!G$91 -> $ / tonne | H13: =Metalkol_Model1!H$91 -> 0 | I13: =Metalkol_Model1!I$91 -> 0 | J13: =Metalkol_Model1!J$91 -> 0 | K13: =Metalkol_Model1!K$91 -> 0 | L13: =Metalkol_Model1!L$91 -> 6496.9805 | ... AV13: =Metalkol_Model1!AV$91 -> 12749.323
E14: =Metalkol_Model1!E$159 -> Cobalt realized Price: SOM_Contract | F14: =Metalkol_Model1!F$159 -> 0 | G14: =Metalkol_Model1!G$159 -> $ / tonne | H14: =Metalkol_Model1!H$159 -> 0 | I14: =Metalkol_Model1!I$159 -> 0 | J14: =Metalkol_Model1!J$159 -> 0 | K14: =Metalkol_Model1!K$159 -> #REF! | L14: =Metalkol_Model1!L$159 -> 19920.982 | ... AV14: =Metalkol_Model1!AV$159 -> 40734.951
B16: Revenue
E17: =Metalkol_Model1!E822 -> Copper gross revenue (at realized prices) | F17: =Metalkol_Model1!F822 -> 0 | G17: =Metalkol_Model1!G822 -> $ mn | H17: =Metalkol_Model1!H822 -> 0 | I17: =Metalkol_Model1!I822 -> 0 | J17: =Metalkol_Model1!J822 -> 11467.695 | K17: =Metalkol_Model1!K822 -> 0 | L17: =Metalkol_Model1!L822 -> 0 | ... AV17: =Metalkol_Model1!AV822 -> 0
E18: =Metalkol_Model1!E823 -> Cobalt gross revenue (at realized prices) | F18: =Metalkol_Model1!F823 -> 0 | G18: =Metalkol_Model1!G823 -> $ mn | H18: =Metalkol_Model1!H823 -> 0 | I18: =Metalkol_Model1!I823 -> 0 | J18: =Metalkol_Model1!J823 -> 7544.2273 | K18: =Metalkol_Model1!K823 -> 0 | L18: =Metalkol_Model1!L823 -> 0 | ... AV18: =Metalkol_Model1!AV823 -> 0
E19: =Metalkol_Model1!E824 -> Copper plus Cobalt revenue | F19: =Metalkol_Model1!F824 -> 0 | G19: =Metalkol_Model1!G824 -> $ mn | H19: =Metalkol_Model1!H824 -> 0 | I19: =Metalkol_Model1!I824 -> 0 | J19: =Metalkol_Model1!J824 -> 19011.922 | K19: =Metalkol_Model1!K824 -> 0 | L19: =Metalkol_Model1!L824 -> 0 | ... AV19: =Metalkol_Model1!AV824 -> 0
E21: =Metalkol_Model1!E826 -> Freight, Insurance & Sales 2019TR: Cu | F21: =Metalkol_Model1!F826 -> 0 | G21: =Metalkol_Model1!G826 -> $ mn | H21: =Metalkol_Model1!H826 -> 0 | I21: =Metalkol_Model1!I826 -> 0 | J21: =Metalkol_Model1!J826 -> 0 | K21: =Metalkol_Model1!K826 -> 0 | L21: =Metalkol_Model1!L826 -> 0 | ... AV21: =Metalkol_Model1!AV826 -> 0
E22: =Metalkol_Model1!E827 -> Freight, Insurance & Sales 2019TR: Co | F22: =Metalkol_Model1!F827 -> 0 | G22: =Metalkol_Model1!G827 -> $ mn | H22: =Metalkol_Model1!H827 -> 0 | I22: =Metalkol_Model1!I827 -> 0 | J22: =Metalkol_Model1!J827 -> 0 | K22: =Metalkol_Model1!K827 -> 0 | L22: =Metalkol_Model1!L827 -> 0 | ... AV22: =Metalkol_Model1!AV827 -> 0
E23: =Metalkol_Model1!E828 -> Realization costs Cu and Co | F23: =Metalkol_Model1!F828 -> 0 | G23: =Metalkol_Model1!G828 -> $ mn | H23: =Metalkol_Model1!H828 -> 0 | I23: =Metalkol_Model1!I828 -> 0 | J23: =Metalkol_Model1!J828 -> 0 | K23: =Metalkol_Model1!K828 -> 0 | L23: =Metalkol_Model1!L828 -> 0 | ... AV23: =Metalkol_Model1!AV828 -> 0
E25: =Metalkol_Model1!E830 -> Copper net revenue | F25: =Metalkol_Model1!F830 -> 0 | G25: =Metalkol_Model1!G830 -> $ mn | H25: =Metalkol_Model1!H830 -> 0 | I25: =Metalkol_Model1!I830 -> 0 | J25: =Metalkol_Model1!J830 -> 11467.695 | K25: =Metalkol_Model1!K830 -> 0 | L25: =Metalkol_Model1!L830 -> 0 | ... AV25: =Metalkol_Model1!AV830 -> 0
E26: =Metalkol_Model1!E831 -> Cobalt net revenue | F26: =Metalkol_Model1!F831 -> 0 | G26: =Metalkol_Model1!G831 -> $ mn | H26: =Metalkol_Model1!H831 -> 0 | I26: =Metalkol_Model1!I831 -> 0 | J26: =Metalkol_Model1!J831 -> 7544.2273 | K26: =Metalkol_Model1!K831 -> 0 | L26: =Metalkol_Model1!L831 -> 0 | ... AV26: =Metalkol_Model1!AV831 -> 0
E27: =Metalkol_Model1!E832 -> Copper & Cobalt net revenue | F27: =Metalkol_Model1!F832 -> 0 | G27: =Metalkol_Model1!G832 -> $ mn | H27: =Metalkol_Model1!H832 -> 0 | I27: =Metalkol_Model1!I832 -> 0 | J27: =Metalkol_Model1!J832 -> 19011.922 | K27: =Metalkol_Model1!K832 -> 0 | L27: =Metalkol_Model1!L832 -> 0 | ... AV27: =Metalkol_Model1!AV832 -> 0
B29: Costs
E30: =Metalkol_Model1!E835 -> Alternative Operating Cost Profile | F30: =Metalkol_Model1!F835 -> Alt Opex | G30: =Metalkol_Model1!G835 -> $ mn | H30: =Metalkol_Model1!H835 -> 0 | I30: =Metalkol_Model1!I835 -> 0 | J30: =Metalkol_Model1!J835 -> 9907.4531 | K30: =Metalkol_Model1!K835 -> 0 | L30: =Metalkol_Model1!L835 -> 0 | ... AV30: =Metalkol_Model1!AV835 -> 0
E31: =Metalkol_Model1!E836 -> Capital Costs inc. Sens. | F31: =Metalkol_Model1!F836 -> 0 | G31: =Metalkol_Model1!G836 -> $ mn | H31: =Metalkol_Model1!H836 -> 0 | I31: =Metalkol_Model1!I836 -> 0 | J31: =Metalkol_Model1!J836 -> 1501.997 | K31: =Metalkol_Model1!K836 -> 0 | L31: =Metalkol_Model1!L836 -> 0 | ... AV31: =Metalkol_Model1!AV836 -> 0
E32: =Metalkol_Model1!E837 -> Project costs | F32: =Metalkol_Model1!F837 -> 0 | G32: =Metalkol_Model1!G837 -> $ mn | H32: =Metalkol_Model1!H837 -> 0 | I32: =Metalkol_Model1!I837 -> 0 | J32: =Metalkol_Model1!J837 -> 11409.45 | K32: =Metalkol_Model1!K837 -> 0 | L32: =Metalkol_Model1!L837 -> 0 | ... AV32: =Metalkol_Model1!AV837 -> 0
B34: Project cashflows
E35: =Metalkol_Model1!E839 -> Project cashflows before fiscal regime | F35: =Metalkol_Model1!F839 -> 0 | G35: =Metalkol_Model1!G839 -> $ mn | H35: =Metalkol_Model1!H839 -> 0 | I35: =Metalkol_Model1!I839 -> 0 | J35: =Metalkol_Model1!J839 -> 7602.472 | K35: =Metalkol_Model1!K839 -> 0 | L35: =Metalkol_Model1!L839 -> 0 | ... AV35: =Metalkol_Model1!AV839 -> 0
E36: =Metalkol_Model1!E840 -> Project cashflows before fiscal regime | F36: =Metalkol_Model1!F840 -> 7602.472 | G36: =Metalkol_Model1!G840 -> $ mn | H36: =Metalkol_Model1!H840 -> 0 | I36: =Metalkol_Model1!I840 -> 0
E38: ="Check: " & E36 -> Check: Project cashflows before fiscal regime | F38: =SUM(L38:AV38) -> 0 | G38: check | L38: =IF(ABS(L19 - L23 - L32 - L35) > CHK_TOL, 1, 0) -> 0 | M38: =IF(ABS(M19 - M23 - M32 - M35) > CHK_TOL, 1, 0) -> 0 | N38: =IF(ABS(N19 - N23 - N32 - N35) > CHK_TOL, 1, 0) -> 0 | O38: =IF(ABS(O19 - O23 - O32 - O35) > CHK_TOL, 1, 0) -> 0 | P38: =IF(ABS(P19 - P23 - P32 - P35) > CHK_TOL, 1, 0) -> 0 | Q38: =IF(ABS(Q19 - Q23 - Q32 - Q35) > CHK_TOL, 1, 0) -> 0 | R38: =IF(ABS(R19 - R23 - R32 - R35) > CHK_TOL, 1, 0) -> 0 | S38: =IF(ABS(S19 - S23 - S32 - S35) > CHK_TOL, 1, 0) -> 0 | ... AV38: =IF(ABS(AV19 - AV23 - AV32 - AV35) > CHK_TOL, 1, 0) -> 0
B40: Government revenues
E41: =Metalkol_Model1!E878 -> Cu + Co government royalty | F41: =Metalkol_Model1!F878 -> 0 | G41: =Metalkol_Model1!G878 -> $ mn | H41: =Metalkol_Model1!H878 -> 0 | I41: =Metalkol_Model1!I878 -> 0 | J41: =Metalkol_Model1!J878 -> 1154.1185 | K41: =Metalkol_Model1!K878 -> 0 | L41: =Metalkol_Model1!L878 -> 0 | ... AV41: =Metalkol_Model1!AV878 -> 0
E42: =Metalkol_Model1!E879 -> Turnover tax (Chiffre d'Affaires 0.3PC) | F42: =Metalkol_Model1!F879 -> 0 | G42: =Metalkol_Model1!G879 -> $ mn | H42: =Metalkol_Model1!H879 -> 0 | I42: =Metalkol_Model1!I879 -> 0 | J42: =Metalkol_Model1!J879 -> 57.035766 | K42: =Metalkol_Model1!K879 -> 0 | L42: =Metalkol_Model1!L879 -> 0 | ... AV42: =Metalkol_Model1!AV879 -> 0
E43: =Metalkol_Model1!E880 -> CIT payable | F43: =Metalkol_Model1!F880 -> 0 | G43: =Metalkol_Model1!G880 -> $ mn | H43: =Metalkol_Model1!H880 -> 0 | I43: =Metalkol_Model1!I880 -> 0 | J43: =Metalkol_Model1!J880 -> 1375.6953 | K43: =Metalkol_Model1!K880 -> 0 | L43: =Metalkol_Model1!L880 -> 0 | ... AV43: =Metalkol_Model1!AV880 -> 0
E44: =Metalkol_Model1!E881 -> Special Tax On Excess Profits | F44: =Metalkol_Model1!F881 -> 0 | G44: =Metalkol_Model1!G881 -> $ mn | H44: =Metalkol_Model1!H881 -> 0 | I44: =Metalkol_Model1!I881 -> 0 | J44: =Metalkol_Model1!J881 -> 0 | K44: =Metalkol_Model1!K881 -> 0 | L44: =Metalkol_Model1!L881 -> 0 | ... AV44: =Metalkol_Model1!AV881 -> 0
E45: =Metalkol_Model1!E882 -> Payroll taxes (included in costs) | F45: =Metalkol_Model1!F882 -> 0 | G45: =Metalkol_Model1!G882 -> $ mn | H45: =Metalkol_Model1!H882 -> 0 | I45: =Metalkol_Model1!I882 -> 0 | J45: =Metalkol_Model1!J882 -> 198.14906 | K45: =Metalkol_Model1!K882 -> 0 | L45: =Metalkol_Model1!L882 -> 0 | ... AV45: =Metalkol_Model1!AV882 -> 0
E46: =Metalkol_Model1!E883 -> Import duties | F46: =Metalkol_Model1!F883 -> 0 | G46: =Metalkol_Model1!G883 -> $ mn | H46: =Metalkol_Model1!H883 -> 0 | I46: =Metalkol_Model1!I883 -> 0 | J46: =Metalkol_Model1!J883 -> 15.316407 | K46: =Metalkol_Model1!K883 -> 0 | L46: =Metalkol_Model1!L883 -> 0 | ... AV46: =Metalkol_Model1!AV883 -> 0
E47: =Metalkol_Model1!E884 -> Interest Withholding Tax | F47: =Metalkol_Model1!F884 -> 0 | G47: =Metalkol_Model1!G884 -> $ mn | H47: =Metalkol_Model1!H884 -> 0 | I47: =Metalkol_Model1!I884 -> 0 | J47: =Metalkol_Model1!J884 -> 0 | K47: =Metalkol_Model1!K884 -> 0 | L47: =Metalkol_Model1!L884 -> 0 | ... AV47: =Metalkol_Model1!AV884 -> 0
E48: =Metalkol_Model1!E885 -> Dividend withholding tax | F48: =Metalkol_Model1!F885 -> 0 | G48: =Metalkol_Model1!G885 -> $ mn | H48: =Metalkol_Model1!H885 -> 0 | I48: =Metalkol_Model1!I885 -> 0 | J48: =Metalkol_Model1!J885 -> 284.7336 | K48: =Metalkol_Model1!K885 -> 0 | L48: =Metalkol_Model1!L885 -> 0 | ... AV48: =Metalkol_Model1!AV885 -> 0
E49: =Metalkol_Model1!E886 -> WHT on non-resident services | F49: =Metalkol_Model1!F886 -> 0 | G49: =Metalkol_Model1!G886 -> $ mn | H49: =Metalkol_Model1!H886 -> 0 | I49: =Metalkol_Model1!I886 -> 0 | J49: =Metalkol_Model1!J886 -> 116.12936 | K49: =Metalkol_Model1!K886 -> 0 | L49: =Metalkol_Model1!L886 -> 0 | ... AV49: =Metalkol_Model1!AV886 -> 0
E50: =Metalkol_Model1!E888 -> Government revenues excl. Gecamines participation | F50: =Metalkol_Model1!F888 -> 0 | G50: =Metalkol_Model1!G888 -> $ mn | H50: =Metalkol_Model1!H888 -> 0 | I50: =Metalkol_Model1!I888 -> 0 | J50: =Metalkol_Model1!J888 -> 3201.178 | K50: =Metalkol_Model1!K888 -> 0 | L50: =Metalkol_Model1!L888 -> 0 | ... AV50: =Metalkol_Model1!AV888 -> 0
E51: =Metalkol_Model1!E889 -> Gecamines share of net cashflows after tax | F51: =Metalkol_Model1!F889 -> 0 | G51: =Metalkol_Model1!G889 -> $ mn | H51: =Metalkol_Model1!H889 -> 0 | I51: =Metalkol_Model1!I889 -> 0 | J51: =Metalkol_Model1!J889 -> 421.58819 | K51: =Metalkol_Model1!K889 -> 0 | L51: =Metalkol_Model1!L889 -> 0 | ... AV51: =Metalkol_Model1!AV889 -> 0
E52: =Metalkol_Model1!E890 -> Government revenues incl. Gecamines | F52: =Metalkol_Model1!F890 -> 0 | G52: =Metalkol_Model1!G890 -> $ mn | H52: =Metalkol_Model1!H890 -> 0 | I52: =Metalkol_Model1!I890 -> 0 | J52: =Metalkol_Model1!J890 -> 3622.7662 | K52: =Metalkol_Model1!K890 -> 0 | L52: =Metalkol_Model1!L890 -> 0 | ... AV52: =Metalkol_Model1!AV890 -> 0
E53: ="Check: " & E52 -> Check: Government revenues incl. Gecamines | F53: =SUM(L53:AV53) -> 0 | G53: check | L53: =IF( ABS( SUM(L41:L49) + L51 - L52) > CHK_TOL, 1, 0) -> 0 | M53: =IF( ABS( SUM(M41:M49) + M51 - M52) > CHK_TOL, 1, 0) -> 0 | N53: =IF( ABS( SUM(N41:N49) + N51 - N52) > CHK_TOL, 1, 0) -> 0 | O53: =IF( ABS( SUM(O41:O49) + O51 - O52) > CHK_TOL, 1, 0) -> 0 | P53: =IF( ABS( SUM(P41:P49) + P51 - P52) > CHK_TOL, 1, 0) -> 0 | Q53: =IF( ABS( SUM(Q41:Q49) + Q51 - Q52) > CHK_TOL, 1, 0) -> 0 | R53: =IF( ABS( SUM(R41:R49) + R51 - R52) > CHK_TOL, 1, 0) -> 0 | S53: =IF( ABS( SUM(S41:S49) + S51 - S52) > CHK_TOL, 1, 0) -> 0 | ... AV53: =IF( ABS( SUM(AV41:AV49) + AV51 - AV52) > CHK_TOL, 1, 0) -> 0
B55: Project cashflow after tax
E56: =Metalkol_Model1!E$602 -> Metalkol Cashflow after tax | F56: =Metalkol_Model1!F$602 -> 0 | G56: =Metalkol_Model1!G$602 -> $ mn | H56: =Metalkol_Model1!H$602 -> 0 | I56: =Metalkol_Model1!I$602 -> 0 | J56: =Metalkol_Model1!J$602 -> 4540.3244 | K56: =Metalkol_Model1!K$602 -> 0 | L56: =Metalkol_Model1!L$602 -> 0 | ... AV56: =Metalkol_Model1!AV$602 -> 0
B58: Debt
E59: =Metalkol_Model1!E$731 -> [Net Debt cashflows (borrower)] | F59: =Metalkol_Model1!F$731 -> 0 | G59: =Metalkol_Model1!G$731 -> 0 | H59: =Metalkol_Model1!H$731 -> 0 | I59: =Metalkol_Model1!I$731 -> 0 | J59: =Metalkol_Model1!J$731 -> -1372.5285 | K59: =Metalkol_Model1!K$731 -> 0 | L59: =Metalkol_Model1!L$731 -> 0 | ... AV59: =Metalkol_Model1!AV$731 -> 0
E60: =Metalkol_Model1!E$732 -> Metalkol cashflows after debt | F60: =Metalkol_Model1!F$732 -> 0 | G60: =Metalkol_Model1!G$732 -> $ mn | H60: =Metalkol_Model1!H$732 -> 0 | I60: =Metalkol_Model1!I$732 -> 0 | J60: =Metalkol_Model1!J$732 -> 3167.7959 | K60: =Metalkol_Model1!K$732 -> 0 | L60: =Metalkol_Model1!L$732 -> 0 | ... AV60: =Metalkol_Model1!AV$732 -> 0
E61: ="Check: " & E60 -> Check: Metalkol cashflows after debt | F61: =SUM(L61:AV61) -> 0 | G61: check | L61: =IF(ABS(L56 + L59 - L60) > CHK_TOL, 1, 0) -> 0 | M61: =IF(ABS(M56 + M59 - M60) > CHK_TOL, 1, 0) -> 0 | N61: =IF(ABS(N56 + N59 - N60) > CHK_TOL, 1, 0) -> 0 | O61: =IF(ABS(O56 + O59 - O60) > CHK_TOL, 1, 0) -> 0 | P61: =IF(ABS(P56 + P59 - P60) > CHK_TOL, 1, 0) -> 0 | Q61: =IF(ABS(Q56 + Q59 - Q60) > CHK_TOL, 1, 0) -> 0 | R61: =IF(ABS(R56 + R59 - R60) > CHK_TOL, 1, 0) -> 0 | S61: =IF(ABS(S56 + S59 - S60) > CHK_TOL, 1, 0) -> 0 | ... AV61: =IF(ABS(AV56 + AV59 - AV60) > CHK_TOL, 1, 0) -> 0
B63: Gecamines share of cashflow
E64: =Metalkol_Model1!E$752 -> Gecamines share of net cashflows after tax | F64: =Metalkol_Model1!F$752 -> 0 | G64: =Metalkol_Model1!G$752 -> $ mn | H64: =Metalkol_Model1!H$752 -> 0 | I64: =Metalkol_Model1!I$752 -> 0 | J64: =Metalkol_Model1!J$752 -> 421.58819 | K64: =Metalkol_Model1!K$752 -> 0 | L64: =Metalkol_Model1!L$752 -> 0 | ... AV64: =Metalkol_Model1!AV$752 -> 0
E65: =Metalkol_Model1!E$759 -> ERG share of METALKOL cashflow | F65: =Metalkol_Model1!F$759 -> 0 | G65: =Metalkol_Model1!G$759 -> $ mn | H65: =Metalkol_Model1!H$759 -> 0 | I65: =Metalkol_Model1!I$759 -> 0 | J65: =Metalkol_Model1!J$759 -> 2746.2077 | K65: =Metalkol_Model1!K$759 -> 0 | L65: =Metalkol_Model1!L$759 -> 0 | ... AV65: =Metalkol_Model1!AV$759 -> 0
E66: ="Check: " & E65 -> Check: ERG share of METALKOL cashflow | F66: =SUM(L66:AV66) -> 0 | G66: check | L66: =IF(ABS(L60 - L64 - L65) > CHK_TOL, 1, 0) -> 0 | M66: =IF(ABS(M60 - M64 - M65) > CHK_TOL, 1, 0) -> 0 | N66: =IF(ABS(N60 - N64 - N65) > CHK_TOL, 1, 0) -> 0 | O66: =IF(ABS(O60 - O64 - O65) > CHK_TOL, 1, 0) -> 0 | P66: =IF(ABS(P60 - P64 - P65) > CHK_TOL, 1, 0) -> 0 | Q66: =IF(ABS(Q60 - Q64 - Q65) > CHK_TOL, 1, 0) -> 0 | R66: =IF(ABS(R60 - R64 - R65) > CHK_TOL, 1, 0) -> 0 | S66: =IF(ABS(S60 - S64 - S65) > CHK_TOL, 1, 0) -> 0 | ... AV66: =IF(ABS(AV60 - AV64 - AV65) > CHK_TOL, 1, 0) -> 0
B68: KML Parent company cashflows
E69: =Metalkol_Model1!E769 -> ERG share of METALKOL cashflow | F69: =Metalkol_Model1!F769 -> 0 | G69: =Metalkol_Model1!G769 -> $ mn | H69: =Metalkol_Model1!H769 -> 0 | I69: =Metalkol_Model1!I769 -> 0 | J69: =Metalkol_Model1!J769 -> 2746.2077 | K69: =Metalkol_Model1!K769 -> 0 | L69: =Metalkol_Model1!L769 -> 0 | ... AV69: =Metalkol_Model1!AV769 -> 0
E70: =Metalkol_Model1!E770 -> Dividend withholding tax | F70: =Metalkol_Model1!F770 -> 0 | G70: =Metalkol_Model1!G770 -> $ mn | H70: =Metalkol_Model1!H770 -> 0 | I70: =Metalkol_Model1!I770 -> 0 | J70: =Metalkol_Model1!J770 -> 284.7336 | K70: =Metalkol_Model1!K770 -> 0 | L70: =Metalkol_Model1!L770 -> 0 | ... AV70: =Metalkol_Model1!AV770 -> 0
E71: =Metalkol_Model1!E771 -> [Net debt cashflows (parent co lender)] | F71: =Metalkol_Model1!F771 -> 0 | G71: =Metalkol_Model1!G771 -> $ mn | H71: =Metalkol_Model1!H771 -> 0 | I71: =Metalkol_Model1!I771 -> 0 | J71: =Metalkol_Model1!J771 -> 1372.5285 | K71: =Metalkol_Model1!K771 -> 0 | L71: =Metalkol_Model1!L771 -> 0 | ... AV71: =Metalkol_Model1!AV771 -> 0
E72: =Metalkol_Model1!E772 -> Parent company net cashflows | F72: =Metalkol_Model1!F772 -> 0 | G72: =Metalkol_Model1!G772 -> $ mn | H72: =Metalkol_Model1!H772 -> 0 | I72: =Metalkol_Model1!I772 -> 0 | J72: =Metalkol_Model1!J772 -> 3834.0026 | K72: =Metalkol_Model1!K772 -> 0 | L72: =Metalkol_Model1!L772 -> 0 | ... AV72: =Metalkol_Model1!AV772 -> 0
E73: ="Check: " & E72 -> Check: Parent company net cashflows | F73: =SUM(L73:AV73) -> 0 | G73: check | L73: =IF(ABS(L65 - L70 + L71 - L72) > CHK_TOL, 1, 0) -> 0 | M73: =IF(ABS(M65 - M70 + M71 - M72) > CHK_TOL, 1, 0) -> 0 | N73: =IF(ABS(N65 - N70 + N71 - N72) > CHK_TOL, 1, 0) -> 0 | O73: =IF(ABS(O65 - O70 + O71 - O72) > CHK_TOL, 1, 0) -> 0 | P73: =IF(ABS(P65 - P70 + P71 - P72) > CHK_TOL, 1, 0) -> 0 | Q73: =IF(ABS(Q65 - Q70 + Q71 - Q72) > CHK_TOL, 1, 0) -> 0 | R73: =IF(ABS(R65 - R70 + R71 - R72) > CHK_TOL, 1, 0) -> 0 | S73: =IF(ABS(S65 - S70 + S71 - S72) > CHK_TOL, 1, 0) -> 0 | ... AV73: =IF(ABS(AV65 - AV70 + AV71 - AV72) > CHK_TOL, 1, 0) -> 0
B75: Participant cashflows
E76: =Metalkol_Model1!E922 -> Project cashflows before tax | F76: =Metalkol_Model1!F922 -> 0 | G76: =Metalkol_Model1!G922 -> $ mn | H76: =Metalkol_Model1!H922 -> 0 | I76: =Metalkol_Model1!I922 -> 0 | J76: =Metalkol_Model1!J922 -> 7602.472 | K76: =Metalkol_Model1!K922 -> 0 | L76: =Metalkol_Model1!L922 -> 0 | ... AV76: =Metalkol_Model1!AV922 -> 0
E77: =Metalkol_Model1!E923 -> Government revenues excl. Gecamines participation | F77: =Metalkol_Model1!F923 -> 0 | G77: =Metalkol_Model1!G923 -> $ mn | H77: =Metalkol_Model1!H923 -> 0 | I77: =Metalkol_Model1!I923 -> 0 | J77: =Metalkol_Model1!J923 -> 3201.178 | K77: =Metalkol_Model1!K923 -> 0 | L77: =Metalkol_Model1!L923 -> 0 | ... AV77: =Metalkol_Model1!AV923 -> 0
E78: =Metalkol_Model1!E924 -> Gecamines share of net cashflows after tax | F78: =Metalkol_Model1!F924 -> 0 | G78: =Metalkol_Model1!G924 -> $ mn | H78: =Metalkol_Model1!H924 -> 0 | I78: =Metalkol_Model1!I924 -> 0 | J78: =Metalkol_Model1!J924 -> 421.58819 | K78: =Metalkol_Model1!K924 -> 0 | L78: =Metalkol_Model1!L924 -> 0 | ... AV78: =Metalkol_Model1!AV924 -> 0
E79: =Metalkol_Model1!E925 -> Government including Gecamines | F79: =Metalkol_Model1!F925 -> 0 | G79: =Metalkol_Model1!G925 -> $ mn | H79: =Metalkol_Model1!H925 -> 0 | I79: =Metalkol_Model1!I925 -> 0 | J79: =Metalkol_Model1!J925 -> 3622.7662 | K79: =Metalkol_Model1!K925 -> 0 | L79: =Metalkol_Model1!L925 -> 0 | ... AV79: =Metalkol_Model1!AV925 -> 0
E80: =Metalkol_Model1!E926 -> Parent company net cashflows | F80: =Metalkol_Model1!F926 -> 0 | G80: =Metalkol_Model1!G926 -> $ mn | H80: =Metalkol_Model1!H926 -> 0 | I80: =Metalkol_Model1!I926 -> 0 | J80: =Metalkol_Model1!J926 -> 3834.0026 | K80: =Metalkol_Model1!K926 -> 0 | L80: =Metalkol_Model1!L926 -> 0 | ... AV80: =Metalkol_Model1!AV926 -> 0
E81: =Metalkol_Model1!E927 -> Cu + Co private royalty (treat as distribution of profit) | F81: =Metalkol_Model1!F927 -> 0 | G81: =Metalkol_Model1!G927 -> $ mn | H81: =Metalkol_Model1!H927 -> 0 | I81: =Metalkol_Model1!I927 -> 0 | J81: =Metalkol_Model1!J927 -> 475.29805 | K81: =Metalkol_Model1!K927 -> 0 | L81: =Metalkol_Model1!L927 -> 0 | ... AV81: =Metalkol_Model1!AV927 -> 0
E82: =Metalkol_Model1!E929 -> Additional govt revenues incl. in project costs | F82: =Metalkol_Model1!F929 -> 0 | G82: =Metalkol_Model1!G929 -> $ mn | H82: =Metalkol_Model1!H929 -> 0 | I82: =Metalkol_Model1!I929 -> 0 | J82: =Metalkol_Model1!J929 -> 329.59483 | K82: =Metalkol_Model1!K929 -> 0 | L82: =Metalkol_Model1!L929 -> 0 | ... AV82: =Metalkol_Model1!AV929 -> 0
A85: CHECKS
E88: =E$38 -> Check: Project cashflows before fiscal regime | F88: =F$38 -> 0 | G88: =G$38 -> check
E89: =E$53 -> Check: Government revenues incl. Gecamines | F89: =F$53 -> 0 | G89: =G$53 -> check
E90: =E$61 -> Check: Metalkol cashflows after debt | F90: =F$61 -> 0 | G90: =G$61 -> check
E91: =E$66 -> Check: ERG share of METALKOL cashflow | F91: =F$66 -> 0 | G91: =G$66 -> check
E92: =E$73 -> Check: Parent company net cashflows | F92: =F$73 -> 0 | G92: =G$73 -> check
E94: ="SheetChecks: " & $A$1 -> SheetChecks: SummaryC_Flow | F94: =SUM(F87:F93) -> 0 | G94: sheet checks
A96: END

Sheet Charts
A1: =RIGHT(CELL("filename", $A$3), LEN(CELL("filename", $A$3)) - SEARCH("]", CELL("filename", $A$3))) -> Charts
F2: 0 | G2: Error chks | L2: ='T&E'!L$9 -> 2014 | M2: ='T&E'!M$9 -> 2015 | N2: ='T&E'!N$9 -> 2016 | O2: ='T&E'!O$9 -> 2017 | P2: ='T&E'!P$9 -> 2018 | Q2: ='T&E'!Q$9 -> 2019 | R2: ='T&E'!R$9 -> 2020 | S2: ='T&E'!S$9 -> 2021 | ... AV2: ='T&E'!AV$9 -> 2050
F3: =Track!F$3 -> 0 | G3: Track chgs | L3: Actual | M3: Actual | N3: Actual | O3: Actual | P3: Actual | Q3: Actual | R3: Actual | S3: Actual | T3: Actual | U3: Actual | V3: Actual | W3: Actual | X3: Actual | Y3: Actual | Z3: Actual | AA3: Actual | AB3: Actual | AC3: Actual | AD3: Actual | AE3: Forecast | AF3: Forecast | AG3: Forecast | AH3: Forecast | AI3: Forecast | AJ3: Forecast | AK3: Forecast | AL3: Forecast | AM3: Forecast | AN3: Forecast | AO3: Forecast | AP3: Forecast | AQ3: Forecast | AR3: Forecast | AS3: Forecast | AT3: Forecast | AU3: Forecast | AV3: Forecast
F4: Constant | G4: Units | H4: Sparkline | I4: Source / Comments | L4: ='T&E'!L$11 -> 1 | M4: ='T&E'!M$11 -> 2 | N4: ='T&E'!N$11 -> 3 | O4: ='T&E'!O$11 -> 4 | P4: ='T&E'!P$11 -> 5 | Q4: ='T&E'!Q$11 -> 6 | R4: ='T&E'!R$11 -> 7 | S4: ='T&E'!S$11 -> 8 | ... AV4: ='T&E'!AV$11 -> 37
A6: PRODUCTION
E8: COPPER AND COBALT PRODUCTION | F8: Chart title
E9: KT Cu and Co | F9: X-Axis
F10: Y-Axis
E12: ='T&E'!E$9 -> Model calendar year | F12: ='T&E'!F$9 -> 0 | G12: ='T&E'!G$9 -> year | H12: ='T&E'!H$9 -> 0 | I12: ='T&E'!I$9 -> 0 | J12: ='T&E'!J$9 -> 0 | K12: ='T&E'!K$9 -> 0 | L12: ='T&E'!L$9 -> 2014 | ... AV12: ='T&E'!AV$9 -> 2050
E13: =Metalkol_Model1!E$16 -> Copper production 2022Fs + actuals | F13: =Metalkol_Model1!F$16 -> 0 | G13: =Metalkol_Model1!G$16 -> KT Cu | H13: =Metalkol_Model1!H$16 -> 0 | I13: =Metalkol_Model1!I$16 -> 0 | J13: =Metalkol_Model1!J$16 -> 1421.0743 | K13: =Metalkol_Model1!K$16 -> 0 | L13: =Metalkol_Model1!L$16 -> 0 | ... AV13: =Metalkol_Model1!AV$16 -> 0
E14: =Metalkol_Model1!E$26 -> Cobalt production 2022FS + actuals | F14: =Metalkol_Model1!F$26 -> 0 | G14: =Metalkol_Model1!G$26 -> KT | H14: =Metalkol_Model1!H$26 -> 0 | I14: =Metalkol_Model1!I$26 -> 0 | J14: =Metalkol_Model1!J$26 -> 280.82511 | K14: =Metalkol_Model1!K$26 -> 0 | L14: =Metalkol_Model1!L$26 -> 0 | ... AV14: =Metalkol_Model1!AV$26 -> 0
A46: COPPER AND COBALT PRICES
E48: =A46 -> COPPER AND COBALT PRICES | F48: Chart title
F49: X-Axis
E50: USD / tonne Copper | F50: Y-Axis
E51: USD / tonne Cobalt | F51: second Y-Axis
E53: ='T&E'!E$9 -> Model calendar year | F53: ='T&E'!F$9 -> 0 | G53: ='T&E'!G$9 -> year | H53: ='T&E'!H$9 -> 0 | I53: ='T&E'!I$9 -> 0 | J53: ='T&E'!J$9 -> 0 | K53: ='T&E'!K$9 -> 0 | L53: ='T&E'!L$9 -> 2014 | ... AV53: ='T&E'!AV$9 -> 2050
E54: =Metalkol_Model1!E$91 -> Copper realized price: SOM_Contract | F54: =Metalkol_Model1!F$91 -> 0 | G54: =Metalkol_Model1!G$91 -> $ / tonne | H54: =Metalkol_Model1!H$91 -> 0 | I54: =Metalkol_Model1!I$91 -> 0 | J54: =Metalkol_Model1!J$91 -> 0 | K54: =Metalkol_Model1!K$91 -> 0 | L54: =Metalkol_Model1!L$91 -> 6496.9805 | ... AV54: =Metalkol_Model1!AV$91 -> 12749.323
E55: =Metalkol_Model1!E$159 & " (RHS)" -> Cobalt realized Price: SOM_Contract (RHS) | F55: =Metalkol_Model1!F$159 -> 0 | G55: =Metalkol_Model1!G$159 -> $ / tonne | H55: =Metalkol_Model1!H$159 -> 0 | I55: =Metalkol_Model1!I$159 -> 0 | J55: =Metalkol_Model1!J$159 -> 0 | K55: =Metalkol_Model1!K$159 -> #REF! | L55: =Metalkol_Model1!L$159 -> 19920.982 | M55: =Metalkol_Model1!M$159 -> 18302.37 | ... AV55: =Metalkol_Model1!AV$159 -> 40734.951
A85: PROJECT CASHFLOWS
E87: =A85 -> PROJECT CASHFLOWS | F87: Chart title
E88: =G92 -> $ mn | F88: X-Axis
F89: Y-Axis
E91: ='T&E'!E$9 -> Model calendar year | F91: ='T&E'!F$9 -> 0 | G91: ='T&E'!G$9 -> year | H91: ='T&E'!H$9 -> 0 | I91: ='T&E'!I$9 -> 0 | J91: ='T&E'!J$9 -> 0 | K91: ='T&E'!K$9 -> 0 | L91: ='T&E'!L$9 -> 2014 | ... AV91: ='T&E'!AV$9 -> 2050
E92: =Metalkol_Model1!E$174 -> Copper gross revenue (at realized prices) | F92: =Metalkol_Model1!F$174 -> 0 | G92: =Metalkol_Model1!G$174 -> $ mn | H92: =Metalkol_Model1!H$174 -> 0 | I92: =Metalkol_Model1!I$174 -> 0 | J92: =Metalkol_Model1!J$174 -> 11467.695 | K92: =Metalkol_Model1!K$174 -> 0 | L92: =Metalkol_Model1!L$174 -> 0 | ... AV92: =Metalkol_Model1!AV$174 -> 0
E93: =Metalkol_Model1!E$184 -> Cobalt gross revenue (at realized prices) | F93: =Metalkol_Model1!F$184 -> 0 | G93: =Metalkol_Model1!G$184 -> $ mn | H93: =Metalkol_Model1!H$184 -> 0 | I93: =Metalkol_Model1!I$184 -> 0 | J93: =Metalkol_Model1!J$184 -> 7544.2273 | K93: =Metalkol_Model1!K$184 -> 0 | L93: =Metalkol_Model1!L$184 -> 0 | ... AV93: =Metalkol_Model1!AV$184 -> 0
E95: =Metalkol_Model1!E$211 -> Realization costs Cu and Co | F95: =Metalkol_Model1!F$211 -> 0 | G95: =Metalkol_Model1!G$211 -> $ mn | H95: =Metalkol_Model1!H$211 -> 0 | I95: =Metalkol_Model1!I$211 -> 0 | J95: =Metalkol_Model1!J$211 -> 0 | K95: =Metalkol_Model1!K$211 -> 0 | L95: =Metalkol_Model1!L$211 -> 0 | ... AV95: =Metalkol_Model1!AV$211 -> 0
E96: =Metalkol_Model1!E$365 -> Operating costs, including Sens. | F96: =Metalkol_Model1!F$365 -> 0 | G96: =Metalkol_Model1!G$365 -> $ mn | H96: =Metalkol_Model1!H$365 -> 0 | I96: =Metalkol_Model1!I$365 -> 0 | J96: =Metalkol_Model1!J$365 -> 14098.627 | K96: =Metalkol_Model1!K$365 -> 0 | L96: =Metalkol_Model1!L$365 -> 0 | ... AV96: =Metalkol_Model1!AV$365 -> 0
E97: =Metalkol_Model1!E$410 -> Capital Costs inc. Sens. | F97: =Metalkol_Model1!F$410 -> 0 | G97: =Metalkol_Model1!G$410 -> $ mn | H97: =Metalkol_Model1!H$410 -> 0 | I97: =Metalkol_Model1!I$410 -> 0 | J97: =Metalkol_Model1!J$410 -> 1501.997 | K97: =Metalkol_Model1!K$410 -> 0 | L97: =Metalkol_Model1!L$410 -> 0 | ... AV97: =Metalkol_Model1!AV$410 -> 0
E99: =Metalkol_Model1!E$800 -> Project cashflows before tax | F99: =Metalkol_Model1!F$800 -> 0 | G99: =Metalkol_Model1!G$800 -> $ mn | H99: =Metalkol_Model1!H$800 -> 0 | I99: =Metalkol_Model1!I$800 -> 0 | J99: =Metalkol_Model1!J$800 -> 7602.472 | K99: =Metalkol_Model1!K$800 -> 0 | L99: =Metalkol_Model1!L$800 -> 0 | ... AV99: =Metalkol_Model1!AV$800 -> 0
E101: =E95 -> Realization costs Cu and Co | G101: =G95 -> $ mn | J101: =SUM(L101:AV101) -> 0 | L101: =L95 * -1 -> 0 | M101: =M95 * -1 -> 0 | N101: =N95 * -1 -> 0 | O101: =O95 * -1 -> 0 | P101: =P95 * -1 -> 0 | Q101: =Q95 * -1 -> 0 | R101: =R95 * -1 -> 0 | S101: =S95 * -1 -> 0 | ... AV101: =AV95 * -1 -> 0
E102: =E96 -> Operating costs, including Sens. | G102: =G96 -> $ mn | J102: =SUM(L102:AV102) -> -14098.627 | L102: =L96 * -1 -> 0 | M102: =M96 * -1 -> 0 | N102: =N96 * -1 -> 0 | O102: =O96 * -1 -> 0 | P102: =P96 * -1 -> -46.775406 | Q102: =Q96 * -1 -> -565.92033 | R102: =R96 * -1 -> -432.34976 | S102: =S96 * -1 -> -563.86968 | ... AV102: =AV96 * -1 -> 0
E103: =E97 -> Capital Costs inc. Sens. | G103: =G97 -> $ mn | J103: =SUM(L103:AV103) -> -1501.997 | L103: =L97 * -1 -> 0 | M103: =M97 * -1 -> 0 | N103: =N97 * -1 -> 0 | O103: =O97 * -1 -> 0 | P103: =P97 * -1 -> -1010.2 | Q103: =Q97 * -1 -> -175.6 | R103: =R97 * -1 -> -59.63794 | S103: =S97 * -1 -> -19.714241 | ... AV103: =AV97 * -1 -> 0
A131: GOVERNMENT REVENUES
E133: =A131 -> GOVERNMENT REVENUES | F133: Chart title
E134: =G138 -> $ mn | F134: X-Axis
F135: Y-Axis
E137: ='T&E'!E$9 -> Model calendar year | F137: ='T&E'!F$9 -> 0 | G137: ='T&E'!G$9 -> year | H137: ='T&E'!H$9 -> 0 | I137: ='T&E'!I$9 -> 0 | J137: ='T&E'!J$9 -> 0 | K137: ='T&E'!K$9 -> 0 | L137: ='T&E'!L$9 -> 2014 | ... AV137: ='T&E'!AV$9 -> 2050
E138: =Metalkol_Model1!E$174 -> Copper gross revenue (at realized prices) | F138: =Metalkol_Model1!F$174 -> 0 | G138: =Metalkol_Model1!G$174 -> $ mn | H138: =Metalkol_Model1!H$174 -> 0 | I138: =Metalkol_Model1!I$174 -> 0 | J138: =Metalkol_Model1!J$174 -> 11467.695 | K138: =Metalkol_Model1!K$174 -> 0 | L138: =Metalkol_Model1!L$174 -> 0 | ... AV138: =Metalkol_Model1!AV$174 -> 0
E139: =Metalkol_Model1!E$184 -> Cobalt gross revenue (at realized prices) | F139: =Metalkol_Model1!F$184 -> 0 | G139: =Metalkol_Model1!G$184 -> $ mn | H139: =Metalkol_Model1!H$184 -> 0 | I139: =Metalkol_Model1!I$184 -> 0 | J139: =Metalkol_Model1!J$184 -> 7544.2273 | K139: =Metalkol_Model1!K$184 -> 0 | L139: =Metalkol_Model1!L$184 -> 0 | ... AV139: =Metalkol_Model1!AV$184 -> 0
E141: =Metalkol_Model1!E782 -> 0 | F141: =Metalkol_Model1!F782 -> top | G141: =Metalkol_Model1!G782 -> 0 | H141: =Metalkol_Model1!H782 -> 0 | I141: =Metalkol_Model1!I782 -> 0 | J141: =Metalkol_Model1!J782 -> 0 | K141: =Metalkol_Model1!K782 -> 0 | L141: =Metalkol_Model1!L782 -> 0 | ... AV141: =Metalkol_Model1!AV782 -> 0
E142: =Metalkol_Model1!E783 -> Cu + Co government royalty | F142: =Metalkol_Model1!F783 -> 0 | G142: =Metalkol_Model1!G783 -> $ mn | H142: =Metalkol_Model1!H783 -> 0 | I142: =Metalkol_Model1!I783 -> 0 | J142: =Metalkol_Model1!J783 -> 1154.1185 | K142: =Metalkol_Model1!K783 -> 0 | L142: =Metalkol_Model1!L783 -> 0 | ... AV142: =Metalkol_Model1!AV783 -> 0
E143: =Metalkol_Model1!E784 -> Turnover tax (Chiffre d'Affaires 0.3PC) | F143: =Metalkol_Model1!F784 -> 0 | G143: =Metalkol_Model1!G784 -> $ mn | H143: =Metalkol_Model1!H784 -> 0 | I143: =Metalkol_Model1!I784 -> 0 | J143: =Metalkol_Model1!J784 -> 57.035766 | K143: =Metalkol_Model1!K784 -> 0 | L143: =Metalkol_Model1!L784 -> 0 | ... AV143: =Metalkol_Model1!AV784 -> 0
E144: =Metalkol_Model1!E785 -> CIT payable | F144: =Metalkol_Model1!F785 -> 0 | G144: =Metalkol_Model1!G785 -> $ mn | H144: =Metalkol_Model1!H785 -> 0 | I144: =Metalkol_Model1!I785 -> 0 | J144: =Metalkol_Model1!J785 -> 1375.6953 | K144: =Metalkol_Model1!K785 -> 0 | L144: =Metalkol_Model1!L785 -> 0 | ... AV144: =Metalkol_Model1!AV785 -> 0
E145: =Metalkol_Model1!E786 -> Special Tax On Excess Profits | F145: =Metalkol_Model1!F786 -> 0 | G145: =Metalkol_Model1!G786 -> $ mn | H145: =Metalkol_Model1!H786 -> 0 | I145: =Metalkol_Model1!I786 -> 0 | J145: =Metalkol_Model1!J786 -> 0 | K145: =Metalkol_Model1!K786 -> 0 | L145: =Metalkol_Model1!L786 -> 0 | ... AV145: =Metalkol_Model1!AV786 -> 0
E146: =Metalkol_Model1!E787 -> Payroll taxes (included in costs) | F146: =Metalkol_Model1!F787 -> 0 | G146: =Metalkol_Model1!G787 -> $ mn | H146: =Metalkol_Model1!H787 -> 0 | I146: =Metalkol_Model1!I787 -> 0 | J146: =Metalkol_Model1!J787 -> 198.14906 | K146: =Metalkol_Model1!K787 -> 0 | L146: =Metalkol_Model1!L787 -> 0 | ... AV146: =Metalkol_Model1!AV787 -> 0
E147: =Metalkol_Model1!E788 -> Import duties | F147: =Metalkol_Model1!F788 -> 0 | G147: =Metalkol_Model1!G788 -> $ mn | H147: =Metalkol_Model1!H788 -> 0 | I147: =Metalkol_Model1!I788 -> 0 | J147: =Metalkol_Model1!J788 -> 15.316407 | K147: =Metalkol_Model1!K788 -> 0 | L147: =Metalkol_Model1!L788 -> 0 | ... AV147: =Metalkol_Model1!AV788 -> 0
E148: =Metalkol_Model1!E789 -> Interest Withholding Tax | F148: =Metalkol_Model1!F789 -> 0 | G148: =Metalkol_Model1!G789 -> $ mn | H148: =Metalkol_Model1!H789 -> 0 | I148: =Metalkol_Model1!I789 -> 0 | J148: =Metalkol_Model1!J789 -> 0 | K148: =Metalkol_Model1!K789 -> 0 | L148: =Metalkol_Model1!L789 -> 0 | ... AV148: =Metalkol_Model1!AV789 -> 0
E149: =Metalkol_Model1!E790 -> Dividend withholding tax | F149: =Metalkol_Model1!F790 -> 0 | G149: =Metalkol_Model1!G790 -> $ mn | H149: =Metalkol_Model1!H790 -> 0 | I149: =Metalkol_Model1!I790 -> 0 | J149: =Metalkol_Model1!J790 -> 284.7336 | K149: =Metalkol_Model1!K790 -> 0 | L149: =Metalkol_Model1!L790 -> 0 | ... AV149: =Metalkol_Model1!AV790 -> 0
E150: =Metalkol_Model1!E791 -> WHT on non-resident services | F150: =Metalkol_Model1!F791 -> 0 | G150: =Metalkol_Model1!G791 -> $ mn | H150: =Metalkol_Model1!H791 -> 0 | I150: =Metalkol_Model1!I791 -> 0 | J150: =Metalkol_Model1!J791 -> 116.12936 | K150: =Metalkol_Model1!K791 -> 0 | L150: =Metalkol_Model1!L791 -> 0 | ... AV150: =Metalkol_Model1!AV791 -> 0
E151: =Metalkol_Model1!E792 -> 0 | F151: =Metalkol_Model1!F792 -> bottom | G151: =Metalkol_Model1!G792 -> 0 | H151: =Metalkol_Model1!H792 -> 0 | I151: =Metalkol_Model1!I792 -> 0 | J151: =Metalkol_Model1!J792 -> 0 | K151: =Metalkol_Model1!K792 -> 0 | L151: =Metalkol_Model1!L792 -> 0 | ... AV151: =Metalkol_Model1!AV792 -> 0
E152: =Metalkol_Model1!E793 -> Government revenues excl. Gecamines participation | F152: =Metalkol_Model1!F793 -> 0 | G152: =Metalkol_Model1!G793 -> $ mn | H152: =Metalkol_Model1!H793 -> 0 | I152: =Metalkol_Model1!I793 -> 0 | J152: =Metalkol_Model1!J793 -> 3201.178 | K152: =Metalkol_Model1!K793 -> 0 | L152: =Metalkol_Model1!L793 -> 0 | ... AV152: =Metalkol_Model1!AV793 -> 0
... E154: =Metalkol_Model1!E795 -> Government revenues incl. Gecamines | F154: =Metalkol_Model1!F795 -> 0 | G154: =Metalkol_Model1!G795 -> $ mn | H154: =Metalkol_Model1!H795 -> 0 | I154: =Metalkol_Model1!I795 -> 0 | J154: =Metalkol_Model1!J795 -> 3622.7662 | K154: =Metalkol_Model1!K795 -> 0 | L154: =Metalkol_Model1!L795 -> 0 | ... AV154: =Metalkol_Model1!AV795 -> 0
A183: END

Sheet OnePager
B2: METALKOL MARKET VALUE | S2: KEYS
C3: Issue | E3: Materiality | K3: Documentation | S3: Materiality Level
E4: Level | F4: Issue Definition | G4: Value Type | H4: Value Unit | I4: Value Scope | J4: VaR | K4: Source | L4: Observation | N4: Floor | O4: Mid | P4: Ceiling | S4: L | T4: Low
B5: V1 | C5: Realised Price Risk: Co | E5: H | F5: Variable Payable Co Rates | G5: Turnover | H5: USD mn | I5: Rem_LOM | J5: =MAX(N5:P5)-MIN(N5:P5) -> 1952.4047 | K5: I | L5: Min Mining File 2018-24 | N5: =Scenarios!H67 -> 3667.8139 | O5: =ABS(Scenarios!I67) -> 4318.6154 | P5: =Scenarios!J67 -> 5620.2185 | S5: M | T5: Medium
B6: V2 | C6: Realised Price Risk: Cu | E6: M | F6: Transport charges included | G6: Turnover | H6: USD mn | I6: Rem_LOM | J6: =MAX(N6:P6)-MIN(N6:P6) -> 265.30015 | K6: I | L6: Somidez 2020 sales contract | N6: =Scenarios!I73 -> 7048.7685 | P6: =Scenarios!J73 -> 7314.0687 | S6: H | T6: High
B7: V3 | C7: Marketing Fee Risk | E7: M | F7: 2% fee on 3rd party sales | G7: Turnover | H7: USD mn | I7: Rem_LOM | J7: =MAX(N7:P7)-MIN(N7:P7) -> 210.90684 | K7: I | L7: Somidez 2020 sales contract | N7: =Scenarios!H79 -> 11240.84 | O7: =Scenarios!I79 -> 11367.384 | P7: =Scenarios!J79 -> 11451.747 | S7: U | T7: Unquantified
B8: V4 | C8: Cu Vol Underreporting Risk | E8: H | F8: +/- 5% reported Cu volume | G8: Turnover | H8: USD mn | I8: Rem_LOM | J8: =MAX(N8:P8)-MIN(N8:P8) -> 704.87685 | K8: S | L8: 2021 Min Mining truck stats | N8: =Scenarios!H85 -> 6696.3301 | O8: =Scenarios!I85 -> 7048.7685 | P8: =Scenarios!J85 -> 7401.207 | S8: Documentation Source
B9: V5 | C9: Co Vol Underreporting Risk | E9: H | F9: +/- 5% reported Co volume | G9: Turnover | H9: USD mn | I9: Rem_LOM | J9: =MAX(N9:P9)-MIN(N9:P9) -> 431.86154 | K9: S | L9: 2021 Min Mining truck stats | N9: =Scenarios!H91 -> 4102.6846 | O9: =Scenarios!I91 -> 4318.6154 | P9: =Scenarios!J91 -> 4534.5462
B10: V6 | C10: Co Grade Underreporting Risk | E10: H | F10: CoHyd Grade range 30 - 35% | G10: Turnover | H10: USD mn | I10: Rem_LOM | J10: =MAX(N10:P10)-MIN(N10:P10) -> 690.97847 | K10: S | L10: 2k data points Min Min 2018-24 | N10: =Scenarios!H97 -> 3886.7539 | O10: =Scenarios!I97 -> 4318.6154 | P10: =Scenarios!J97 -> 4577.7323 | S10: D | T10: Direct
S11: I | T11: Indirect
B12: METALKOL PROJECT COSTS | S12: S | T12: Scenario
C13: Issue | E13: Materiality | K13: Documentation
E14: Level | F14: Issue Definition | G14: Value Type | H14: Value Unit | I14: Value Scope | J14: VaR | K14: Source | L14: Observation | N14: Floor | O14: Mid | P14: Ceiling
B15: C1 | C15: Deductibility of debt interest | E15: H | F15: Compare vs LIBOR + 4% | G15: Fiscal | H15: USD mn | I15: LOM | J15: =O15 -> 360.1884 | K15: D | L15: Against 2022 FS interest charges | O15: =ABS(Scenarios!H110) -> 360.1884
B16: C2 | C16: Opex cost reporting risk | E16: M | F16: FS stated opex vs stable opex | G16: Fiscal | H16: USD mn | I16: Rem_LOM | J16: =MAX(N16:P16)-MIN(N16:P16) -> 766.6729 | K16: D | L16: Covers period 2023 forward (FS) | N16: =Scenarios!H$115 -> 1115.1963 | O16: =Scenarios!I$115 -> 1881.8692 | P16: =Scenarios!J$115 -> 1881.8692
B17: Cx | C17: [Cost benchmarking] | E17: U | F17: Insufficient data to evaluate
B19: METALKOL TAX RULES
C20: Issue | E20: Materiality | K20: Documentation
E21: Level | F21: Issue Definition | G21: Value Type | H21: Value Unit | I21: Value Scope | J21: VaR | K21: Source | L21: Observation | N21: Floor | O21: Mid | P21: Ceiling
B22: T1 | C22: Royalty model to actuals | E22: L | F22: Shortfall vs model at 70% payables | G22: Fiscal | H22: USD mn | I22: 2018-2022 | J22: =O22 -> 62.368816 | K22: D | L22: Model base scenario vs EITI | O22: =ABS(EITI_Rev!F41) -> 62.368816
B23: T2 | C23: Subnational model to actuals | E23: L | F23: Turnover tax and sub-national royalties | G23: Fiscal | H23: USD mn | I23: 2018-2022 | J23: =O23 -> 91.906425 | K23: D | L23: Assumes Treasury actuals right | O23: =ABS(Scenarios!H$120) -> 91.906425
B24: T3 | C24: Corporate Income Tax | E24: U | F24: Model base scenario vs EITI actuals | G24: Fiscal | H24: USD mn | I24: 2018-2022 | J24: =ABS(EITI_Rev!F$53) -> 170.98794 | K24: S | L24: No annual financials available
B25: T4 | C25: Excess Profits Tax | E25: M | F25: Insufficient data to evaluate | K25: I
B26: T5 | C26: Potential Tax Treaty Impacts | E26: M | F26: No SWT and reduced DWT if South Africa | G26: Fiscal | H26: USD mn | I26: Rem_LOM | J26: =O26 -> 112.25856 | K26: I | L26: Corporate network unknown | O26: =Scenarios!I$126 -> 112.25856
B27: T6 | C27: License Renewal Equity | E27: M | F27: Extra 5% from license renewal 2018 | G27: Fiscal | H27: USD mn | I27: Rem_LOM | J27: =O27 -> 189.71468 | K27: D | L27: Additional transfer unconfirmed | O27: =ABS(Scenarios!H$133) -> 189.71468
B28: T7 | C28: State asset transfers | E28: M | F28: 2017 smelter royalty sale | G28: Fiscal | H28: USD mn | I28: 2017 Deal | J28: =O28 -> 155.44902 | K28: D | L28: Diff. sales price and NPV10 royalties | O28: =ABS(Metalkol_Model1!F$270) -> 155.44902

Sheet Scenarios
C2: =Track!$F$85 -> 0 | D2: Error chks
C3: =Track!$F$3 -> 0 | D3: Track chgs
C5: into model | D5: units | H5: SCENARIO PARAMETERS
H6: =G6 + 1 -> 1 | I6: =H6 + 1 -> 2 | J6: =I6 + 1 -> 3 | K6: =J6 + 1 -> 4 | L6: =K6 + 1 -> 5 | M6: =L6 + 1 -> 6 | N6: =M6 + 1 -> 7 | O6: =N6 + 1 -> 8 | ... S6: =R6 + 1 -> 12
B7: =Dashboard!C$7 -> Scenario | C7: =Dashboard!D$7 -> Base | D7: =Dashboard!E$7 -> selected | H7: Base | I7: Actual Realized | J7: JW
C8: =MATCH(C7, G7:T7, 0) -> 2
B9: TOP ROW OF PARAMETERS | E9: Sens variable
C10: INTO MODEL
B11: Copper forecast price | C11: {=IF( E11 <> "sens", E11, INDEX(G11:T11, ,$C$8))} -> IMF_WEO | D11: option selected | E11: Sens | H11: IMF_WEO | I11: IMF_WEO | J11: ConstReal
B12: Cobalt forecast price | C12: {=IF( E12 <> "sens", E12, INDEX(G12:T12, ,$C$8))} -> IMF_WEO | D12: option selected | E12: Sens | H12: IMF_WEO | I12: IMF_WEO | J12: IMF_WEO
B13: Cu realized price method | C13: {=IF( E13 <> "sens", E13, INDEX(G13:T13, ,$C$8))} -> SOM_Contract | D13: selected | E13: Sens | H13: SOM_Contract | I13: %LME(actual) | J13: SOM_Contract
B14: Copper: Realised Price vs LME for "LMEAssumed" | C14: {=IF( E14 <> "sens", E14, INDEX(G14:T14, ,$C$8))} -> 0.95 | D14: % | E14: Sens | H14: 0.95 | I14: 0.95 | J14: 0.95
B15: Co realized price method | C15: {=IF( E15 <> "sens", E15, INDEX(G15:T15, ,$C$8))} -> SOM_Contract | D15: selected | E15: Sens | H15: SOM_Contract | I15: %LME(actual) | J15: %LME(assumed)
B16: Apply Cu transport / quality discount (1 = yes) | C16: {=IF( E16 <> "sens", E16, INDEX(G16:T16, ,$C$8))} -> 1 | D16: flag | E16: Sens | H16: 1 | I16: 1 | J16: 1
B17: Third Party Marketing Charge: Cu & Co | C17: {=IF( E17 <> "sens", E17, INDEX(G17:T17, ,$C$8))} -> 0.008 | D17: % | E17: Sens | H17: 0.008 | I17: 0.008 | J17: 0.008
B18: Cobalt: Realised Price vs LME for "LMEAssumed" | C18: {=IF( E18 <> "sens", E18, INDEX(G18:T18, ,$C$8))} -> 0.7 | D18: % | E18: Sens | H18: 0.7 | I18: 0.9 | J18: 0.9
B19: Apply freight, insurance & sales costs 2019TR | C19: {=IF( E19 <> "sens", E19, INDEX(G19:T19, ,$C$8))} -> no | D19: selected | E19: Sens | H19: no | I19: no | J19: no
B20: Cobalt Payable Rate applied in model | C20: {=IF( E20 <> "sens", E20, INDEX(G20:T20, ,$C$8))} -> 0.7 | D20: % | E20: Sens | H20: 0.7 | I20: 0.7 | J20: 0.7
B21: Som contract: placeholder assumption of third party sales: Cu | C21: {=IF( E21 <> "sens", E21, INDEX(G21:T21, ,$C$8))} -> 0.9 | D21: % | E21: Sens | H21: 0.9 | I21: 0.5 | J21: 0.5
B22: Som contract: placeholder assumption of third party sales: Co | C22: {=IF( E22 <> "sens", E22, INDEX(G22:T22, ,$C$8))} -> 0.9 | D22: % | E22: Sens | H22: 0.9 | I22: 0.5 | J22: 0.9
B23: Copper production sensitivity (forecast period) | C23: {=IF( E23 <> "sens", E23, INDEX(G23:T23, ,$C$8))} -> 1 | D23: % | E23: Sens | H23: 1 | I23: 1 | J23: 1
B24: Cobalt production sensitivity (forecast period) | C24: {=IF( E24 <> "sens", E24, INDEX(G24:T24, ,$C$8))} -> 1 | D24: % | E24: Sens | H24: 1 | I24: 1 | J24: 1
B25: Operating cost Sensitivity (forecast period) | C25: {=IF( E25 <> "sens", E25, INDEX(G25:T25, ,$C$8))} -> 1 | D25: % | E25: Sens | H25: 1 | I25: 1 | J25: 1
B26: Capital cost sensitivity (forecast period) | C26: {=IF( E26 <> "sens", E26, INDEX(G26:T26, ,$C$8))} -> 1 | D26: % | E26: Sens | H26: 1 | I26: 1 | J26: 1
B27: Interest deductible for CIT | C27: {=IF( E27 <> "sens", E27, INDEX(G27:T27, ,$C$8))} -> 1 | D27: % | E27: Sens | H27: 1 | I27: 1 | J27: 1
B28: Operating Cost Profile | C28: {=IF( E28 <> "sens", E28, INDEX(G28:T28, ,$C$8))} -> Alt Opex | D28: option selected | E28: Sens | H28: Alt Opex | I28: FS Opex | J28: FS Opex
B29: Opening balance of CIT losses 2011 | C29: {=IF( E29 <> "sens", E29, INDEX(G29:T29, ,$C$8))} -> 0 | D29: $ mn | E29: Sens | H29: 0 | I29: 0 | J29: 0
B30: Straight line depreciation years (AVERAGE) | C30: {=IF( E30 <> "sens", E30, INDEX(G30:T30, ,$C$8))} -> 7 | D30: years | E30: Sens | H30: 7 | I30: 7 | J30: 7
B31: Management fees added to operating costs | C31: {=IF( E31 <> "sens", E31, INDEX(G31:T31, ,$C$8))} -> 0 | D31: % | E31: Sens | H31: 0 | I31: 0.02 | J31: 0.02
B32: Excess Profits Tax applied (1 = yes) | C32: {=IF( E32 <> "sens", E32, INDEX(G32:T32, ,$C$8))} -> 1 | D32: flag | E32: Sens | H32: 1 | I32: 1 | J32: 1
B33: EPT: Apply inflation to FS prices and Operating Surplus | C33: {=IF( E33 <> "sens", E33, INDEX(G33:T33, ,$C$8))} -> no | D33: selected | E33: Sens | H33: no | I33: no | J33: no
B34: Base case or alternative debt interest rates | C34: {=IF( E34 <> "sens", E34, INDEX(G34:T34, ,$C$8))} -> Computed | D34: selected | E34: Sens | H34: Computed | I34: Computed | J34: Computed
B35: Include Import Duties in forecast (1 = yes) | C35: {=IF( E35 <> "sens", E35, INDEX(G35:T35, ,$C$8))} -> 1 | D35: flag | E35: Sens | H35: 1 | I35: 1 | J35: 1
B36: Interest withholding tax | C36: {=IF( E36 <> "sens", E36, INDEX(G36:T36, ,$C$8))} -> 0 | D36: % | E36: Sens | H36: 0 | I36: 0 | J36: 0
B37: Dividend withholding tax | C37: {=IF( E37 <> "sens", E37, INDEX(G37:T37, ,$C$8))} -> 0.1 | D37: % | E37: Sens | H37: 0.1 | I37: 0.1 | J37: 0.1
B38: apply increased State Participation | C38: {=IF( E38 <> "sens", E38, INDEX(G38:T38, ,$C$8))} -> yes | D38: flag | E38: Sens | H38: yes | I38: yes | J38: yes
B39: WHT rate non-resident services | C39: {=IF( E39 <> "sens", E39, INDEX(G39:T39, ,$C$8))} -> 0.14 | D39: % | E39: Sens | H39: 0.14 | I39: 0.14 | J39: 0.14
B40: Include Payroll taxes in forecast (1 = yes) | C40: {=IF( E40 <> "sens", E40, INDEX(G40:T40, ,$C$8))} -> 1 | D40: flag | E40: Sens | H40: 1 | I40: 1 | J40: 1
B41: Apply opening balance on Gecamines loan | C41: {=IF( E41 <> "sens", E41, INDEX(G41:T41, ,$C$8))} -> 1 | D41: flag | E41: Sens | H41: 1 | I41: 1 | J41: 1
B42: Apply interest on Gecamines loan | C42: {=IF( E42 <> "sens", E42, INDEX(G42:T42, ,$C$8))} -> 1 | D42: flag | E42: Sens | H42: 1 | I42: 1 | J42: 1
B43: Include KCC debt interest (1 = yes) | C43: {=IF( E43 <> "sens", E43, INDEX(G43:T43, ,$C$8))} -> 1 | D43: flag | E43: Sens | H43: 1 | I43: 1 | J43: 1
B44: Discount rate | C44: 0.1 | D44: %nominal
B45: =Dashboard!C$8 -> Forecast / point forward year | C45: =Dashboard!D$8 -> 2025 | D45: =Dashboard!E$8 -> year
B46: Inflation switch (1 = on) | C46: 1 | D46: flag
A49: SENSITIVITY ANALYSIS | H49: DATA TABLE PARAMETERS
B50: Data Tables for One-Page
B51: =B$45 -> Forecast / point forward year | C51: =C$45 -> 2025 | D51: =D$45 -> year
B52: Focus year for sensitivity analysis | C52: 2022 | D52: year
A54: =MAX(A$49:A53) + 1 -> 1 | B54: Copper realized price method | C54: =D$138 -> 2022 | D54: =E$138 -> >= 2025 | F54: ="DATA TABLE " & A54 -> DATA TABLE 1 | H54: %LME(actual) | I54: SOM_Contract | J54: %LME(assumed)
B55: Copper net revenue | C55: {=INDEX(D$137:D$178, MATCH($B55, B$137:B$178, 0),)} -> 827.43128 | D55: {=INDEX(E$137:E$178, MATCH($B55, B$137:B$178, 0),)} -> 7048.7685 | G55: =C55 -> 827.43128
G56: =D55 -> 7048.7685
B57: difference
A59: =MAX(A$49:A57) + 1 -> 2 | B59: Cobalt price realized price method | C59: =D$138 -> 2022 | D59: =E$138 -> >= 2025 | F59: ="DATA TABLE " & A59 -> DATA TABLE 2 | H59: %LME(actual) | I59: SOM_Contract | J59: SOM_Contract
B60: Cobalt net revenue | C60: {=INDEX(D$137:D$178, MATCH($B60, B$137:B$178, 0),)} -> 962.82273 | D60: {=INDEX(E$137:E$178, MATCH($B60, B$137:B$178, 0),)} -> 4318.6154 | G60: =C60 -> 962.82273
G61: =D60 -> 4318.6154
B62: difference
B64: =OnePager!F5 -> Variable Payable Co Rates
A65: =MAX(A$49:A63) + 1 -> 3 | B65: =B20 -> Cobalt Payable Rate applied in model | C65: =D$138 -> 2022 | D65: =E$138 -> >= 2025 | F65: ="DATA TABLE " & A65 -> DATA TABLE 3 | H65: 0.6 | I65: =$H$20 -> 0.7 | J65: 0.9
B66: Cobalt net revenue | C66: {=INDEX(D$137:D$178, MATCH($B66, B$137:B$178, 0),)} -> 962.82273 | D66: {=INDEX(E$137:E$178, MATCH($B66, B$137:B$178, 0),)} -> 4318.6154 | G66: =C66 -> 962.82273 | H66: 820.55602 | I66: 962.82273 | J66: 1247.3561
G67: =D66 -> 4318.6154 | H67: 3667.8139 | I67: 4318.6154 | J67: 5620.2185
B68: difference | H68: =H67 - $I$67 -> -650.80155 | I68: =I67 - $I$67 -> 0 | J68: =J67 - $I$67 -> 1301.6031
B70: =OnePager!$F$6 -> Transport charges included
A71: =MAX(A$49:A70) + 1 -> 4 | B71: =B16 -> Apply Cu transport / quality discount (1 = yes) | C71: =D$138 -> 2022 | D71: =E$138 -> >= 2025 | F71: ="DATA TABLE " & A71 -> DATA TABLE 4 | I71: 1
B72: Copper net revenue | C72: {=INDEX(D$137:D$178, MATCH($B72, B$137:B$178, 0),)} -> 827.43128 | D72: {=INDEX(E$137:E$178, MATCH($B72, B$137:B$178, 0),)} -> 7048.7685 | G72: =C72 -> 827.43128 | H72: 858.47826 | I72: 827.43128 | J72: 858.47826
G73: =D72 -> 7048.7685 | H73: 7314.0687 | I73: 7048.7685 | J73: 7314.0687
B74: difference | H74: =H73 - $I$73 -> 265.30015 | I74: =I73 - $I$73 -> 0 | J74: =J73 - $I$73 -> 265.30015
B76: =OnePager!$F$7 -> 2% fee on 3rd party sales
A77: =MAX(A$49:A76) + 1 -> 5 | B77: =B17 -> Third Party Marketing Charge: Cu & Co | C77: =D$138 -> 2022 | D77: =E$138 -> >= 2025 | F77: ="DATA TABLE " & A77 -> DATA TABLE 5 | H77: 0.02 | I77: 0.008 | J77: 0
B78: Copper & Cobalt net revenue | C78: {=INDEX(D$137:D$178, MATCH($B78, B$137:B$178, 0),)} -> 1790.254 | D78: {=INDEX(E$137:E$178, MATCH($B78, B$137:B$178, 0),)} -> 11367.384 | G78: =C78 -> 1790.254 | H78: 1770.4413 | I78: 1790.254 | J78: 1803.4625
G79: =D78 -> 11367.384 | H79: 11240.84 | I79: 11367.384 | J79: 11451.747
B80: difference | H80: =H79 - $I79 -> -126.54411 | I80: =I79 - $I79 -> 0 | J80: =J79 - $I79 -> 84.362737
B82: =OnePager!F8 -> +/- 5% reported Cu volume
A83: =MAX(A$49:A82) + 1 -> 6 | B83: =B23 -> Copper production sensitivity (forecast period) | C83: =D$138 -> 2022 | D83: =E$138 -> >= 2025 | F83: ="DATA TABLE " & A83 -> DATA TABLE 6 | H83: 0.95 | I83: 1 | J83: 1.05
B84: Copper net revenue | C84: {=INDEX(D$137:D$178, MATCH($B84, B$137:B$178, 0),)} -> 827.43128 | D84: {=INDEX(E$137:E$178, MATCH($B84, B$137:B$178, 0),)} -> 7048.7685 | G84: =C84 -> 827.43128 | H84: 827.43128 | I84: 827.43128 | J84: 827.43128
G85: =D84 -> 7048.7685 | H85: 6696.3301 | I85: 7048.7685 | J85: 7401.207
B86: difference | H86: =H85 - $I85 -> -352.43843 | I86: =I85 - $I85 -> 0 | J86: =J85 - $I85 -> 352.43843
B88: =OnePager!$F$9 -> +/- 5% reported Co volume
A89: =MAX(A$49:A88) + 1 -> 7 | B89: =B24 -> Cobalt production sensitivity (forecast period) | C89: =D$138 -> 2022 | D89: =E$138 -> >= 2025 | F89: ="DATA TABLE " & A89 -> DATA TABLE 7 | H89: 0.95 | I89: 1 | J89: 1.05
B90: Cobalt net revenue | C90: {=INDEX(D$137:D$178, MATCH($B90, B$137:B$178, 0),)} -> 962.82273 | D90: {=INDEX(E$137:E$178, MATCH($B90, B$137:B$178, 0),)} -> 4318.6154 | G90: =C90 -> 962.82273 | H90: 962.82273 | I90: 962.82273 | J90: 962.82273
G91: =D90 -> 4318.6154 | H91: 4102.6846 | I91: 4318.6154 | J91: 4534.5462
B92: difference | H92: =H91 - $I91 -> -215.93077 | I92: =I91 - $I91 -> 0 | J92: =J91 - $I91 -> 215.93077
B94: =OnePager!$F$10 -> CoHyd Grade range 30 - 35%
A95: =MAX(A$49:A94) + 1 -> 8 | B95: =B24 -> Cobalt production sensitivity (forecast period) | C95: =D$138 -> 2022 | D95: =E$138 -> >= 2025 | F95: ="DATA TABLE " & A95 -> DATA TABLE 8 | H95: 0.9 | I95: 1 | J95: 1.06 | L95: 0.3 | M95: 0.33 | N95: 0.35 | O95: Grade
B96: Cobalt net revenue | C96: {=INDEX(D$137:D$178, MATCH($B96, B$137:B$178, 0),)} -> 962.82273 | D96: {=INDEX(E$137:E$178, MATCH($B96, B$137:B$178, 0),)} -> 4318.6154 | G96: =C96 -> 962.82273 | H96: 962.82273 | I96: 962.82273 | J96: 962.82273 | L96: =L95 / M95 -> 0.90909091 | N96: =N95 / M95 -> 1.0606061
G97: =D96 -> 4318.6154 | H97: 3886.7539 | I97: 4318.6154 | J97: 4577.7323
B98: difference | H98: =H97 - $I97 -> -431.86154 | I98: =I97 - $I97 -> 0 | J98: =J97 - $I97 -> 259.11692
B100: =OnePager!F$25 -> Insufficient data to evaluate
A101: =MAX(A$49:A100) + 1 -> 9 | B101: =B$33 -> EPT: Apply inflation to FS prices and Operating Surplus | C101: =D$138 -> 2022 | D101: =E$138 -> >= 2025 | F101: ="DATA TABLE " & A101 -> DATA TABLE 9 | H101: yes | I101: no | J101: no
B102: Government revenues incl. Gecamines 2022 | C102: {=INDEX(D$137:D$178, MATCH($B102, B$137:B$178, 0),)} -> 448.3272 | D102: {=INDEX(E$137:E$178, MATCH($B102, B$137:B$178, 0),)} -> 1881.8692 | G102: =C102 -> 448.3272 | H102: 448.3272 | I102: 448.3272 | J102: 448.3272
G103: =D102 -> 1881.8692 | H103: 1881.8692 | I103: 1881.8692 | J103: 1881.8692
B104: difference | H104: =H103 - $I103 -> 0 | I104: =I103 - $I103 -> 0 | J104: =J103 - $I103 -> 0
B106: =OnePager!F15 -> Compare vs LIBOR + 4%
A107: =MAX(A$49:A106) + 1 -> 10 | B107: =B$34 -> Base case or alternative debt interest rates | C107: =C$138 -> >= 2014 | D107: =E$138 -> >= 2025 | F107: ="DATA TABLE " & A107 -> DATA TABLE 10 | H107: Computed | I107: Normative | J107: Normative
B108: Government revenues incl. Gecamines 2022 | C108: {=INDEX(C$137:C$178, MATCH($B108, B$137:B$178, 0),)} -> 3622.7662 | D108: {=INDEX(E$137:E$178, MATCH($B108, B$137:B$178, 0),)} -> 1881.8692 | G108: =C108 -> 3622.7662 | H108: 3622.7662 | I108: 3982.9546 | J108: 3982.9546
G109: =D108 -> 1881.8692 | H109: 1881.8692 | I109: 2127.4857 | J109: 2127.4857
B110: difference | H110: =H108 - $I108 -> -360.1884 | I110: =I109 - $I109 -> 0 | J110: =J109 - $I109 -> 0
B112: =OnePager!F16 -> FS stated opex vs stable opex
A113: =MAX(A$49:A112) + 1 -> 11 | B113: FS stated opex vs stable opex | C113: =C$138 -> >= 2014 | D113: =E$138 -> >= 2025 | F113: ="DATA TABLE " & A113 -> DATA TABLE 11 | H113: FS Opex | I113: Alt Opex | J113: Alt Opex
B114: Government revenues incl. Gecamines 2022 | C114: {=INDEX(C$137:C$178, MATCH($B114, B$137:B$178, 0),)} -> 3622.7662 | D114: {=INDEX(E$137:E$178, MATCH($B114, B$137:B$178, 0),)} -> 1881.8692 | G114: =C114 -> 3622.7662 | H114: 2501.5811 | I114: 3622.7662 | J114: 3622.7662
G115: =D114 -> 1881.8692 | H115: 1115.1963 | I115: 1881.8692 | J115: 1881.8692
...

Sheet Metalkol_Model1
A1: =RIGHT(CELL("filename", $A$3), LEN(CELL("filename", $A$3)) - SEARCH("]", CELL("filename", $A$3))) -> Metalkol_Model1
E2: Calendar year end | F2: =Track!$F$85 -> 0 | G2: Error chks | L2: ='T&E'!L$9 -> 2014 | M2: ='T&E'!M$9 -> 2015 | N2: ='T&E'!N$9 -> 2016 | O2: ='T&E'!O$9 -> 2017 | P2: ='T&E'!P$9 -> 2018 | Q2: ='T&E'!Q$9 -> 2019 | R2: ='T&E'!R$9 -> 2020 | S2: ='T&E'!S$9 -> 2021 | ... AV2: ='T&E'!AV$9 -> 2050
F3: =Track!F$3 -> 0 | G3: Track chgs | L3: Actual | M3: Actual | N3: Actual | O3: Actual | P3: Actual | Q3: Actual | R3: Actual | S3: Actual | T3: Actual | U3: Actual | V3: Actual | W3: Actual | X3: Actual | Y3: Actual | Z3: Actual | AA3: Actual | AB3: Actual | AC3: Actual | AD3: Actual | AE3: Forecast | AF3: Forecast | AG3: Forecast | AH3: Forecast | AI3: Forecast | AJ3: Forecast | AK3: Forecast | AL3: Forecast | AM3: Forecast | AN3: Forecast | AO3: Forecast | AP3: Forecast | AQ3: Forecast | AR3: Forecast | AS3: Forecast | AT3: Forecast | AU3: Forecast | AV3: Forecast
F4: Constant | G4: Units | H4: Sparkline | I4: Source / Comments | L4: ='T&E'!L$11 -> 1 | M4: ='T&E'!M$11 -> 2 | N4: ='T&E'!N$11 -> 3 | O4: ='T&E'!O$11 -> 4 | P4: ='T&E'!P$11 -> 5 | Q4: ='T&E'!Q$11 -> 6 | R4: ='T&E'!R$11 -> 7 | S4: ='T&E'!S$11 -> 8 | ... AV4: ='T&E'!AV$11 -> 37
A6: PRODUCTION AND SALES VOLUMES
B8: Copper: historic and Forecast Production Profile
C9: Actual copper sales
E10: =InputsTS!E$131 -> Copper Cathode Exports | F10: =InputsTS!F$131 -> 0 | G10: =InputsTS!G$131 -> tonnes | H10: =InputsTS!H$131 -> 0 | I10: =InputsTS!I$131 -> I | J10: =InputsTS!J$131 -> 0 | K10: =InputsTS!K$131 -> 0 | L10: =InputsTS!L$131 -> 0 | ... AV10: =InputsTS!AV$131 -> 0
E11: =InputsTS!E$49 -> Copper Production (FS22) | F11: =InputsTS!F$49 -> 0 | G11: =InputsTS!G$49 -> tonnes | H11: =InputsTS!H$49 -> 0 | I11: =InputsTS!I$49 -> 0 | J11: =InputsTS!J$49 -> 0 | K11: =InputsTS!K$49 -> 0 | L11: =InputsTS!L$49 -> 0 | ... AV11: =InputsTS!AV$49 -> 0
E12: Copper produced: 2022FS + actuals | G12: =G11 -> tonnes | H12: =Kamoto_2019TR!H$27 -> 0 | J12: =SUM(L12:AV12) -> 1421074.3 | K12: =Kamoto_2019TR!K$27 -> 0 | L12: =IF(L11 <> 0, L11, L10) -> 0 | M12: =IF(M11 <> 0, M11, M10) -> 0 | N12: =IF(N11 <> 0, N11, N10) -> 0 | O12: =IF(O11 <> 0, O11, O10) -> 0 | P12: =IF(P11 <> 0, P11, P10) -> 9225.5634 | Q12: =IF(Q11 <> 0, Q11, Q10) -> 95205.769 | R12: =IF(R11 <> 0, R11, R10) -> 80312 | S12: =IF(S11 <> 0, S11, S10) -> 94807 | ... AV12: =IF(AV11 <> 0, AV11, AV10) -> 0
C14: Copper production into model
E15: =InputsTS!E$17 -> Copper production sensitivity (forecast period) | F15: =InputsTS!F$17 -> 0 | G15: =InputsTS!G$17 -> % | H15: =InputsTS!H$17 -> 0 | I15: =InputsTS!I$17 -> 0 | J15: =InputsTS!J$17 -> 0 | K15: =InputsTS!K$17 -> 0 | L15: =InputsTS!L$17 -> 1 | ... AV15: =InputsTS!AV$17 -> 1
E16: Copper production 2022Fs + actuals | G16: KT Cu | J16: =SUM(L16:AV16) -> 1421.0743 | L16: =( L12 / 1000 ) * L15 -> 0 | M16: =( M12 / 1000 ) * M15 -> 0 | N16: =( N12 / 1000 ) * N15 -> 0 | O16: =( O12 / 1000 ) * O15 -> 0 | P16: =( P12 / 1000 ) * P15 -> 9.2255634 | Q16: =( Q12 / 1000 ) * Q15 -> 95.205769 | R16: =( R12 / 1000 ) * R15 -> 80.312 | S16: =( S12 / 1000 ) * S15 -> 94.807 | ... AV16: =( AV12 / 1000 ) * AV15 -> 0
B18: Cobalt: historic and Forecast Production Profile
C19: Actual cobalt sales
E20: =InputsTS!E$139 -> Cobalt tonnes sold | F20: =InputsTS!F$139 -> 0 | G20: =InputsTS!G$139 -> tonnes | H20: =InputsTS!H$139 -> 0 | I20: =InputsTS!I$139 -> II | J20: =InputsTS!J$139 -> 0 | K20: =InputsTS!K$139 -> 0 | L20: =InputsTS!L$139 -> 0 | ... AV20: =InputsTS!AV$139 -> 0
E21: =InputsTS!E$50 -> Cobalt Production (FS22) | F21: =InputsTS!F$50 -> 0 | G21: =InputsTS!G$50 -> tonnes | H21: =InputsTS!H$50 -> 0 | I21: =InputsTS!I$50 -> 0 | J21: =InputsTS!J$50 -> 0 | K21: =InputsTS!K$50 -> 0 | L21: =InputsTS!L$50 -> 0 | ... AV21: =InputsTS!AV$50 -> 0
E22: Cobalt produced: 2022FS + actuals | G22: =G21 -> tonnes | H22: =Kamoto_2019TR!H$27 -> 0 | J22: =SUM(L22:AV22) -> 280825.11 | K22: =Kamoto_2019TR!K$27 -> 0 | L22: =IF(L21 <> 0, L21, L20) -> 0 | M22: =IF(M21 <> 0, M21, M20) -> 0 | N22: =IF(N21 <> 0, N21, N20) -> 0 | O22: =IF(O21 <> 0, O21, O20) -> 0 | P22: =IF(P21 <> 0, P21, P20) -> 208.40302 | Q22: =IF(Q21 <> 0, Q21, Q20) -> 18932.703 | R22: =IF(R21 <> 0, R21, R20) -> 16392 | S22: =IF(S21 <> 0, S21, S20) -> 20740 | ... AV22: =IF(AV21 <> 0, AV21, AV20) -> 0
C24: Cobalt production into model
E25: =InputsTS!E$18 -> Cobalt production sensitivity (forecast period) | F25: =InputsTS!F$18 -> 0 | G25: =InputsTS!G$18 -> % | H25: =InputsTS!H$18 -> 0 | I25: =InputsTS!I$18 -> 0 | J25: =InputsTS!J$18 -> 0 | K25: =InputsTS!K$18 -> 0 | L25: =InputsTS!L$18 -> 1 | ... AV25: =InputsTS!AV$18 -> 1
E26: Cobalt production 2022FS + actuals | G26: KT | J26: =SUM(L26:AV26) -> 280.82511 | L26: =( L22 / 1000 ) * L25 -> 0 | M26: =( M22 / 1000 ) * M25 -> 0 | N26: =( N22 / 1000 ) * N25 -> 0 | O26: =( O22 / 1000 ) * O25 -> 0 | P26: =( P22 / 1000 ) * P25 -> 0.20840302 | Q26: =( Q22 / 1000 ) * Q25 -> 18.932703 | R26: =( R22 / 1000 ) * R25 -> 16.392 | S26: =( S22 / 1000 ) * S25 -> 20.74 | ... AV26: =( AV22 / 1000 ) * AV25 -> 0
C28: Ratio Co to Cu
E29: =E$16 -> Copper production 2022Fs + actuals | F29: =F$16 -> 0 | G29: =G$16 -> KT Cu | H29: =H$16 -> 0 | I29: =I$16 -> 0 | J29: =J$16 -> 1421.0743 | K29: =K$16 -> 0 | L29: =L$16 -> 0 | ... AV29: =AV$16 -> 0
E30: Co ratio | F30: =SUM(L26:AV26) / SUM(L29:AV29) -> 0.19761465 | G30: % Cu tonnes | L30: =IFERROR(L26 / L29, 0) -> 0 | M30: =IFERROR(M26 / M29, 0) -> 0 | N30: =IFERROR(N26 / N29, 0) -> 0 | O30: =IFERROR(O26 / O29, 0) -> 0 | P30: =IFERROR(P26 / P29, 0) -> 0.022589734 | Q30: =IFERROR(Q26 / Q29, 0) -> 0.19886088 | R30: =IFERROR(R26 / R29, 0) -> 0.20410399 | S30: =IFERROR(S26 / S29, 0) -> 0.21876022 | ... AV30: =IFERROR(AV26 / AV29, 0) -> 0
A32: COPPER PRICING
B34: Copper LME price: actual & forecast
C35: Copper historic price
E36: =InputsTS!E$192 -> IMF WEO April 2024 Copper, grade A cathode, LME spot price, CIF European ports, | F36: =InputsTS!F$192 -> 0 | G36: =InputsTS!G$192 -> US$ per metric tonne | H36: =InputsTS!H$192 -> 0 | I36: =InputsTS!I$192 -> to add, from WEO file | J36: =InputsTS!J$192 -> 0 | K36: =InputsTS!K$192 -> 0 | L36: =InputsTS!L$192 -> 6863.397 | ... AV36: =InputsTS!AV$192 -> 0
C38: Copper forecast price
E39: =InputsCon!E$38 -> Copper forecast price | F39: =InputsCon!F$38 -> IMF_WEO | G39: =InputsCon!G$38 -> option selected
E40: =InputsTS!E$231 -> Cu forecast: IMF_WEO | F40: =InputsTS!F$231 -> IMF_WEO | G40: =InputsTS!G$231 -> $ / tonne | H40: =InputsTS!H$231 -> 0 | I40: =InputsTS!I$231 -> 0 | J40: =InputsTS!J$231 -> 0 | K40: =InputsTS!K$231 -> 0 | L40: =InputsTS!L$231 -> 6863.397 | ... AV40: =InputsTS!AV$231 -> 13161.083
E42: ="Copper actual & forecast price: " & $F39 -> Copper actual & forecast price: IMF_WEO | G42: $ / tonne | L42: =IF(L36 > 0, L36, L40 ) -> 6863.397 | M42: =IF(M36 > 0, M36, M40 ) -> 5510.457 | N42: =IF(N36 > 0, N36, N40 ) -> 4867.897 | O42: =IF(O36 > 0, O36, O40 ) -> 6169.94 | P42: =IF(P36 > 0, P36, P40 ) -> 6529.798 | Q42: =IF(Q36 > 0, Q36, Q40 ) -> 6010.145 | R42: =IF(R36 > 0, R36, R40 ) -> 6174.558 | S42: =IF(S36 > 0, S36, S40 ) -> 9317.409 | ... AV42: =IF(AV36 > 0, AV36, AV40 ) -> 13161.083
B44: Actual / reported Cu realized prices
E45: =InputsTS!E$184 -> Weighted average actual realised copper price (MinMin) | F45: =InputsTS!F$184 -> 0 | G45: =InputsTS!G$184 -> $ / tonne | H45: =InputsTS!H$184 -> 0 | I45: =InputsTS!I$184 -> III | J45: =InputsTS!J$184 -> 0 | K45: =InputsTS!K$184 -> 0 | L45: =InputsTS!L$184 -> 0 | ... AV45: =InputsTS!AV$184 -> 0
E46: Combined realized Cu prices | G46: $ / tonne | L46: =L45 -> 0 | M46: =M45 -> 0 | N46: =N45 -> 0 | O46: =O45 -> 0 | P46: =P45 -> 6495.8938 | Q46: =Q45 -> 6002.3411 | R46: =R45 -> 5830.4841 | S46: =S45 -> 9162.9231 | ... AV46: =AV45 -> 0
B48: Cu realized price using % LME
C49: Cu price using actual
E50: Cu price using actual | F50: %LME(actual) | G50: label
E51: =E$46 -> Combined realized Cu prices | F51: =F$46 -> 0 | G51: =G$46 -> $ / tonne | H51: =H$46 -> 0 | I51: =I$46 -> 0 | J51: =J$46 -> 0 | K51: =K$46 -> 0 | L51: =L$46 -> 0 | ... AV51: =AV$46 -> 0
E52: =InputsTS!E$192 -> IMF WEO April 2024 Copper, grade A cathode, LME spot price, CIF European ports, | F52: =InputsTS!F$192 -> 0 | G52: =InputsTS!G$192 -> US$ per metric tonne | H52: =InputsTS!H$192 -> 0 | I52: =InputsTS!I$192 -> to add, from WEO file | J52: =InputsTS!J$192 -> 0 | K52: =InputsTS!K$192 -> 0 | L52: =InputsTS!L$192 -> 6863.397 | ... AV52: =InputsTS!AV$192 -> 0
E53: Discount Realised Price to LME Copper Cash Settlement | G53: % | K53: =IF(AND(K52>0,K46>0),K46/K52-1,0) -> 0 | L53: =IFERROR(L51 / L52, 0) -> 0 | M53: =IFERROR(M51 / M52, 0) -> 0 | N53: =IFERROR(N51 / N52, 0) -> 0 | O53: =IFERROR(O51 / O52, 0) -> 0 | P53: =IFERROR(P51 / P52, 0) -> 0.99480777 | Q53: =IFERROR(Q51 / Q52, 0) -> 0.99870154 | R53: =IFERROR(R51 / R52, 0) -> 0.94427554 | S53: =IFERROR(S51 / S52, 0) -> 0.98341965 | ... AV53: =IFERROR(AV51 / AV52, 0) -> 0
E54: Average actual Realised Price vs LME | F54: =AVERAGEIF(L53:AV53,"<> 0") -> 0.98030113 | G54: %
E56: =E$42 -> Copper actual & forecast price: IMF_WEO | F56: =F$42 -> 0 | G56: =G$42 -> $ / tonne | H56: =H$42 -> 0 | I56: =I$42 -> 0 | J56: =J$42 -> 0 | K56: =K$42 -> 0 | L56: =L$42 -> 6863.397 | ... AV56: =AV$42 -> 13161.083
E57: ="Copper realized price: " & F57 -> Copper realized price: %LME(actual) | F57: =F50 -> %LME(actual) | G57: $ / tonne | K57: =K56 * ( 1 + $F$54 ) -> 0 | L57: =IF( L53 <> 0, L53, $F54) * L56 -> 6728.1958 | M57: =IF( M53 <> 0, M53, $F54) * M56 -> 5401.9072 | N57: =IF( N53 <> 0, N53, $F54) * N56 -> 4772.0049 | O57: =IF( O53 <> 0, O53, $F54) * O56 -> 6048.3991 | P57: =IF( P53 <> 0, P53, $F54) * P56 -> 6495.8938 | Q57: =IF( Q53 <> 0, Q53, $F54) * Q56 -> 6002.3411 | R57: =IF( R53 <> 0, R53, $F54) * R56 -> 5830.4841 | S57: =IF( S53 <> 0, S53, $F54) * S56 -> 9162.9231 | ... AV57: =IF( AV53 <> 0, AV53, $F54) * AV56 -> 12901.825
C59: Cu price using assumed % LME
E60: =InputsCon!E$41 -> Copper: Realised Price vs LME for "LMEAssumed" | F60: =InputsCon!F$41 -> 0.95 | G60: =InputsCon!G$41 -> %
E61: Cu price using assumed % LME | F61: %LME(assumed) | G61: label
E63: =E$42 -> Copper actual & forecast price: IMF_WEO | F63: =F$42 -> 0 | G63: =G$42 -> $ / tonne | H63: =H$42 -> 0 | I63: =I$42 -> 0 | J63: =J$42 -> 0 | K63: =K$42 -> 0 | L63: =L$42 -> 6863.397 | ... AV63: =AV$42 -> 13161.083
E64: ="Copper realized price: " & F64 -> Copper realized price: %LME(assumed) | F64: =F61 -> %LME(assumed) | G64: $ / tonne | K64: =K63 * ( 1 + $F$54 ) -> 0 | L64: =L63 * $F60 -> 6520.2271 | M64: =M63 * $F60 -> 5234.9342 | N64: =N63 * $F60 -> 4624.5021 | O64: =O63 * $F60 -> 5861.443 | P64: =P63 * $F60 -> 6203.3081 | Q64: =Q63 * $F60 -> 5709.6377 | R64: =R63 * $F60 -> 5865.8301 | S64: =S63 * $F60 -> 8851.5385 | ... AV64: =AV63 * $F60 -> 12503.029
E65: =E64 -> Copper realized price: %LME(assumed) | G65: % LME | L65: =L64 / L63 -> 0.95 | M65: =M64 / M63 -> 0.95 | N65: =N64 / N63 -> 0.95 | O65: =O64 / O63 -> 0.95 | P65: =P64 / P63 -> 0.95 | Q65: =Q64 / Q63 -> 0.95 | R65: =R64 / R63 -> 0.95 | S65: =S64 / S63 -> 0.95 | ... AV65: =AV64 / AV63 -> 0.95
B67: Cu price using SOMIDEZ contract terms | F67: SOM_Contract | G67: label
E68: =InputsTS!E$135 -> Third Party Marketing Charge: Cu & Co | F68: =InputsTS!F$135 -> 0.008 | G68: =InputsTS!G$135 -> % | H68: =InputsTS!H$135 -> 0 | I68: =InputsTS!I$135 -> XXIX
E69: =InputsTS!E$136 -> Som contract: placeholder assumption of third party sales: Cu | F69: =InputsTS!F$136 -> 0.9 | G69: =InputsTS!G$136 -> % | H69: =InputsTS!H$136 -> 0 | I69: =InputsTS!I$136 -> XXIX
E70: Third Party Marketing Charges | F70: =F69 * F68 -> 0.0072 | G70: %
E72: =E$42 -> Copper actual & forecast price: IMF_WEO | F72: =F$42 -> 0 | G72: =G$42 -> $ / tonne | H72: =H$42 -> 0 | I72: =I$42 -> 0 | J72: =J$42 -> 0 | K72: =K$42 -> 0 | L72: =L$42 -> 6863.397 | ... AV72: =AV$42 -> 13161.083
E73: =E$70 -> Third Party Marketing Charges | F73: =F$70 -> 0.0072 | G73: =G$70 -> %
E74: =InputsTS!E$134 -> Level 2 Discount | F74: =InputsTS!F$134 -> 317 | G74: =InputsTS!G$134 -> $ / tonne | H74: =InputsTS!H$134 -> 0 | I74: =InputsTS!I$134 -> XXIX
E75: =InputsCon!E$46 -> Apply Cu transport / quality discount (1 = yes) | F75: =InputsCon!F$46 -> 1 | G75: =InputsCon!G$46 -> flag
E77: =InputsTS!E$184 -> Weighted average actual realised copper price (MinMin) | F77: =InputsTS!F$184 -> 0 | G77: =InputsTS!G$184 -> $ / tonne | H77: =InputsTS!H$184 -> 0 | I77: =InputsTS!I$184 -> III | J77: =InputsTS!J$184 -> 0 | K77: =InputsTS!K$184 -> 0 | L77: =InputsTS!L$184 -> 0 | ... O77: =InputsTS!O$184 -> 0 | P77: =InputsTS!#REF! -> #REF! | Q77: =InputsTS!#REF! -> #REF! | R77: =InputsTS!#REF! -> #REF! | S77: =InputsTS!#REF! -> #REF! | T77: =InputsTS!T$184 -> 0 | U77: =InputsTS!U$184 -> 0 | V77: =InputsTS!V$184 -> 0 | W77: =InputsTS!W$184 -> 0 | X77: =InputsTS!P$184 -> 6495.8938 | Y77: =InputsTS!Q$184 -> 6002.3411 | Z77: =InputsTS!R$184 -> 5830.4841 | AA77: =InputsTS!S$184 -> 9162.9231 | AB77: =InputsTS!AB$184 -> 0 | AC77: =InputsTS!AC$184 -> 0 | AD77: =InputsTS!AD$184 -> 0 | AE77: =InputsTS!AE$184 -> 0 | AF77: =InputsTS!AF$184 -> 0 | AG77: =InputsTS!AG$184 -> 0 | AH77: =InputsTS!AH$184 -> 0 | AI77: =InputsTS!AI$184 -> 0 | ... XFD77: =InputsTS!XFD$184 -> 0
E79: ="Copper realized price: " & F79 -> Copper realized price: SOM_Contract | F79: =F67 -> SOM_Contract | G79: $ / tonne | K79: =K72 * ( 1 - $F$70 ) - $F$71 -> 0 | L79: =L72 * ( 1 - $F$73 ) - $F$74 * $F75 -> 6496.9805 | M79: =M72 * ( 1 - $F$73 ) - $F$74 * $F75 -> 5153.7817 | N79: =N72 * ( 1 - $F$73 ) - $F$74 * $F75 -> 4515.8481 | O79: =O72 * ( 1 - $F$73 ) - $F$74 * $F75 -> 5808.5164 | P79: =P72 * ( 1 - $F$73 ) - $F$74 * $F75 -> 6165.7835 | Q79: =Q72 * ( 1 - $F$73 ) - $F$74 * $F75 -> 5649.872 | R79: =R72 * ( 1 - $F$73 ) - $F$74 * $F75 -> 5813.1012 | S79: =S72 * ( 1 - $F$73 ) - $F$74 * $F75 -> 8933.3237 | ... AV79: =AV72 * ( 1 - $F$73 ) - $F$74 * $F75 -> 12749.323
E80: Copper realized price | G80: % LME | L80: =L79 / L72 -> 0.94661296 | M80: =M79 / M72 -> 0.93527301 | N80: =N79 / N72 -> 0.92767948 | O80: =O79 / O72 -> 0.94142187 | P80: =P79 / P72 -> 0.94425332 | Q80: =Q79 / Q72 -> 0.94005585 | R80: =R79 / R72 -> 0.94146029 | S80: =S79 / S72 -> 0.95877767 | ... AV80: =AV79 / AV72 -> 0.96871384
B82: Cu realized price options
F83: top
E84: =E$57 -> Copper realized price: %LME(actual) | F84: =F$57 -> %LME(actual) | G84: =G$57 -> $ / tonne | H84: =H$57 -> 0 | I84: =I$57 -> 0 | J84: =J$57 -> 0 | K84: =K$57 -> 0 | L84: =L$57 -> 6728.1958 | ... AV84: =AV$57 -> 12901.825
E85: =E$64 -> Copper realized price: %LME(assumed) | F85: =F$64 -> %LME(assumed) | G85: =G$64 -> $ / tonne | H85: =H$64 -> 0 | I85: =I$64 -> 0 | J85: =J$64 -> 0 | K85: =K$64 -> 0 | L85: =L$64 -> 6520.2271 | ... AV85: =AV$64 -> 12503.029
E86: =E$79 -> Copper realized price: SOM_Contract | F86: =F$79 -> SOM_Contract | G86: =G$79 -> $ / tonne | H86: =H$79 -> 0 | I86: =I$79 -> 0 | J86: =J$79 -> 0 | K86: =K$79 -> 0 | L86: =L$79 -> 6496.9805 | ... AV86: =AV$79 -> 12749.323
F87: bottom
E89: =InputsCon!E$40 -> Cu realized price method | F89: =InputsCon!F$40 -> SOM_Contract | G89: =InputsCon!G$40 -> selected
E91: =INDEX(E83:E87, MATCH($F89, $F83:$F87, 0)) -> Copper realized price: SOM_Contract | G91: =INDEX(G83:G87, MATCH($F89, $F83:$F87, 0)) -> $ / tonne | H91: =INDEX(H83:H87, MATCH($F89, $F83:$F87, 0)) -> 0 | I91: =INDEX(I83:I87, MATCH($F89, $F83:$F87, 0)) -> 0 | J91: =INDEX(J83:J87, MATCH($F89, $F83:$F87, 0)) -> 0 | K91: =INDEX(K83:K87, MATCH($F89, $F83:$F87, 0)) -> 0 | L91: =INDEX(L83:L87, MATCH($F89, $F83:$F87, 0)) -> 6496.9805 | M91: =INDEX(M83:M87, MATCH($F89, $F83:$F87, 0)) -> 5153.7817 | N91: =INDEX(N83:N87, MATCH($F89, $F83:$F87, 0)) -> 4515.8481 | ... AV91: =INDEX(AV83:AV87, MATCH($F89, $F83:$F87, 0)) -> 12749.323
A93: COBALT PRICING
B95: Cobalt LME price: actual & forecast
C96: Cobalt LME historic price
E97: =InputsTS!E$250 -> IMF Cobalt Spot Price (PCOBA) | F97: =InputsTS!F$250 -> 0 | G97: =InputsTS!G$250 -> $ / tonne | H97: =InputsTS!H$250 -> 0 | I97: =InputsTS!I$250 -> IX | J97: =InputsTS!J$250 -> 0 | K97: =InputsTS!K$250 -> 0 | L97: =InputsTS!L$250 -> 30780.732 | ... AV97: =InputsTS!AV$250 -> 0
C99: Cobalt LME forecast price
E100: =InputsCon!E$39 -> Cobalt forecast price | F100: =InputsCon!F$39 -> IMF_WEO | G100: =InputsCon!G$39 -> option selected
E101: =InputsTS!E$295 -> Co forecast: IMF_WEO | F101: =InputsTS!F$295 -> IMF_WEO | G101: =InputsTS!G$295 -> $ / tonne | H101: =InputsTS!H$295 -> 0 | I101: =InputsTS!I$295 -> 0 | J101: =InputsTS!J$295 -> 0 | K101: =InputsTS!K$295 -> 0 | L101: =InputsTS!L$295 -> 0 | ... AV101: =InputsTS!AV$295 -> 60730.614
E103: ="Cobalt LME actual & forecast price: " & $F100 -> Cobalt LME actual & forecast price: IMF_WEO | G103: $ / tonne | K103: =IF(K97 > 0, K97,#REF! ) -> #REF! | L103: =IF(L97 > 0, L97, L101 ) -> 30780.732 | M103: =IF(M97 > 0, M97, M101 ) -> 28451.661 | N103: =IF(N97 > 0, N97, N101 ) -> 25463.369 | O103: =IF(O97 > 0, O97, O101 ) -> 55832.171 | P103: =IF(P97 > 0, P97, P101 ) -> 72911.237 | Q103: =IF(Q97 > 0, Q97, Q101 ) -> 33177.632 | R103: =IF(R97 > 0, R97, R101 ) -> 31444.927 | S103: =IF(S97 > 0, S97, S101 ) -> 51235.518 | ... AV103: =IF(AV97 > 0, AV97, AV101 ) -> 60730.614
B105: Actual / reported Co realized prices
E106: =InputsTS!E$245 -> Weighted average realised copper price (MinMin) | F106: =InputsTS!F$245 -> 0 | G106: =InputsTS!G$245 -> $ / tonne | H106: =InputsTS!H$245 -> 0 | I106: =InputsTS!I$245 -> III | J106: =InputsTS!J$245 -> 0 | K106: =InputsTS!K$245 -> 0 | L106: =InputsTS!L$245 -> 0 | ... AV106: =InputsTS!AV$245 -> 0
E107: Combined realized Co prices | G107: $ / tonne | L107: =L106 -> 0 | M107: =M106 -> 0 | N107: =N106 -> 0 | O107: =O106 -> 0 | P107: =P106 -> 37837.343 | Q107: =Q106 -> 23569.53 | R107: =R106 -> 22218.616 | S107: =S106 -> 37140.381 | ... AV107: =AV106 -> 0
B109: Cobalt price using % LME
C110: Using actual realized price
E111: Actual realized price versus LME | F111: %LME(actual) | G111: label
E112: =E$103 -> Cobalt LME actual & forecast price: IMF_WEO | F112: =F$103 -> 0 | G112: =G$103 -> $ / tonne | H112: =H$103 -> 0 | I112: =I$103 -> 0 | J112: =J$103 -> 0 | K112: =K$103 -> #REF! | L112: =L$103 -> 30780.732 | ... AV112: =AV$103 -> 60730.614
E113: =E$107 -> Combined realized Co prices | F113: =F$107 -> 0 | G113: =G$107 -> $ / tonne | H113: =H$107 -> 0 | I113: =I$107 -> 0 | J113: =J$107 -> 0 | K113: =K$107 -> 0 | L113: =L$107 -> 0 | ... AV113: =AV$107 -> 0
E114: Realised Price versus LME Price | G114: % | K114: =IF(AND(K112>0,K113>0),K113/K112-1,0) -> #REF! | L114: =IFERROR(L113 / L112, 0) -> 0 | M114: =IFERROR(M113 / M112, 0) -> 0 | N114: =IFERROR(N113 / N112, 0) -> 0 | O114: =IFERROR(O113 / O112, 0) -> 0 | P114: =IFERROR(P113 / P112, 0) -> 0.51895077 | Q114: =IFERROR(Q113 / Q112, 0) -> 0.71040421 | R114: =IFERROR(R113 / R112, 0) -> 0.70658826 | S114: =IFERROR(S113 / S112, 0) -> 0.7248952 | ... AV114: =IFERROR(AV113 / AV112, 0) -> 0
E115: Average Discount Realised Price - Benchmark | F115: =AVERAGEIF(L114:AV114,"<> 0") -> 0.66520961 | G115: %
E117: =E$103 -> Cobalt LME actual & forecast price: IMF_WEO | F117: =F$103 -> 0 | G117: =G$103 -> $ / tonne | H117: =H$103 -> 0 | I117: =I$103 -> 0 | J117: =J$103 -> 0 | K117: =K$103 -> #REF! | L117: =L$103 -> 30780.732 | ... AV117: =AV$103 -> 60730.614
E118: ="Cobalt realized price: " & F118 -> Cobalt realized price: %LME(actual) | F118: =F111 -> %LME(actual) | G118: $ / tonne | K118: =K117 * ( 1 + $F$115 ) -> #REF! | L118: =IF( L113 <> 0, L113, L117 * $F115) -> 20475.639 | M118: =IF( M113 <> 0, M113, M117 * $F115) -> 18926.318 | N118: =IF( N113 <> 0, N113, N117 * $F115) -> 16938.478 | O118: =IF( O113 <> 0, O113, O117 * $F115) -> 37140.097 | P118: =IF( P113 <> 0, P113, P117 * $F115) -> 37837.343 | Q118: =IF( Q113 <> 0, Q113, Q117 * $F115) -> 23569.53 | R118: =IF( R113 <> 0, R113, R117 * $F115) -> 22218.616 | S118: =IF( S113 <> 0, S113, S117 * $F115) -> 37140.381 | ... AV118: =IF( AV113 <> 0, AV113, AV117 * $F115) -> 40398.588
E119: =E118 -> Cobalt realized price: %LME(actual) | G119: % LME | L119: =L118 / L117 -> 0.66520961 | M119: =M118 / M117 -> 0.66520961 | N119: =N118 / N117 -> 0.66520961 | O119: =O118 / O117 -> 0.66520961 | P119: =P118 / P117 -> 0.51895077 | Q119: =Q118 / Q117 -> 0.71040421 | R119: =R118 / R117 -> 0.70658826 | S119: =S118 / S117 -> 0.7248952 | ... AV119: =AV118 / AV117 -> 0.66520961
C121: Using assumed % LME
E122: Actual realized price versus LME | F122: %LME(assumed) | G122: label
E123: =InputsCon!E$43 -> Cobalt: Realised Price vs LME for "LMEAssumed" | F123: =InputsCon!F$43 -> 0.7 | G123: =InputsCon!G$43 -> %
E124: =E$103 -> Cobalt LME actual & forecast price: IMF_WEO | F124: =F$103 -> 0 | G124: =G$103 -> $ / tonne | H124: =H$103 -> 0 | I124: =I$103 -> 0 | J124: =J$103 -> 0 | K124: =K$103 -> #REF! | L124: =L$103 -> 30780.732 | ... AV124: =AV$103 -> 60730.614
E125: ="Cobalt realized price: " & F125 -> Cobalt realized price: %LME(assumed) | F125: =F122 -> %LME(assumed) | G125: $ / tonne | K125: =K124 * ( 1 + $F$115 ) -> #REF! | L125: =L124 * $F123 -> 21546.512 | M125: =M124 * $F123 -> 19916.162 | N125: =N124 * $F123 -> 17824.358 | O125: =O124 * $F123 -> 39082.52 | P125: =P124 * $F123 -> 51037.866 | Q125: =Q124 * $F123 -> 23224.343 | R125: =R124 * $F123 -> 22011.449 | S125: =S124 * $F123 -> 35864.863 | ... AV125: =AV124 * $F123 -> 42511.43
E126: =E125 -> Cobalt realized price: %LME(assumed) | G126: % LME | L126: =L125 / L124 -> 0.7 | M126: =M125 / M124 -> 0.7 | N126: =N125 / N124 -> 0.7 | O126: =O125 / O124 -> 0.7 | P126: =P125 / P124 -> 0.7 | Q126: =Q125 / Q124 -> 0.7 | R126: =R125 / R124 -> 0.7 | S126: =S125 / S124 -> 0.7 | ... AV126: =AV125 / AV124 -> 0.7
B128: Co price using SOMIDEZ contract terms | F128: SOM_Contract | G128: label
C129: Payable Rate Discount
E130: =E$103 -> Cobalt LME actual & forecast price: IMF_WEO | F130: =F$103 -> 0 | G130: =G$103 -> $ / tonne | H130: =H$103 -> 0 | I130: =I$103 -> 0 | J130: =J$103 -> 0 | K130: =K$103 -> #REF! | L130: =L$103 -> 30780.732 | ... AV130: =AV$103 -> 60730.614
E131: =InputsTS!E$159 -> Cobalt Payable Rate applied in model | F131: =InputsTS!F$159 -> 0.7 | G131: =InputsTS!G$159 -> %
...

Sheet EITI_Rev
A1: =RIGHT(CELL("filename", $A$3), LEN(CELL("filename", $A$3)) - SEARCH("]", CELL("filename", $A$3))) -> EITI_Rev
F2: =Track!$F$85 -> 0 | G2: Error chks | L2: ='T&E'!L$9 -> 2014 | M2: ='T&E'!M$9 -> 2015 | N2: ='T&E'!N$9 -> 2016 | O2: ='T&E'!O$9 -> 2017 | P2: ='T&E'!P$9 -> 2018 | Q2: ='T&E'!Q$9 -> 2019 | R2: ='T&E'!R$9 -> 2020 | S2: ='T&E'!S$9 -> 2021 | ... AV2: ='T&E'!AV$9 -> 2050
F3: =Track!F$3 -> 0 | G3: Track chgs | L3: Actual | M3: Actual | N3: Actual | O3: Actual | P3: Actual | Q3: Actual | R3: Actual | S3: Actual | T3: Actual | U3: Actual | V3: Actual | W3: Actual | X3: Actual | Y3: Actual | Z3: Actual | AA3: Actual | AB3: Actual | AC3: Actual | AD3: Actual | AE3: Forecast | AF3: Forecast | AG3: Forecast | AH3: Forecast | AI3: Forecast | AJ3: Forecast | AK3: Forecast | AL3: Forecast | AM3: Forecast | AN3: Forecast | AO3: Forecast | AP3: Forecast | AQ3: Forecast | AR3: Forecast | AS3: Forecast | AT3: Forecast | AU3: Forecast | AV3: Forecast
F4: Constant | G4: Units | H4: Sparkline | I4: Source / Comments | L4: ='T&E'!L$11 -> 1 | M4: ='T&E'!M$11 -> 2 | N4: ='T&E'!N$11 -> 3 | O4: ='T&E'!O$11 -> 4 | P4: ='T&E'!P$11 -> 5 | Q4: ='T&E'!Q$11 -> 6 | R4: ='T&E'!R$11 -> 7 | S4: ='T&E'!S$11 -> 8 | ... AV4: ='T&E'!AV$11 -> 37
A6: EITI REPORTED REVENUES
E8: AMR-A | F8: yes | G8: $ mn | J8: =SUM(L8:T8) -> 18.00645 | L8: 0 | M8: 0 | N8: 0 | O8: 0 | P8: 0.97822214 | Q8: 0.65081969 | R8: 0 | S8: 5.577389 | T8: 10.800019
E9: AMR-B | F9: yes | G9: $ mn | J9: =SUM(L9:T9) -> 4.6976666 | L9: 0 | M9: 0 | N9: 0 | O9: 0.01222772 | P9: 0.54681775 | Q9: 0.15370924 | R9: 0.14681711 | S9: 1.4664537 | T9: 2.371641
E10: Cession d'actifs | G10: $ mn | J10: =SUM(L10:T10) -> 0 | L10: 0 | M10: 0 | N10: 0 | O10: 0 | P10: 0 | Q10: 0 | R10: 0 | S10: 0 | T10: 0
E11: Chiffre d'Affaires 0.3PC (EITI) | F11: yes | G11: $ mn | J11: =SUM(L11:AV11) -> 0
E12: Dividendes SOC | F12: yes | G12: $ mn | J12: =SUM(L12:T12) -> 15.019173 | L12: 0 | M12: 0 | N12: 0 | O12: 0 | P12: 0 | Q12: 0 | R12: 0 | S12: 10.995454 | T12: 4.023719
E13: IBP / ISF | F13: yes | G13: $ mn | J13: =SUM(L13:T13) -> 374.2856 | L13: 0.000216 | M13: 0.023063497 | N13: 0.0040275 | O13: 0.00172592 | P13: 0.0015913431 | Q13: 0.23372963 | R13: 4.6025641 | S13: 61.926911 | T13: 307.49178
E14: IBP non-Resident | G14: $ mn | J14: =SUM(L14:T14) -> 1.9786118 | L14: 0 | M14: 0 | N14: 0.02248484 | O14: 0.01831471 | P14: 0 | Q14: 0 | R14: 1.6692572 | S14: 0.26855499 | T14: 0
E15: Impôt mobilier | G15: $ mn | J15: =SUM(L15:T15) -> 21.252827 | L15: 0 | M15: 0 | N15: 0 | O15: 0 | P15: 0 | Q15: 0.68901375 | R15: 5.6712875 | S15: 4.8894187 | T15: 10.003107
E16: IPR / IER | F16: yes | G16: $ mn | J16: =SUM(L16:T16) -> 47.162498 | L16: 0.5225 | M16: 0 | N16: 0 | O16: 0 | P16: 4.4746623 | Q16: 7.115986 | R16: 7.1538398 | S16: 16.863559 | T16: 11.031951
E17: Other | G17: $ mn | J17: =SUM(L17:T17) -> 19.860238 | L17: 0.077192 | M17: 0.07148476 | N17: 0.11461366 | O17: 0.13885523 | P17: 2.7560935 | Q17: 11.228599 | R17: 1.8446615 | S17: 3.2846807 | T17: 0.344058
E18: Royalties | F18: yes | G18: $ mn | J18: =SUM(L18:T18) -> 274.1051 | L18: 0 | M18: 0 | N18: 0 | O18: 0 | P18: 0.86998032 | Q18: 16.832545 | R18: 42.209784 | S18: 96.158226 | T18: 118.03456
E19: Royalties - forex | G19: $ mn | J19: =SUM(L19:T19) -> 0 | L19: 0 | M19: 0 | N19: 0 | O19: 0 | P19: 0 | Q19: 0 | R19: 0 | S19: 0 | T19: 0
E20: Tax on concentrates | G20: $ mn | J20: =SUM(L20:T20) -> 0 | L20: 0 | M20: 0 | N20: 0 | O20: 0 | P20: 0 | Q20: 0 | R20: 0 | S20: 0 | T20: 0
E21: Taxes a l'Exportation | G21: $ mn | J21: =SUM(L21:T21) -> 26.694833 | L21: 0 | M21: 3.36e-05 | N21: 1.764e-05 | O21: 0.00027946 | P21: 0 | Q21: 0 | R21: 0 | S21: 0 | T21: 26.694502
E22: Taxes a l'Importation | F22: yes | G22: $ mn | J22: =SUM(L22:T22) -> 28.047895 | L22: 0.01721 | M22: 0 | N22: 0 | O22: 0 | P22: 1.8578525 | Q22: 14.703829 | R22: 0 | S22: 0 | T22: 11.469003
E23: Total revenues (EITI) | F23: =SUMIF(F8:F22, "yes", J8:J22) -> 761.32439 | G23: $ mn | J23: =SUM(L23:AV23) -> 831.1109 | L23: =SUM(L8:L22) -> 0.617118 | M23: =SUM(M8:M22) -> 0.094581857 | N23: =SUM(N8:N22) -> 0.14114364 | O23: =SUM(O8:O22) -> 0.17140304 | P23: =SUM(P8:P22) -> 11.48522 | Q23: =SUM(Q8:Q22) -> 51.608231 | R23: =SUM(R8:R22) -> 63.298211 | S23: =SUM(S8:S22) -> 201.43065 | ... AV23: =SUM(AV8:AV22) -> 0
E24: Coverage of model versus EITI comparisons | F24: =F23 / J23 -> 0.91603225
E26: RM_50% | G26: $ mn | J26: =SUM(L26:T26) -> 175.26593 | P26: 0.50907772 | Q26: 10.722683 | R26: 28.05263 | S26: 60.504581 | T26: 75.476961
E27: RM_25% | G27: $ mn | J27: =SUM(L27:T27) -> 48.390118 | P27: 0.20298007 | Q27: 3.6042063 | R27: 7.1893623 | S27: 29.774013 | T27: 7.619556
E28: RM_ETD | G28: $ mn | J28: =SUM(L28:T28) -> 24.673768 | P28: 0.15792253 | Q28: 2.5056553 | R28: 6.9677913 | S28: 5.8796316 | T28: 9.162767
E29: FOMIN | G29: $ mn | J29: =SUM(L29:T29) -> 25.77528 | T29: 25.77528
E30: Total | G30: $mn | J30: =SUM(L30:T30) -> 274.1051 | P30: =SUM(P26:P29) -> 0.86998032 | Q30: =SUM(Q26:Q29) -> 16.832545 | R30: =SUM(R26:R29) -> 42.209784 | S30: =SUM(S26:S29) -> 96.158226 | T30: =SUM(T26:T29) -> 118.03456
A32: COMPARISON TO MODEL
B34: Royalties
E35: ='T&E'!E$9 -> Model calendar year | F35: ='T&E'!F$9 -> 0 | G35: ='T&E'!G$9 -> year | H35: ='T&E'!H$9 -> 0 | I35: ='T&E'!I$9 -> 0 | J35: ='T&E'!J$9 -> 0 | K35: ='T&E'!K$9 -> 0 | L35: ='T&E'!L$9 -> 2014 | ... AV35: ='T&E'!AV$9 -> 2050
E36: =E$18 -> Royalties | F36: =F$18 -> yes | G36: =G$18 -> $ mn | H36: =H$18 -> 0 | I36: =I$18 -> 0 | J36: =J$18 -> 274.1051 | K36: =K$18 -> 0 | L36: =L$18 -> 0 | ... AV36: =AV$18 -> 0
E37: =Metalkol_Model1!E783 -> Cu + Co government royalty | F37: =Metalkol_Model1!F783 -> 0 | G37: =Metalkol_Model1!G783 -> $ mn | H37: =Metalkol_Model1!H783 -> 0 | I37: =Metalkol_Model1!I783 -> 0 | J37: =Metalkol_Model1!J783 -> 1154.1185 | K37: =Metalkol_Model1!K783 -> 0 | L37: =Metalkol_Model1!L783 -> 0 | ... AV37: =Metalkol_Model1!AV783 -> 0
E38: difference | G38: $ mn | L38: =IF(L36 <> 0, L36 - L37, 0) -> 0 | M38: =IF(M36 <> 0, M36 - M37, 0) -> 0 | N38: =IF(N36 <> 0, N36 - N37, 0) -> 0 | O38: =IF(O36 <> 0, O36 - O37, 0) -> 0 | P38: =IF(P36 <> 0, P36 - P37, 0) -> -0.47274476 | Q38: =IF(Q36 <> 0, Q36 - Q37, 0) -> -42.863487 | R38: =IF(R36 <> 0, R36 - R37, 0) -> -7.5414881 | S38: =IF(S36 <> 0, S36 - S37, 0) -> -4.2832925 | ... AV38: =IF(AV36 <> 0, AV36 - AV37, 0) -> 0
E40: Cumulative royalty difference: 2018 - 2022 | G40: Flag | P40: 1 | Q40: 1 | R40: 1 | S40: 1 | T40: 1
E41: Cumulative royalty difference: 2018 - 2022 | F41: =SUMPRODUCT(L40:AV40, L38:AV38) -> -62.368816 | G41: $ mn
B43: CIT
E44: ='T&E'!E$9 -> Model calendar year | F44: ='T&E'!F$9 -> 0 | G44: ='T&E'!G$9 -> year | H44: ='T&E'!H$9 -> 0 | I44: ='T&E'!I$9 -> 0 | J44: ='T&E'!J$9 -> 0 | K44: ='T&E'!K$9 -> 0 | L44: ='T&E'!L$9 -> 2014 | ... AV44: ='T&E'!AV$9 -> 2050
E45: =E$13 -> IBP / ISF | F45: =F$13 -> yes | G45: =G$13 -> $ mn | H45: =H$13 -> 0 | I45: =I$13 -> 0 | J45: =J$13 -> 374.2856 | K45: =K$13 -> 0 | L45: =L$13 -> 0.000216 | ... AV45: =AV$13 -> 0
E46: =E8 -> AMR-A | F46: =F8 -> yes | G46: =G8 -> $ mn | H46: =H8 -> 0 | I46: =I8 -> 0 | J46: =J8 -> 18.00645 | K46: =K8 -> 0 | L46: =L8 -> 0 | ... AV46: =AV8 -> 0
E47: =E9 -> AMR-B | F47: =F9 -> yes | G47: =G9 -> $ mn | H47: =H9 -> 0 | I47: =I9 -> 0 | J47: =J9 -> 4.6976666 | K47: =K9 -> 0 | L47: =L9 -> 0 | ... AV47: =AV9 -> 0
E48: Total Corporate income tax per EITI | G48: $ mn | J48: =SUM(L48:AV48) -> 396.98972 | L48: =SUM(L45:L47) -> 0.000216 | M48: =SUM(M45:M47) -> 0.023063497 | N48: =SUM(N45:N47) -> 0.0040275 | O48: =SUM(O45:O47) -> 0.01395364 | P48: =SUM(P45:P47) -> 1.5266312 | Q48: =SUM(Q45:Q47) -> 1.0382586 | R48: =SUM(R45:R47) -> 4.7493812 | S48: =SUM(S45:S47) -> 68.970753 | ... AV48: =SUM(AV45:AV47) -> 0
E49: =Metalkol_Model1!E$785 -> CIT payable | F49: =Metalkol_Model1!F$785 -> 0 | G49: =Metalkol_Model1!G$785 -> $ mn | H49: =Metalkol_Model1!H$785 -> 0 | I49: =Metalkol_Model1!I$785 -> 0 | J49: =Metalkol_Model1!J$785 -> 1375.6953 | K49: =Metalkol_Model1!K$785 -> 0 | L49: =Metalkol_Model1!L$785 -> 0 | ... AV49: =Metalkol_Model1!AV$785 -> 0
E50: difference | G50: $ mn | J50: =SUM(L50:AV50) -> -170.94668 | L50: =IF(L48 <> 0, L48 - L49, 0) -> 0.000216 | M50: =IF(M48 <> 0, M48 - M49, 0) -> 0.023063497 | N50: =IF(N48 <> 0, N48 - N49, 0) -> 0.0040275 | O50: =IF(O48 <> 0, O48 - O49, 0) -> 0.01395364 | P50: =IF(P48 <> 0, P48 - P49, 0) -> 0.8552687 | Q50: =IF(Q48 <> 0, Q48 - Q49, 0) -> -182.14003 | R50: =IF(R48 <> 0, R48 - R49, 0) -> -32.413017 | S50: =IF(S48 <> 0, S48 - S49, 0) -> -102.76656 | ... AV50: =IF(AV48 <> 0, AV48 - AV49, 0) -> 0
E52: Cumulative CIT difference: 2018 - 2022 | G52: Flag | P52: 1 | Q52: 1 | R52: 1 | S52: 1 | T52: 1
E53: Cumulative CIT difference: 2018 - 2022 | F53: =SUMPRODUCT(L52:AV52, L50:AV50) -> -170.98794 | G53: $ mn
B55: DWT
E56: =E$15 -> Impôt mobilier | F56: =F$15 -> 0 | G56: =G$15 -> $ mn | H56: =H$15 -> 0 | I56: =I$15 -> 0 | J56: =J$15 -> 21.252827 | K56: =K$15 -> 0 | L56: =L$15 -> 0 | ... AV56: =AV$15 -> 0
E57: Total DWT | G57: $ mn | J57: =SUM(L57:AV57) -> 21.252827 | L57: =SUM(L56:L56) -> 0 | M57: =SUM(M56:M56) -> 0 | N57: =SUM(N56:N56) -> 0 | O57: =SUM(O56:O56) -> 0 | P57: =SUM(P56:P56) -> 0 | Q57: =SUM(Q56:Q56) -> 0.68901375 | R57: =SUM(R56:R56) -> 5.6712875 | S57: =SUM(S56:S56) -> 4.8894187 | ... AV57: =SUM(AV56:AV56) -> 0
E58: =Metalkol_Model1!E$763 -> Dividend withholding tax | F58: =Metalkol_Model1!F$763 -> 0 | G58: =Metalkol_Model1!G$763 -> $ mn | H58: =Metalkol_Model1!H$763 -> 0 | I58: =Metalkol_Model1!I$763 -> 0 | J58: =Metalkol_Model1!J$763 -> 284.7336 | K58: =Metalkol_Model1!K$763 -> 0 | L58: =Metalkol_Model1!L$763 -> 0 | ... AV58: =Metalkol_Model1!AV$763 -> 0
E59: difference | G59: $ mn | J59: =SUM(L59:AV59) -> -130.14134 | L59: =IF(L57 <> 0, L57 - L58, 0) -> 0 | M59: =IF(M57 <> 0, M57 - M58, 0) -> 0 | N59: =IF(N57 <> 0, N57 - N58, 0) -> 0 | O59: =IF(O57 <> 0, O57 - O58, 0) -> 0 | P59: =IF(P57 <> 0, P57 - P58, 0) -> 0 | Q59: =IF(Q57 <> 0, Q57 - Q58, 0) -> -25.213114 | R59: =IF(R57 <> 0, R57 - R58, 0) -> -11.219609 | S59: =IF(S57 <> 0, S57 - S58, 0) -> -50.770738 | ... AV59: =IF(AV57 <> 0, AV57 - AV58, 0) -> 0
B61: Import duties
E62: =E$22 -> Taxes a l'Importation | F62: =F$22 -> yes | G62: =G$22 -> $ mn | H62: =H$22 -> 0 | I62: =I$22 -> 0 | J62: =J$22 -> 28.047895 | K62: =K$22 -> 0 | L62: =L$22 -> 0.01721 | ... AV62: =AV$22 -> 0
E63: =Metalkol_Model1!E$365 -> Operating costs, including Sens. | F63: =Metalkol_Model1!F$365 -> 0 | G63: =Metalkol_Model1!G$365 -> $ mn | H63: =Metalkol_Model1!H$365 -> 0 | I63: =Metalkol_Model1!I$365 -> 0 | J63: =Metalkol_Model1!J$365 -> 14098.627 | K63: =Metalkol_Model1!K$365 -> 0 | L63: =Metalkol_Model1!L$365 -> 0 | ... AV63: =Metalkol_Model1!AV$365 -> 0
E64: =Metalkol_Model1!E$410 -> Capital Costs inc. Sens. | F64: =Metalkol_Model1!F$410 -> 0 | G64: =Metalkol_Model1!G$410 -> $ mn | H64: =Metalkol_Model1!H$410 -> 0 | I64: =Metalkol_Model1!I$410 -> 0 | J64: =Metalkol_Model1!J$410 -> 1501.997 | K64: =Metalkol_Model1!K$410 -> 0 | L64: =Metalkol_Model1!L$410 -> 0 | ... AV64: =Metalkol_Model1!AV$410 -> 0
E65: Total costs | G65: $ mn | J65: =SUM(L65:AV65) -> 15600.624 | L65: =SUM(L63:L64) -> 0 | M65: =SUM(M63:M64) -> 0 | N65: =SUM(N63:N64) -> 0 | O65: =SUM(O63:O64) -> 0 | P65: =SUM(P63:P64) -> 1056.9754 | Q65: =SUM(Q63:Q64) -> 741.52033 | R65: =SUM(R63:R64) -> 491.9877 | S65: =SUM(S63:S64) -> 583.58392 | ... AV65: =SUM(AV63:AV64) -> 0
E66: Import duty paid | G66: flag | J66: =SUM(L66:AV66) -> 4 | L66: =(L62 > 0) * 1 -> 1 | M66: =(M62 > 0) * 1 -> 0 | N66: =(N62 > 0) * 1 -> 0 | O66: =(O62 > 0) * 1 -> 0 | P66: =(P62 > 0) * 1 -> 1 | Q66: =(Q62 > 0) * 1 -> 1 | R66: =(R62 > 0) * 1 -> 0 | S66: =(S62 > 0) * 1 -> 0 | ... AV66: =(AV62 > 0) * 1 -> 0
C68: Import duties as % costs
E69: I.D. % Opex | G69: % | L69: =IFERROR(L62 / L63, 0) -> 0 | M69: =IFERROR(M62 / M63, 0) -> 0 | N69: =IFERROR(N62 / N63, 0) -> 0 | O69: =IFERROR(O62 / O63, 0) -> 0 | P69: =IFERROR(P62 / P63, 0) -> 0.039718576 | Q69: =IFERROR(Q62 / Q63, 0) -> 0.025982154 | R69: =IFERROR(R62 / R63, 0) -> 0 | S69: =IFERROR(S62 / S63, 0) -> 0 | ... AV69: =IFERROR(AV62 / AV63, 0) -> 0
E70: I.D. % Capex | G70: % | L70: =IFERROR(L62 / L64, 0) -> 0 | M70: =IFERROR(M62 / M64, 0) -> 0 | N70: =IFERROR(N62 / N64, 0) -> 0 | O70: =IFERROR(O62 / O64, 0) -> 0 | P70: =IFERROR(P62 / P64, 0) -> 0.0018390938 | Q70: =IFERROR(Q62 / Q64, 0) -> 0.083734789 | R70: =IFERROR(R62 / R64, 0) -> 0 | S70: =IFERROR(S62 / S64, 0) -> 0 | ... AV70: =IFERROR(AV62 / AV64, 0) -> 0
E71: I.D. % Total costs | G71: % | L71: =IFERROR(L62 / L65, 0) -> 0 | M71: =IFERROR(M62 / M65, 0) -> 0 | N71: =IFERROR(N62 / N65, 0) -> 0 | O71: =IFERROR(O62 / O65, 0) -> 0 | P71: =IFERROR(P62 / P65, 0) -> 0.0017577065 | Q71: =IFERROR(Q62 / Q65, 0) -> 0.0198293 | R71: =IFERROR(R62 / R65, 0) -> 0 | S71: =IFERROR(S62 / S65, 0) -> 0 | ... AV71: =IFERROR(AV62 / AV65, 0) -> 0
C73: Comparison to EITI
E74: =E$22 -> Taxes a l'Importation | F74: =F$22 -> yes | G74: =G$22 -> $ mn | H74: =H$22 -> 0 | I74: =I$22 -> 0 | J74: =J$22 -> 28.047895 | K74: =K$22 -> 0 | L74: =L$22 -> 0.01721 | ... AV74: =AV$22 -> 0
E75: =Metalkol_Model1!E$614 -> Import duties | F75: =Metalkol_Model1!F$614 -> 0 | G75: =Metalkol_Model1!G$614 -> $ mn | H75: =Metalkol_Model1!H$614 -> 0 | I75: =Metalkol_Model1!I$614 -> 0 | J75: =Metalkol_Model1!J$614 -> 15.316407 | K75: =Metalkol_Model1!K$614 -> 0 | L75: =Metalkol_Model1!L$614 -> 0 | ... AV75: =Metalkol_Model1!AV$614 -> 0
E76: Difference | G76: $ mn | J76: =SUM(L76:AV76) -> 12.731487 | L76: =(L74 - L75) * (L74 > 0) -> 0.01721 | M76: =(M74 - M75) * (M74 > 0) -> 0 | N76: =(N74 - N75) * (N74 > 0) -> 0 | O76: =(O74 - O75) * (O74 > 0) -> 0 | P76: =(P74 - P75) * (P74 > 0) -> 0.082217434 | Q76: =(Q74 - Q75) * (Q74 > 0) -> 11.221804 | R76: =(R74 - R75) * (R74 > 0) -> 0 | S76: =(S74 - S75) * (S74 > 0) -> 0 | ... AV76: =(AV74 - AV75) * (AV74 > 0) -> 0
B78: Taxes on wages IPR
E79: =E$16 -> IPR / IER | F79: =F$16 -> yes | G79: =G$16 -> $ mn | H79: =H$16 -> 0 | I79: =I$16 -> 0 | J79: =J$16 -> 47.162498 | K79: =K$16 -> 0 | L79: =L$16 -> 0.5225 | ... AV79: =AV$16 -> 0
E80: =Metalkol_Model1!E$365 -> Operating costs, including Sens. | F80: =Metalkol_Model1!F$365 -> 0 | G80: =Metalkol_Model1!G$365 -> $ mn | H80: =Metalkol_Model1!H$365 -> 0 | I80: =Metalkol_Model1!I$365 -> 0 | J80: =Metalkol_Model1!J$365 -> 14098.627 | K80: =Metalkol_Model1!K$365 -> 0 | L80: =Metalkol_Model1!L$365 -> 0 | ... AV80: =Metalkol_Model1!AV$365 -> 0
E81: IPR % opex | G81: % | L81: =IFERROR(L79 / L80, 0) -> 0 | M81: =IFERROR(M79 / M80, 0) -> 0 | N81: =IFERROR(N79 / N80, 0) -> 0 | O81: =IFERROR(O79 / O80, 0) -> 0 | P81: =IFERROR(P79 / P80, 0) -> 0.095662714 | Q81: =IFERROR(Q79 / Q80, 0) -> 0.012574183 | R81: =IFERROR(R79 / R80, 0) -> 0.016546418 | S81: =IFERROR(S79 / S80, 0) -> 0.029906837 | ... AV81: =IFERROR(AV79 / AV80, 0) -> 0
E83: =InputsCon!E$136 -> Payroll taxes as % of opex | F83: =InputsCon!F$136 -> 0.04 | G83: =InputsCon!G$136 -> %
C85: Comparison to EITI
E86: =E$16 -> IPR / IER | F86: =F$16 -> yes | G86: =G$16 -> $ mn | H86: =H$16 -> 0 | I86: =I$16 -> 0 | J86: =J$16 -> 47.162498 | K86: =K$16 -> 0 | L86: =L$16 -> 0.5225 | ... AV86: =AV$16 -> 0
E87: =Metalkol_Model1!E$649 -> Payroll taxes (included in costs) | F87: =Metalkol_Model1!F$649 -> 0 | G87: =Metalkol_Model1!G$649 -> $ mn | H87: =Metalkol_Model1!H$649 -> 0 | I87: =Metalkol_Model1!I$649 -> 0 | J87: =Metalkol_Model1!J$649 -> 198.14906 | K87: =Metalkol_Model1!K$649 -> 0 | L87: =Metalkol_Model1!L$649 -> 0 | ... AV87: =Metalkol_Model1!AV$649 -> 0
E88: Difference | G88: $ mn | J88: =SUM(L88:AV88) -> 13.882498 | L88: =(L86 - L87) * (L86 > 0) -> 0.5225 | M88: =(M86 - M87) * (M86 > 0) -> 0 | N88: =(N86 - N87) * (N86 > 0) -> 0 | O88: =(O86 - O87) * (O86 > 0) -> 0 | P88: =(P86 - P87) * (P86 > 0) -> 4.4746623 | Q88: =(Q86 - Q87) * (Q86 > 0) -> 7.115986 | R88: =(R86 - R87) * (R86 > 0) -> -1.3861602 | S88: =(S86 - S87) * (S86 > 0) -> 6.2235586 | ... AV88: =(AV86 - AV87) * (AV86 > 0) -> 0
B90: SOC dividends
E91: =E$12 -> Dividendes SOC | F91: =F$12 -> yes | G91: =G$12 -> $ mn | H91: =H$12 -> 0 | I91: =I$12 -> 0 | J91: =J$12 -> 15.019173 | K91: =K$12 -> 0 | L91: =L$12 -> 0 | ... AV91: =AV$12 -> 0
E92: =Metalkol_Model1!E$750 -> Gecamines share of net cashflows after tax | F92: =Metalkol_Model1!F$750 -> 0 | G92: =Metalkol_Model1!G$750 -> $ mn | H92: =Metalkol_Model1!H$750 -> 0 | I92: =Metalkol_Model1!I$750 -> 0 | J92: =Metalkol_Model1!J$750 -> 364.12747 | K92: =Metalkol_Model1!K$750 -> 0 | L92: =Metalkol_Model1!L$750 -> 0 | ... AV92: =Metalkol_Model1!AV$750 -> 0
E93: Difference | G93: $ mn | J93: =SUM(L93:AV93) -> -105.64876 | L93: =(L91 - L92) * (L91 > 0) -> 0 | M93: =(M91 - M92) * (M91 > 0) -> 0 | N93: =(N91 - N92) * (N91 > 0) -> 0 | O93: =(O91 - O92) * (O91 > 0) -> 0 | P93: =(P91 - P92) * (P91 > 0) -> 0 | Q93: =(Q91 - Q92) * (Q91 > 0) -> 0 | R93: =(R91 - R92) * (R91 > 0) -> 0 | S93: =(S91 - S92) * (S91 > 0) -> -50.849164 | ... AV93: =(AV91 - AV92) * (AV91 > 0) -> 0
Q94: =Q92 - Q91 -> 133.99766 | R94: =R92 - R91 -> 18.767663 | S94: =S92 - S91 -> 50.849164 | T94: =T92 - T91 -> 54.799599 | U94: =U92 - U91 -> 25.046399 | V94: =V92 - V91 -> 12.667323 | W94: =W92 - W91 -> 18.126758 | X94: =X92 - X91 -> 10.90483 | ... AC94: =AC92 - AC91 -> 32.703591
B95: Turnover tax
E96: =E$11 -> Chiffre d'Affaires 0.3PC (EITI) | F96: =F$11 -> yes | G96: =G$11 -> $ mn | H96: =H$11 -> 0 | I96: =I$11 -> 0 | J96: =J$11 -> 0 | K96: =K$11 -> 0 | L96: =L$11 -> 0 | ... AV96: =AV$11 -> 0
E97: =Metalkol_Model1!E$307 -> Turnover tax (Chiffre d'Affaires 0.3PC) | F97: =Metalkol_Model1!F$307 -> 0 | G97: =Metalkol_Model1!G$307 -> $ mn | H97: =Metalkol_Model1!H$307 -> 0 | I97: =Metalkol_Model1!I$307 -> 0 | J97: =Metalkol_Model1!J$307 -> 57.035766 | K97: =Metalkol_Model1!K$307 -> 0 | L97: =Metalkol_Model1!L$307 -> 0 | ... AV97: =Metalkol_Model1!AV$307 -> 0
E98: Difference | G98: $ mn | J98: =SUM(L98:AV98) -> 0 | L98: =(L96 - L97) * (L96 > 0) -> 0 | M98: =(M96 - M97) * (M96 > 0) -> 0 | N98: =(N96 - N97) * (N96 > 0) -> 0 | O98: =(O96 - O97) * (O96 > 0) -> 0 | P98: =(P96 - P97) * (P96 > 0) -> 0 | Q98: =(Q96 - Q97) * (Q96 > 0) -> 0 | R98: =(R96 - R97) * (R96 > 0) -> 0 | S98: =(S96 - S97) * (S96 > 0) -> 0 | ... AV98: =(AV96 - AV97) * (AV96 > 0) -> 0
A100: END

Sheet T&E
A1: =RIGHT(CELL("filename", $A$3), LEN(CELL("filename", $A$3)) - SEARCH("]", CELL("filename", $A$3))) -> T&E
F2: =Track!$F$85 -> 0 | G2: Error chks | L2: ='T&E'!L$9 -> 2014 | M2: ='T&E'!M$9 -> 2015 | N2: ='T&E'!N$9 -> 2016 | O2: ='T&E'!O$9 -> 2017 | P2: ='T&E'!P$9 -> 2018 | Q2: ='T&E'!Q$9 -> 2019 | R2: ='T&E'!R$9 -> 2020 | S2: ='T&E'!S$9 -> 2021 | ... AV2: ='T&E'!AV$9 -> 2050
F3: =Track!F$3 -> 0 | G3: Track chgs | L3: Actual | M3: Actual | N3: Actual | O3: Actual | P3: Actual | Q3: Actual | R3: Actual | S3: Actual | T3: Actual | U3: Actual | V3: Actual | W3: Actual | X3: Actual | Y3: Actual | Z3: Actual | AA3: Actual | AB3: Actual | AC3: Actual | AD3: Actual | AE3: Forecast | AF3: Forecast | AG3: Forecast | AH3: Forecast | AI3: Forecast | AJ3: Forecast | AK3: Forecast | AL3: Forecast | AM3: Forecast | AN3: Forecast | AO3: Forecast | AP3: Forecast | AQ3: Forecast | AR3: Forecast | AS3: Forecast | AT3: Forecast | AU3: Forecast | AV3: Forecast
F4: Constant | G4: Units | H4: Sparkline | I4: Source / Comments | L4: ='T&E'!L$11 -> 1 | M4: ='T&E'!M$11 -> 2 | N4: ='T&E'!N$11 -> 3 | O4: ='T&E'!O$11 -> 4 | P4: ='T&E'!P$11 -> 5 | Q4: ='T&E'!Q$11 -> 6 | R4: ='T&E'!R$11 -> 7 | S4: ='T&E'!S$11 -> 8 | ... AV4: ='T&E'!AV$11 -> 37
A6: TIMELINE
E8: Model first year | F8: 2014 | G8: year | I8: DO NOT CHANGE UNLESS SOURCE DATA ALSO MOVED
E9: Model calendar year | G9: year | L9: =IF(L11 = 1, $F8, K9 + 1) -> 2014 | M9: =IF(M11 = 1, $F8, L9 + 1) -> 2015 | N9: =IF(N11 = 1, $F8, M9 + 1) -> 2016 | O9: =IF(O11 = 1, $F8, N9 + 1) -> 2017 | P9: =IF(P11 = 1, $F8, O9 + 1) -> 2018 | Q9: =IF(Q11 = 1, $F8, P9 + 1) -> 2019 | R9: =IF(R11 = 1, $F8, Q9 + 1) -> 2020 | S9: =IF(S11 = 1, $F8, R9 + 1) -> 2021 | ... AV9: =IF(AV11 = 1, $F8, AU9 + 1) -> 2050
E10: Model end of year
E11: model column | G11: # | L11: =K11 + 1 -> 1 | M11: =L11 + 1 -> 2 | N11: =M11 + 1 -> 3 | O11: =N11 + 1 -> 4 | P11: =O11 + 1 -> 5 | Q11: =P11 + 1 -> 6 | R11: =Q11 + 1 -> 7 | S11: =R11 + 1 -> 8 | ... AV11: =AU11 + 1 -> 37
E12: =InputsCon!E$22 -> Forecast / point forward year | F12: =InputsCon!F$22 -> 2025 | G12: =InputsCon!G$22 -> year
A15: INFLATION
B17: IMF WEO inflation
E18: Subject Descriptor | L18: 2000 | M18: 2001 | N18: 2002 | O18: 2003 | P18: 2004 | Q18: 2005 | R18: 2006 | S18: 2007 | T18: 2008 | U18: 2009 | V18: 2010 | W18: 2011 | X18: 2012 | Y18: 2013 | Z18: 2014 | AA18: 2015 | AB18: 2016 | AC18: 2017 | AD18: 2018 | AE18: 2019 | AF18: 2020 | AG18: 2021 | AH18: 2022 | AI18: 2023 | AJ18: 2024 | AK18: 2025 | AL18: 2026 | AM18: 2027 | AN18: 2028 | AO18: 2029 | AP18: 2030
E19: USD CPI Inflation, average consumer prices | G19: Index | I19: IMF WEO | L19: 172.192 | M19: 177.042 | N19: 179.867 | O19: 184 | P19: 188.908 | Q19: 195.267 | R19: 201.558 | S19: 207.344 | T19: 215.254 | U19: 214.565 | V19: 218.076 | W19: 224.923 | X19: 229.586 | Y19: 232.952 | Z19: 236.715 | AA19: 237.002 | AB19: 240.005 | AC19: 245.121 | AD19: 251.1 | AE19: 255.653 | AF19: 258.856 | AG19: 270.968 | AH19: 292.625 | AI19: 304.704 | AJ19: 313.698 | AK19: 323.07 | AL19: 331.035 | AM19: 338.021 | AN19: 345.307 | AO19: 352.797 | AP19: 360.47
E20: USD CPI Inflation | G20: Percent change | L20: 3.367 | M20: 2.817 | N20: 1.596 | O20: 2.298 | P20: 2.668 | Q20: 3.366 | R20: 3.222 | S20: 2.871 | T20: 3.815 | U20: -0.32 | V20: 1.637 | W20: 3.14 | X20: 2.073 | Y20: 1.466 | Z20: 1.615 | AA20: 0.121 | AB20: 1.267 | AC20: 2.131 | AD20: 2.439 | AE20: 1.813 | AF20: 1.253 | AG20: 4.679 | AH20: 7.993 | AI20: 4.128 | AJ20: 2.952 | AK20: 2.988 | AL20: 2.466 | AM20: 2.11 | AN20: 2.155 | AO20: 2.169 | AP20: 2.175
E22: Last year Weo forecast | F22: =MAX(L18:AV18) -> 2030 | G22: year
E23: Inflation beyond WEO forecast | F23: 0.02 | G23: % p.a.
B25: Inflation index into model timeline
E26: =E$9 -> Model calendar year | F26: =F$9 -> 0 | G26: =G$9 -> year | H26: =H$9 -> 0 | I26: =I$9 -> 0 | J26: =J$9 -> 0 | K26: =K$9 -> 0 | L26: =L$9 -> 2014 | ... AV26: =AV$9 -> 2050
E27: =E20 -> USD CPI Inflation | G27: Index | I27: index into model timeline | L27: =INDEX($L$19:$AV$19, , MATCH(L26, $L18:$AV18, 0)) -> 236.715 | M27: =INDEX($L$19:$AV$19, , MATCH(M26, $L18:$AV18, 0)) -> 237.002 | N27: =INDEX($L$19:$AV$19, , MATCH(N26, $L18:$AV18, 0)) -> 240.005 | O27: =INDEX($L$19:$AV$19, , MATCH(O26, $L18:$AV18, 0)) -> 245.121 | P27: =INDEX($L$19:$AV$19, , MATCH(P26, $L18:$AV18, 0)) -> 251.1 | Q27: =INDEX($L$19:$AV$19, , MATCH(Q26, $L18:$AV18, 0)) -> 255.653 | R27: =INDEX($L$19:$AV$19, , MATCH(R26, $L18:$AV18, 0)) -> 258.856 | S27: =INDEX($L$19:$AV$19, , MATCH(S26, $L18:$AV18, 0)) -> 270.968 | ... AV27: =INDEX($L$19:$AV$19, , MATCH(AV26, $L18:$AV18, 0)) -> #N/A
E28: =E27 & " (incl forecast)" -> USD CPI Inflation (incl forecast) | G28: Index | L28: =IF(L26 > $F22, K28 * ( 1 + $F23), L27) -> 236.715 | M28: =IF(M26 > $F22, L28 * ( 1 + $F23), M27) -> 237.002 | N28: =IF(N26 > $F22, M28 * ( 1 + $F23), N27) -> 240.005 | O28: =IF(O26 > $F22, N28 * ( 1 + $F23), O27) -> 245.121 | P28: =IF(P26 > $F22, O28 * ( 1 + $F23), P27) -> 251.1 | Q28: =IF(Q26 > $F22, P28 * ( 1 + $F23), Q27) -> 255.653 | R28: =IF(R26 > $F22, Q28 * ( 1 + $F23), R27) -> 258.856 | S28: =IF(S26 > $F22, R28 * ( 1 + $F23), S27) -> 270.968 | ... AV28: =IF(AV26 > $F22, AU28 * ( 1 + $F23), AV27) -> 535.63946
E29: =E28 -> USD CPI Inflation (incl forecast) | G29: % change | L29: =IF(L26 = $F8, $F23, L28 / K28 - 1) -> 0.02 | M29: =IF(M26 = $F8, $F23, M28 / L28 - 1) -> 0.0012124284 | N29: =IF(N26 = $F8, $F23, N28 / M28 - 1) -> 0.012670779 | O29: =IF(O26 = $F8, $F23, O28 / N28 - 1) -> 0.021316223 | P29: =IF(P26 = $F8, $F23, P28 / O28 - 1) -> 0.024392035 | Q29: =IF(Q26 = $F8, $F23, Q28 / P28 - 1) -> 0.018132218 | R29: =IF(R26 = $F8, $F23, R28 / Q28 - 1) -> 0.012528701 | S29: =IF(S26 = $F8, $F23, S28 / R28 - 1) -> 0.046790494 | ... AV29: =IF(AV26 = $F8, $F23, AV28 / AU28 - 1) -> 0.02
B31: Point Forward Inflation Index into model
C32: Inflation index from first forecast year
E33: =InputsCon!E$21 -> First forecast year | F33: =InputsCon!F$21 -> 2025 | G33: =InputsCon!G$21 -> year
E34: ="Index value in " & F33 -> Index value in 2025 | F34: {=INDEX(L27:AV27, , MATCH(F33, L26:AV26, 0))} -> 323.07 | G34: index
E35: =Scenarios!B$46 -> Inflation switch (1 = on) | F35: =Scenarios!C$46 -> 1 | G35: =Scenarios!D$46 -> flag
E36: =E28 & " from " & $F33 -> USD CPI Inflation (incl forecast) from 2025 | G36: =G34 -> index | L36: =IF( $F35 = 1, IF(L26 <= $F33, 1, L28 / $F34), 1) -> 1 | M36: =IF( $F35 = 1, IF(M26 <= $F33, 1, M28 / $F34), 1) -> 1 | N36: =IF( $F35 = 1, IF(N26 <= $F33, 1, N28 / $F34), 1) -> 1 | O36: =IF( $F35 = 1, IF(O26 <= $F33, 1, O28 / $F34), 1) -> 1 | P36: =IF( $F35 = 1, IF(P26 <= $F33, 1, P28 / $F34), 1) -> 1 | Q36: =IF( $F35 = 1, IF(Q26 <= $F33, 1, Q28 / $F34), 1) -> 1 | R36: =IF( $F35 = 1, IF(R26 <= $F33, 1, R28 / $F34), 1) -> 1 | S36: =IF( $F35 = 1, IF(S26 <= $F33, 1, S28 / $F34), 1) -> 1 | ... AV36: =IF( $F35 = 1, IF(AV26 <= $F33, 1, AV28 / $F34), 1) -> 1.6579672
B38: FS Inflation Index into model
E39: FS Forecast Year | F39: 2019 | G39: =InputsCon!G$21 -> year
E40: ="Index value in " & F39 -> Index value in 2019 | F40: {=INDEX(L27:AV27, , MATCH(F39, L26:AV26, 0))} -> 255.653 | G40: index
E41: =Scenarios!B$46 -> Inflation switch (1 = on) | F41: =Scenarios!C$46 -> 1 | G41: =Scenarios!D$46 -> flag
E42: =E28 & " from " & $F39 -> USD CPI Inflation (incl forecast) from 2019 | G42: =G40 -> index | L42: =IF( $F41 = 1, IF(L26 <= $F39, 1, L28 / $F40), 1) -> 1 | M42: =IF( $F41 = 1, IF(M26 <= $F39, 1, M28 / $F40), 1) -> 1 | N42: =IF( $F41 = 1, IF(N26 <= $F39, 1, N28 / $F40), 1) -> 1 | O42: =IF( $F41 = 1, IF(O26 <= $F39, 1, O28 / $F40), 1) -> 1 | P42: =IF( $F41 = 1, IF(P26 <= $F39, 1, P28 / $F40), 1) -> 1 | Q42: =IF( $F41 = 1, IF(Q26 <= $F39, 1, Q28 / $F40), 1) -> 1 | R42: =IF( $F41 = 1, IF(R26 <= $F39, 1, R28 / $F40), 1) -> 1.0125287 | S42: =IF( $F41 = 1, IF(S26 <= $F39, 1, S28 / $F40), 1) -> 1.0599054 | ... AV42: =IF( $F41 = 1, IF(AV26 <= $F39, 1, AV28 / $F40), 1) -> 2.0951816
B44: Deflation index into model
E45: =InputsCon!E$24 -> Real terms conversion year | F45: =InputsCon!F$24 -> 2023 | G45: =InputsCon!G$24 -> year
E46: =Scenarios!B$46 -> Inflation switch (1 = on) | F46: =Scenarios!C$46 -> 1 | G46: =Scenarios!D$46 -> flag
E47: ="Index value in " & F45 -> Index value in 2023 | F47: {=INDEX(L28:AV28, , MATCH(F45, L26:AV26, 0))} -> 304.704 | G47: index
E49: ="Deflation index rebased to " & F45 -> Deflation index rebased to 2023 | G49: index | L49: =IF( $F46 = 1, L28 / $F47, 1) -> 0.7768687 | M49: =IF( $F46 = 1, M28 / $F47, 1) -> 0.7778106 | N49: =IF( $F46 = 1, N28 / $F47, 1) -> 0.78766606 | O49: =IF( $F46 = 1, O28 / $F47, 1) -> 0.80445613 | P49: =IF( $F46 = 1, P28 / $F47, 1) -> 0.82407845 | Q49: =IF( $F46 = 1, Q28 / $F47, 1) -> 0.83902082 | R49: =IF( $F46 = 1, R28 / $F47, 1) -> 0.84953266 | S49: =IF( $F46 = 1, S28 / $F47, 1) -> 0.88928271 | ... AV49: =IF( $F46 = 1, AV28 / $F47, 1) -> 1.757901
B51: Production Start Year
E52: =Metalkol_Model1!E$12 -> Copper produced: 2022FS + actuals | F52: =Metalkol_Model1!F$12 -> 0 | G52: =Metalkol_Model1!G$12 -> tonnes | H52: =Metalkol_Model1!H$12 -> 0 | I52: =Metalkol_Model1!I$12 -> 0 | J52: =Metalkol_Model1!J$12 -> 1421074.3 | K52: =Metalkol_Model1!K$12 -> 0 | L52: =Metalkol_Model1!L$12 -> 0 | ... AV52: =Metalkol_Model1!AV$12 -> 0
E53: =B51 -> Production Start Year | G53: switch | L53: =IF(AND(K52=0,L52>0),1,0) -> 0 | M53: =IF(AND(L52=0,M52>0),1,0) -> 0 | N53: =IF(AND(M52=0,N52>0),1,0) -> 0 | O53: =IF(AND(N52=0,O52>0),1,0) -> 0 | P53: =IF(AND(O52=0,P52>0),1,0) -> 1 | Q53: =IF(AND(P52=0,Q52>0),1,0) -> 0 | R53: =IF(AND(Q52=0,R52>0),1,0) -> 0 | S53: =IF(AND(R52=0,S52>0),1,0) -> 0 | ... AV53: =IF(AND(AU52=0,AV52>0),1,0) -> 0
E54: Production Start Year | F54: =SUMPRODUCT(L2:AV2,L53:AV53) -> 2018 | G54: year
A57: LIBOR / SOFR
E59: =E$9 -> Model calendar year | F59: =F$9 -> 0 | G59: =G$9 -> year | H59: =H$9 -> 0 | I59: =I$9 -> 0 | J59: =J$9 -> 0 | K59: =K$9 -> 0 | L59: =L$9 -> 2014 | ... AV59: =AV$9 -> 2050
E60: 6 Month LIBOR | G60: % | L60: 0.0032919249 | M60: 0.0048515257 | N60: 0.010590187 | O60: 0.014752335 | P60: 0.024859275 | Q60: 0.023175798 | R60: 0.0089388713
E61: 6 Month SOFR | G61: % | S61: 0.000476942 | T61: 0.0081812538 | U61: 0.045826553 | V61: 0.053465279 | W61: 0.046147064
E62: LIBOR / SOFR history | G62: % | L62: =L60 + L61 -> 0.0032919249 | M62: =M60 + M61 -> 0.0048515257 | N62: =N60 + N61 -> 0.010590187 | O62: =O60 + O61 -> 0.014752335 | P62: =P60 + P61 -> 0.024859275 | Q62: =Q60 + Q61 -> 0.023175798 | R62: =R60 + R61 -> 0.0089388713 | S62: =S60 + S61 -> 0.000476942 | ... AV62: =AV60 + AV61 -> 0
E65: =E$29 -> USD CPI Inflation (incl forecast) | F65: =F$29 -> 0 | G65: =G$29 -> % change | H65: =H$29 -> 0 | I65: =I$29 -> 0 | J65: =J$29 -> 0 | K65: =K$29 -> 0 | L65: =L$29 -> 0.02 | ... AV65: =AV$29 -> 0.02
E66: Implied real LIBOR / SOFR | G66: % | L66: =( 1 +L62) / ( 1 + L65) -1 -> -0.016380466 | M66: =( 1 +M62) / ( 1 + M65) -1 -> 0.0036346904 | N66: =( 1 +N62) / ( 1 + N65) -1 -> -0.0020545598 | O66: =( 1 +O62) / ( 1 + O65) -1 -> -0.0064268909 | P66: =( 1 +P62) / ( 1 + P65) -1 -> 0.00045611439 | Q66: =( 1 +Q62) / ( 1 + Q65) -1 -> 0.0049537576 | R66: =( 1 +R62) / ( 1 + R65) -1 -> -0.0035454103 | S66: =( 1 +S62) / ( 1 + S65) -1 -> -0.044243382 | ... AE66: =( 1 +AE62) / ( 1 + AE65) -1 -> -0.019607843
E68: =InputsCon!E$16 -> Real SOFR forecast | F68: =InputsCon!F$16 -> 0.015 | G68: =InputsCon!G$16 -> %
E69: SOFR forecast nominal | G69: % | L69: =IF( L62 <> 0, 0, ( 1 + L65) * ( 1 + $F68) - 1) -> 0 | M69: =IF( M62 <> 0, 0, ( 1 + M65) * ( 1 + $F68) - 1) -> 0 | N69: =IF( N62 <> 0, 0, ( 1 + N65) * ( 1 + $F68) - 1) -> 0 | O69: =IF( O62 <> 0, 0, ( 1 + O65) * ( 1 + $F68) - 1) -> 0 | P69: =IF( P62 <> 0, 0, ( 1 + P65) * ( 1 + $F68) - 1) -> 0 | Q69: =IF( Q62 <> 0, 0, ( 1 + Q65) * ( 1 + $F68) - 1) -> 0 | R69: =IF( R62 <> 0, 0, ( 1 + R65) * ( 1 + $F68) - 1) -> 0 | S69: =IF( S62 <> 0, 0, ( 1 + S65) * ( 1 + $F68) - 1) -> 0 | ... AV69: =IF( AV62 <> 0, 0, ( 1 + AV65) * ( 1 + $F68) - 1) -> 0.0353
E71: LIBOR / SOFR history & forecast | G71: % | L71: =IF( L62 <> 0, L62, L69) -> 0.0032919249 | M71: =IF( M62 <> 0, M62, M69) -> 0.0048515257 | N71: =IF( N62 <> 0, N62, N69) -> 0.010590187 | O71: =IF( O62 <> 0, O62, O69) -> 0.014752335 | P71: =IF( P62 <> 0, P62, P69) -> 0.024859275 | Q71: =IF( Q62 <> 0, Q62, Q69) -> 0.023175798 | R71: =IF( R62 <> 0, R62, R69) -> 0.0089388713 | S71: =IF( S62 <> 0, S62, S69) -> 0.000476942 | ... AV71: =IF( AV62 <> 0, AV62, AV69) -> 0.0353
A73: END

Sheet InputsTS
A1: =RIGHT(CELL("filename", $A$3), LEN(CELL("filename", $A$3)) - SEARCH("]", CELL("filename", $A$3))) -> InputsTS
F2: =Track!$F$85 -> 0 | G2: Error chks | L2: ='T&E'!L$9 -> 2014 | M2: ='T&E'!M$9 -> 2015 | N2: ='T&E'!N$9 -> 2016 | O2: ='T&E'!O$9 -> 2017 | P2: ='T&E'!P$9 -> 2018 | Q2: ='T&E'!Q$9 -> 2019 | R2: ='T&E'!R$9 -> 2020 | S2: ='T&E'!S$9 -> 2021 | ... AV2: ='T&E'!AV$9 -> 2050
F3: =Track!$F$3 -> 0 | G3: Track chgs | L3: Actual | M3: Actual | N3: Actual | O3: Actual | P3: Actual | Q3: Actual | R3: Actual | S3: Actual | T3: Actual | U3: Actual | V3: Actual | W3: Actual | X3: Actual | Y3: Actual | Z3: Actual | AA3: Actual | AB3: Actual | AC3: Actual | AD3: Actual | AE3: Forecast | AF3: Forecast | AG3: Forecast | AH3: Forecast | AI3: Forecast | AJ3: Forecast | AK3: Forecast | AL3: Forecast | AM3: Forecast | AN3: Forecast | AO3: Forecast | AP3: Forecast | AQ3: Forecast | AR3: Forecast | AS3: Forecast | AT3: Forecast | AU3: Forecast | AV3: Forecast
F4: Constant | G4: Units | H4: sparklines | I4: Source / Comments | L4: ='T&E'!L$11 -> 1 | M4: ='T&E'!M$11 -> 2 | N4: ='T&E'!N$11 -> 3 | O4: ='T&E'!O$11 -> 4 | P4: ='T&E'!P$11 -> 5 | Q4: ='T&E'!Q$11 -> 6 | R4: ='T&E'!R$11 -> 7 | S4: ='T&E'!S$11 -> 8 | ... AV4: ='T&E'!AV$11 -> 37
A6: INFLATION
E8: US Inflation, average consumer prices | G8: index | I8: to add, from WEO file | L8: 201.558 | M8: 207.344 | N8: 215.254 | O8: 214.565 | P8: 218.076 | Q8: 224.923 | R8: 229.586 | S8: 232.952 | T8: 236.715 | U8: 237.002 | V8: 240.005 | W8: 245.121 | X8: 251.1 | Y8: 255.653 | Z8: 258.846 | AA8: 270.966 | AB8: 292.621 | AC8: 304.701 | AD8: 313.559 | AE8: 319.831 | AF8: 326.416 | AG8: 333.27 | AH8: 340.324 | AI8: 347.617
E9: =InputsCon!E$13 -> USD CPI beyond IMF WEO | F9: =InputsCon!F$13 -> 0.02 | I9: to add, from WEO file
E10: =E8 & " Act + forecast" -> US Inflation, average consumer prices Act + forecast | G10: =G8 -> index | I10: to add, from WEO file | L10: =IF(L8 <> 0, L8, K10 * ( 1 + $F9)) -> 201.558 | M10: =IF(M8 <> 0, M8, L10 * ( 1 + $F9)) -> 207.344 | N10: =IF(N8 <> 0, N8, M10 * ( 1 + $F9)) -> 215.254 | O10: =IF(O8 <> 0, O8, N10 * ( 1 + $F9)) -> 214.565 | P10: =IF(P8 <> 0, P8, O10 * ( 1 + $F9)) -> 218.076 | Q10: =IF(Q8 <> 0, Q8, P10 * ( 1 + $F9)) -> 224.923 | R10: =IF(R8 <> 0, R8, Q10 * ( 1 + $F9)) -> 229.586 | S10: =IF(S8 <> 0, S8, R10 * ( 1 + $F9)) -> 232.952 | ... AV10: =IF(AV8 <> 0, AV8, AU10 * ( 1 + $F9)) -> 449.67966
E11: =E8 -> US Inflation, average consumer prices | G11: % | I11: to add, from WEO file | M11: =IFERROR(M10 / L10 - 1, 0) -> 0.028706377 | N11: =IFERROR(N10 / M10 - 1, 0) -> 0.038149163 | O11: =IFERROR(O10 / N10 - 1, 0) -> -0.0032008697 | P11: =IFERROR(P10 / O10 - 1, 0) -> 0.01636334 | Q11: =IFERROR(Q10 / P10 - 1, 0) -> 0.031397311 | R11: =IFERROR(R10 / Q10 - 1, 0) -> 0.020731539 | S11: =IFERROR(S10 / R10 - 1, 0) -> 0.014661173 | T11: =IFERROR(T10 / S10 - 1, 0) -> 0.016153542 | ... AV11: =IFERROR(AV10 / AU10 - 1, 0) -> 0.02
A14: SENSITIVITY FACTORS
E16: ='T&E'!E$9 -> Model calendar year | F16: ='T&E'!F$9 -> 0 | G16: ='T&E'!G$9 -> year | H16: ='T&E'!H$9 -> 0 | I16: ='T&E'!I$9 -> 0 | J16: ='T&E'!J$9 -> 0 | K16: ='T&E'!K$9 -> 0 | L16: ='T&E'!L$9 -> 2014 | ... AV16: ='T&E'!AV$9 -> 2050
E17: =InputsCon!E$26 -> Copper production sensitivity (forecast period) | G17: % | L17: =IF(L16 < InputsCon!$F22, 1, InputsCon!$F26) -> 1 | M17: =IF(M16 < InputsCon!$F22, 1, InputsCon!$F26) -> 1 | N17: =IF(N16 < InputsCon!$F22, 1, InputsCon!$F26) -> 1 | O17: =IF(O16 < InputsCon!$F22, 1, InputsCon!$F26) -> 1 | P17: =IF(P16 < InputsCon!$F22, 1, InputsCon!$F26) -> 1 | Q17: =IF(Q16 < InputsCon!$F22, 1, InputsCon!$F26) -> 1 | R17: =IF(R16 < InputsCon!$F22, 1, InputsCon!$F26) -> 1 | S17: =IF(S16 < InputsCon!$F22, 1, InputsCon!$F26) -> 1 | ... AV17: =IF(AV16 < InputsCon!$F22, 1, InputsCon!$F26) -> 1
E18: =InputsCon!E27 -> Cobalt production sensitivity (forecast period) | G18: % | L18: =IF(L16 < InputsCon!$F22, 1, InputsCon!$F27) -> 1 | M18: =IF(M16 < InputsCon!$F22, 1, InputsCon!$F27) -> 1 | N18: =IF(N16 < InputsCon!$F22, 1, InputsCon!$F27) -> 1 | O18: =IF(O16 < InputsCon!$F22, 1, InputsCon!$F27) -> 1 | P18: =IF(P16 < InputsCon!$F22, 1, InputsCon!$F27) -> 1 | Q18: =IF(Q16 < InputsCon!$F22, 1, InputsCon!$F27) -> 1 | R18: =IF(R16 < InputsCon!$F22, 1, InputsCon!$F27) -> 1 | S18: =IF(S16 < InputsCon!$F22, 1, InputsCon!$F27) -> 1 | ... AV18: =IF(AV16 < InputsCon!$F22, 1, InputsCon!$F27) -> 1
E19: =InputsCon!E$28 -> Operating cost Sensitivity (forecast period) | G19: % | L19: =IF(L16 <= InputsCon!$F22, 1, InputsCon!$F28) -> 1 | M19: =IF(M16 <= InputsCon!$F22, 1, InputsCon!$F28) -> 1 | N19: =IF(N16 <= InputsCon!$F22, 1, InputsCon!$F28) -> 1 | O19: =IF(O16 <= InputsCon!$F22, 1, InputsCon!$F28) -> 1 | P19: =IF(P16 <= InputsCon!$F22, 1, InputsCon!$F28) -> 1 | Q19: =IF(Q16 <= InputsCon!$F22, 1, InputsCon!$F28) -> 1 | R19: =IF(R16 <= InputsCon!$F22, 1, InputsCon!$F28) -> 1 | S19: =IF(S16 <= InputsCon!$F22, 1, InputsCon!$F28) -> 1 | ... AV19: =IF(AV16 <= InputsCon!$F22, 1, InputsCon!$F28) -> 1
E20: =InputsCon!E$29 -> Capital cost sensitivity (forecast period) | G20: % | L20: =IF(L16 < InputsCon!$F22, 1, InputsCon!$F29) -> 1 | M20: =IF(M16 < InputsCon!$F22, 1, InputsCon!$F29) -> 1 | N20: =IF(N16 < InputsCon!$F22, 1, InputsCon!$F29) -> 1 | O20: =IF(O16 < InputsCon!$F22, 1, InputsCon!$F29) -> 1 | P20: =IF(P16 < InputsCon!$F22, 1, InputsCon!$F29) -> 1 | Q20: =IF(Q16 < InputsCon!$F22, 1, InputsCon!$F29) -> 1 | R20: =IF(R16 < InputsCon!$F22, 1, InputsCon!$F29) -> 1 | S20: =IF(S16 < InputsCon!$F22, 1, InputsCon!$F29) -> 1 | ... AV20: =IF(AV16 < InputsCon!$F22, 1, InputsCon!$F29) -> 1
A22: Reserves
C24: 2006 KML Annual Report
E25: Copper reserves and resources (ore base) | F25: 5670 | G25: KT | I25: =Sources!I$14 -> X
E26: Copper average ore grade | F26: 0.035 | G26: % | I26: =Sources!I$14 -> X
E27: Cobalt reserves and resource (ore base) | F27: 614 | G27: KT | I27: =Sources!I$14 -> X
E28: Cobalt average ore grade | F28: 0.0038 | G28: % | I28: =Sources!I$14 -> X
C30: 2011 NI 43 101 Feasbility Study KML
E31: Proven Reserves ore | F31: 14.6 | G31: MT | I31: =Sources!I$19 -> XIV
E32: Copper grade ore of proven reserves | F32: 0.0347 | G32: % | I32: =Sources!I$19 -> XIV
E33: Cobalt grade ore of proven reserves | F33: 0.0051 | G33: % | I33: =Sources!I$19 -> XIV
E34: Probable Reserves ore | F34: 82.4 | G34: MT | I34: =Sources!I$19 -> XIV
E35: Copper grade ore of probable reserves | F35: 0.0433 | G35: % | I35: =Sources!I$19 -> XIV
E36: Cobalt grade ore of probable reserves | F36: 0.0046 | G36: % | I36: =Sources!I$19 -> XIV
C38: 2019 NI 43 101 Feasbility Study KML
E39: Proven Reserves ore | F39: 8.7 | G39: MT | I39: =Sources!I$26 -> XXI
E40: Copper grade ore of proven reserves | F40: 0.0356 | G40: % | I40: =Sources!I$26 -> XXI
E41: Cobalt grade ore of proven reserves | F41: 0.0055 | G41: % | I41: =Sources!I$26 -> XXI
E42: Probable Reserves ore | F42: 124 | G42: MT | I42: =Sources!I$26 -> XXI
E43: Copper grade ore of probable reserves | F43: 0.0315 | G43: % | I43: =Sources!I$26 -> XXI
E44: Cobalt grade ore of probable reserves | F44: 0.0051 | G44: % | I44: =Sources!I$26 -> XXI
A46: 2022 FEASIBILITY STUDY
B48: Table VII.5 Summary of Profit and Loss account
E49: Copper Production (FS22) | G49: tonnes | R49: 80312 | S49: 94807 | T49: 97940 | U49: 102006 | V49: 104669 | W49: 105101 | X49: 105002 | Y49: 105956 | Z49: 105003 | AA49: 104332 | AB49: 105002 | AC49: 104504 | AD49: 102009
E50: Cobalt Production (FS22) | G50: tonnes | R50: 16392 | S50: 20740 | T50: 22473 | U50: 20558 | V50: 20343 | W50: 20257 | X50: 19749 | Y50: 18650 | Z50: 20104 | AA50: 20075 | AB50: 18960 | AC50: 21319 | AD50: 22064
E51: Copper Price ($/TCu) | G51: $ / tonne | R51: 6169 | S51: 9315 | T51: 8803 | U51: 11155 | V51: 13228 | W51: 14330 | X51: 13228 | Y51: 12125 | Z51: 11023 | AA51: 10472 | AB51: 9921 | AC51: 10119 | AD51: 10322
E52: Cobalt Price ($/TCo) | G52: $ / tonne | R52: 33958 | S52: 52698 | T52: 67984 | U52: 60627 | V52: 82673 | W52: 110231 | X52: 121254 | Y52: 77162 | Z52: 78705 | AA52: 80279 | AB52: 81885 | AC52: 83522 | AD52: 85193
E53: Sales ($m) | G53: $ mn | R53: 786 | S53: 1647 | T53: 1537 | U53: 2001 | V53: 2420 | W53: 2986 | X53: 2979 | Y53: 2215 | Z53: 2178 | AA53: 2139 | AB53: 2051 | AC53: 2212 | AD53: 2283
E54: Total Operating Cost ($m) | G54: $ mn | R54: -455 | S54: -572 | T54: -587 | U54: -890 | V54: -919 | W54: -1018 | X54: -1023 | Y54: -923 | Z54: -914 | AA54: -928 | AB54: -912 | AC54: -965 | AD54: -986
E55: EBITDA ($m) | G55: $ mn | R55: 331 | S55: 1075 | T55: 950 | U55: 1111 | V55: 1501 | W55: 1969 | X55: 1956 | Y55: 1292 | Z55: 1264 | AA55: 1211 | AB55: 1139 | AC55: 1247 | AD55: 1297
E56: Depreciation & Amortisation ($m) | G56: $ mn | R56: -179 | S56: -232 | T56: -248 | U56: -263 | V56: -236 | W56: -239 | X56: -235 | Y56: -218 | Z56: -206 | AA56: -81 | AB56: -77 | AC56: -50 | AD56: -51
E57: Interest Expense ($m) | G57: $ mn | R57: -131 | S57: -163 | T57: -165 | U57: -172 | V57: -171 | W57: -164 | X57: -137 | Y57: -110 | Z57: -84 | AA57: -55 | AB57: -22
E58: Profit Before Tax ($m) | G58: $ mn | R58: 21 | S58: 680 | T58: 537 | U58: 677 | V58: 1094 | W58: 1566 | X58: 1585 | Y58: 964 | Z58: 974 | AA58: 1075 | AB58: 1040 | AC58: 1197 | AD58: 1246
E59: Tax ($m) | G59: $ mn | R59: -9 | S59: -202 | T59: -162 | U59: -234 | V59: -360 | W59: -502 | X59: -514 | Y59: -335 | Z59: -338 | AA59: -357 | AB59: -346 | AC59: -393 | AD59: -406
E60: Profit After Tax ($m) | G60: $ mn | R60: 12 | S60: 479 | T60: 375 | U60: 442 | V60: 734 | W60: 1064 | X60: 1071 | Y60: 629 | Z60: 636 | AA60: 718 | AB60: 694 | AC60: 804 | AD60: 840
B62: Table VII.2 Operating Costs
E63: Musonoi Dredging (USDm) | G63: $ mn (2019 real) | R63: 3 | S63: 5 | T63: 5 | U63: 5 | V63: 5 | W63: 5 | X63: 5 | Y63: 5 | Z63: 5 | AA63: 5 | AB63: 5 | AC63: 5 | AD63: 6
E64: Hydrolavage (USDm) | G64: $ mn (2019 real) | R64: 6 | S64: 16 | T64: 26 | U64: 27 | V64: 27 | W64: 28 | X64: 29 | Y64: 29 | Z64: 30 | AA64: 31 | AB64: 31 | AC64: 32 | AD64: 33
E65: Water Management (USDm) | G65: $ mn (2019 real) | R65: 2 | S65: 2 | T65: 3 | U65: 3 | V65: 3 | W65: 3 | X65: 3 | Y65: 3 | Z65: 3 | AA65: 3 | AB65: 3 | AC65: 3 | AD65: 3
E66: Power (USDm) | G66: $ mn (2019 real) | R66: 34 | S66: 50 | T66: 45 | U66: 39 | V66: 40 | W66: 40 | X66: 41 | Y66: 41 | Z66: 41 | AA66: 42 | AB66: 43 | AC66: 43 | AD66: 44
E67: Processing Plant (USDm) | G67: $ mn (2019 real) | R67: 196 | S67: 209 | T67: 348 | U67: 425 | V67: 400 | W67: 438 | X67: 416 | Y67: 409 | Z67: 391 | AA67: 414 | AB67: 404 | AC67: 429 | AD67: 437
E68: G&A (USDm) | G68: $ mn (2019 real) | R68: 59 | S68: 41 | T68: 63 | U68: 75 | V68: 79 | W68: 80 | X68: 87 | Y68: 96 | Z68: 97 | AA68: 87 | AB68: 87 | AC68: 88 | AD68: 88
E69: Other Fixed Costs (USDm) | G69: $ mn (2019 real) | R69: 25 | S69: 55 | T69: 60 | U69: 67 | V69: 67 | W69: 69 | X69: 70 | Y69: 71 | Z69: 73 | AA69: 74 | AB69: 76 | AC69: 77 | AD69: 79
E70: Sub-Total | G70: $ mn (2019 real) | R70: 328 | S70: 378 | T70: 550 | U70: 641 | V70: 621 | W70: 663 | X70: 650 | Y70: 655 | Z70: 641 | AA70: 656 | AB70: 650 | AC70: 679 | AD70: 689
E71: Selling Costs (USDm) | G71: $ mn (2019 real) | R71: 127 | S71: 209 | T71: 215 | U71: 249 | V71: 298 | W71: 355 | X71: 373 | Y71: 268 | Z71: 273 | AA71: 272 | AB71: 262 | AC71: 286 | AD71: 297
E72: Total Costs | G72: $ mn (2019 real) | R72: 455 | S72: 587 | T72: 765 | U72: 890 | V72: 919 | W72: 1018 | X72: 1023 | Y72: 923 | Z72: 914 | AA72: 928 | AB72: 912 | AC72: 965 | AD72: 986
E73: USD / tonne power supply | G73: $ mn (2019 real) | R73: 59 | S73: 73 | T73: 94 | U73: 113 | V73: 114 | W73: 133 | X73: 132 | Y73: 113 | Z73: 115 | AA73: 113 | AB73: 113 | AC73: 118 | AD73: 121
B75: Table VII.7 Estimated Taxes and Other Revenues due to the State
E76: Sales ($) | G76: $ | W76: 2000614700 | X76: 2419820204 | Y76: 2986271706 | Z76: 2979289603 | AA76: 2214797635 | AB76: 2178092045 | AC76: 2139203923 | AD76: 2051117001 | AE76: 2211832154 | AF76: 2283436058
E77: Exportation Rights ($) | G77: $ | W77: 20006147 | X77: 24198204 | Y77: 29862717 | Z77: 29792896 | AA77: 22147976 | AB77: 21780920 | AC77: 21392039 | AD77: 20511170 | AE77: 22118322 | AF77: 22834361
E78: Mining Royalty ($) | G78: $ | W78: 147141086 | X78: 174530590 | Y78: 211682414 | Z78: 228515154 | AA78: 153314635 | AB78: 158618109 | AC78: 159121068 | AD78: 153349808 | AE78: 169586626 | AF78: 177515324
E79: Area Tax ($) | G79: $ | W79: 5370 | X79: 5370 | Y79: 5370 | Z79: 5370 | AA79: 5370 | AB79: 5370 | AC79: 5370 | AD79: 5370 | AE79: 5370 | AF79: 5370
E80: Rights/Other ($) | G80: $ | W80: 46528 | X80: 46528 | Y80: 46528 | Z80: 46528 | AA80: 46528 | AB80: 46528 | AC80: 46528 | AD80: 46528 | AE80: 46528 | AF80: 46528
E81: Total ($) | G81: $ | W81: 161144142 | X81: 198780692 | Y81: 241597029 | Z81: 258359949 | AA81: 175514510 | AB81: 180450927 | AC81: 180565005 | AD81: 173912876 | AE81: 191756846 | AF81: 200401582
B83: Table VII.4 Summary of Capex
E84: Phase 1 pre-2020 capex | F84: 832.3 | G84: $ mn
E85: Phase 2 pre-2020 capex | F85: 177.9 | G85: $ mn
E86: Phase 1 Annual capex | G86: $ mn | R86: 40 | S86: 26.7
E87: Phase 2 Annual capex | G87: $ mn | R87: 27.2 | S87: 1.3
E88: Pre-FS capex in production | G88: $ mn | I88: Replicated 2019 year to 2018 | P88: 175.6 | Q88: 175.6
B90: Table VII.1 Capex (dated 2019)
E91: Dredging of Musonoi | G91: $ mn | Q91: 4.5 | R91: 4.7 | S91: 0.3 | T91: 0.2 | U91: 0.2 | V91: 0 | W91: 0.1 | X91: 0.2 | Y91: 0.5 | Z91: 0.1 | AA91: 0.1
E92: Hydrolavage + Distribution | G92: $ mn | Q92: 12.8 | R92: 12.8
E93: Water Management (Pluviales) | G93: $ mn | Q93: 1.6
E94: Phase 1 | G94: $ mn | Q94: 96.1 | R94: 18.2
E95: Phase 2 | G95: $ mn | Q95: 68.8 | R95: 8.2
E96: Maintenance Capital | G96: $ mn | Q96: 3.2 | R96: 14.6 | S96: 5 | T96: 18.7 | U96: 5.3 | V96: 26.7 | W96: 11.6 | X96: 28.7 | Y96: 8.2 | Z96: 17.8 | AA96: 7.6 | AB96: 33.7 | AC96: 6.4 | AD96: 13.1
E97: Closing/Restatement Status | G97: $ mn | Q97: 0.43 | R97: 0.48 | S97: 0.54 | T97: 0.6
E98: Total Capex (2022 FS) | G98: $ mn (2019 real) | J98: =SUM(L98:AV98) -> 433.5 | Q98: 175.6 | R98: 58.9 | S98: 18.6 | T98: 19.4 | U98: 6.1 | V98: 26.7 | W98: 11.7 | X98: 28.8 | Y98: 8.4 | Z98: 18.3 | AA98: 7.7 | AB98: 33.8 | AC98: 6.4 | AD98: 13.1
A100: PRODUCTION
B102: Production Capacity
C103: Luilu metallurgical plant
E104: Copper production capacity (2006) | F104: 70000 | G104: tonnes pa | I104: =Sources!I$16 -> XII
E105: Cobalt production capacity (2006) | F105: 8000 | G105: tonnes pa | I105: =Sources!I$16 -> XII
E106: Copper production capacity (2011) | F106: 150000 | G106: tonnes pa | I106: =Sources!I$19 -> XIV
E107: Copper production capacity (2019) | F107: 300000 | G107: tonnes pa | I107: =Sources!I$26 -> XXI
B109: Ore and Grades Mined 2008-2010
C110: KTO
E111: Mined Ore | G111: KT | I111: =Sources!I$20 -> XV | N111: 551.333 | O111: 1094.088 | P111: 1309.735
E112: Copper grade | G112: % | I112: =Sources!I$20 -> XV | N112: 0.0393 | O112: 0.0385 | P112: 0.0382
E113: Cobalt grade | G113: % | I113: =Sources!I$20 -> XV | N113: 0.0043 | O113: 0.0049 | P113: 0.0056
C115: KOV
E116: Mined Ore | G116: KT | I116: =Sources!I$20 -> XV | P116: 722.234
E117: Copper grade | G117: % | I117: =Sources!I$20 -> XV | P117: 0.0443
E118: Cobalt grade | G118: % | I118: =Sources!I$20 -> XV | P118: 0.003
C120: T-17 Open Pit
...

Sheet InputsCon
A1: =RIGHT(CELL("filename", $A$3), LEN(CELL("filename", $A$3)) - SEARCH("]", CELL("filename", $A$3))) -> InputsCon
F2: =Track!$F$85 -> 0 | G2: Error chks | L2: ='T&E'!L$9 -> 2014 | M2: ='T&E'!M$9 -> 2015 | N2: ='T&E'!N$9 -> 2016 | O2: ='T&E'!O$9 -> 2017 | P2: ='T&E'!P$9 -> 2018 | Q2: ='T&E'!Q$9 -> 2019 | R2: ='T&E'!R$9 -> 2020 | S2: ='T&E'!S$9 -> 2021 | ... AV2: ='T&E'!AV$9 -> 2050
F3: =Track!F$3 -> 0 | G3: Track chgs | L3: Actual | M3: Actual | N3: Actual | O3: Actual | P3: Actual | Q3: Actual | R3: Actual | S3: Actual | T3: Actual | U3: Actual | V3: Actual | W3: Actual | X3: Actual | Y3: Actual | Z3: Actual | AA3: Actual | AB3: Actual | AC3: Actual | AD3: Actual | AE3: Forecast | AF3: Forecast | AG3: Forecast | AH3: Forecast | AI3: Forecast | AJ3: Forecast | AK3: Forecast | AL3: Forecast | AM3: Forecast | AN3: Forecast | AO3: Forecast | AP3: Forecast | AQ3: Forecast | AR3: Forecast | AS3: Forecast | AT3: Forecast | AU3: Forecast | AV3: Forecast
F4: Constant | G4: Units | H4: Sparkline | I4: Source / Comments | L4: ='T&E'!L$11 -> 1 | M4: ='T&E'!M$11 -> 2 | N4: ='T&E'!N$11 -> 3 | O4: ='T&E'!O$11 -> 4 | P4: ='T&E'!P$11 -> 5 | Q4: ='T&E'!Q$11 -> 6 | R4: ='T&E'!R$11 -> 7 | S4: ='T&E'!S$11 -> 8 | ... AV4: ='T&E'!AV$11 -> 37
A6: MODEL INFORMATION
E8: Model name | F8: Metalkol Copper Mine
E9: Model date | F9: 45809
A11: ECONOMIC ASSUMPTIONS
E13: USD CPI beyond IMF WEO | F13: 0.02
E14: =Scenarios!B$44 -> Discount rate | F14: =Scenarios!C$44 -> 0.1 | G14: =Scenarios!D$44 -> %nominal
E16: Real SOFR forecast | F16: 0.015 | G16: %
E17: Normative LIBOR Premium | F17: 0.04 | G17: %
A19: SENSITIVITIES
E21: First forecast year | F21: 2025 | G21: year
E22: =Scenarios!B$45 -> Forecast / point forward year | F22: =Scenarios!C$45 -> 2025 | G22: =Scenarios!D$45 -> year
E23: =Scenarios!B$52 -> Focus year for sensitivity analysis | F23: =Scenarios!C$52 -> 2022 | G23: =Scenarios!D$52 -> year
E24: Real terms conversion year | F24: 2023 | G24: =Dashboard!E$8 -> year
E26: =Scenarios!B$23 -> Copper production sensitivity (forecast period) | F26: =Scenarios!C$23 -> 1 | G26: =Scenarios!D$23 -> %
E27: =Scenarios!B$24 -> Cobalt production sensitivity (forecast period) | F27: =Scenarios!C$24 -> 1 | G27: =Scenarios!D$24 -> %
E28: =Scenarios!B$25 -> Operating cost Sensitivity (forecast period) | F28: =Scenarios!C$25 -> 1 | G28: =Scenarios!D$25 -> %
E29: =Scenarios!B$26 -> Capital cost sensitivity (forecast period) | F29: =Scenarios!C$26 -> 1 | G29: =Scenarios!D$26 -> %
E31: Feasibility Study Year | F31: 2023 | G31: =Dashboard!E$8 -> year
E32: Production
E34: =Scenarios!B$25 -> Operating cost Sensitivity (forecast period) | F34: =Scenarios!C$25 -> 1 | G34: =Scenarios!D$25 -> %
A36: PRICES
E38: =Scenarios!B$11 -> Copper forecast price | F38: =Scenarios!C$11 -> IMF_WEO | G38: =Scenarios!D$11 -> option selected
E39: =Scenarios!B$12 -> Cobalt forecast price | F39: =Scenarios!C$12 -> IMF_WEO | G39: =Scenarios!D$12 -> option selected
E40: =Scenarios!B$13 -> Cu realized price method | F40: =Scenarios!C$13 -> SOM_Contract | G40: =Scenarios!D$13 -> selected
E41: =Scenarios!B$14 -> Copper: Realised Price vs LME for "LMEAssumed" | F41: =Scenarios!C$14 -> 0.95 | G41: =Scenarios!D$14 -> %
E42: =Scenarios!B$15 -> Co realized price method | F42: =Scenarios!C$15 -> SOM_Contract | G42: =Scenarios!D$15 -> selected
E43: =Scenarios!B$18 -> Cobalt: Realised Price vs LME for "LMEAssumed" | F43: =Scenarios!C$18 -> 0.7 | G43: =Scenarios!D$18 -> %
E44: =Scenarios!B$19 -> Apply freight, insurance & sales costs 2019TR | F44: =Scenarios!C$19 -> no | G44: =Scenarios!D$19 -> selected
E46: =Scenarios!B$16 -> Apply Cu transport / quality discount (1 = yes) | F46: =Scenarios!C$16 -> 1 | G46: =Scenarios!D$16 -> flag
E48: Constant real terms Cu price forecast | F48: 8500 | G48: $ / tonne
E49: Constant real terms Co price forecast | F49: 35000 | G49: $ / tonne
E51: =Scenarios!B$28 -> Operating Cost Profile | F51: =Scenarios!C$28 -> Alt Opex | G51: =Scenarios!D$28 -> option selected
A53: FISCAL REGIME
B55: Lists for drop-down
E56: yes/no | F56: yes | G56: option
E57: yes/no | F57: no | G57: option
E59: inflation | F59: nominal | G59: option
E60: inflation | F60: real | G60: option
E62: Computed Interest Rate | F62: Computed | G62: option
E63: Normative Interest Rate | F63: Normative | G63: option
B65: Royalties
E66: Cu royalty Government pre-2018Code | F66: 0.02 | G66: Net
E67: Cu royalty Government post-2018 Code | F67: 0.035 | G67: Gross
E69: Co royalty Government pre-2018Code | F69: 0.02 | G69: as for Cu
E70: Co royalty Government post-2018 Code | F70: 0.1 | G70: as for Cu
E72: Options for royalty base | F72: Net | G72: option
E73: Options for royalty base | F73: Gross | G73: option
E75: Royalty rate change | F75: 2019 | G75: year
E77: Subnational Royalty Allocation 1 | F77: 2019 | G77: year
E78: Treasury share of royalties | F78: 0.5 | G78: %
E79: Province share of royalties | F79: 0.25 | G79: %
E80: Entite Territoriale Decentralise royalties | F80: 0.15 | G80: %
E81: FOMIN share of royalties | F81: 0.1 | G81: %
E82: FONAREV share of royalties | F82: 0 | G82: %
E84: Subnational Royalty Allocation 1 | F84: 2024 | G84: year
E85: Treasury share of royalties | F85: 0.44 | G85: %
E86: Province share of royalties | F86: 0.23 | G86: %
E87: Entite Territoriale Decentralise royalties | F87: 0.14 | G87: %
E88: FOMIN share of royalties | F88: 0.08 | G88: %
... E91: Cu royalty private GCM / AHIL / Ventora | F91: 0.025 | G91: Net
E93: =Scenarios!B$38 -> apply increased State Participation | F93: =Scenarios!C$38 -> yes | G93: =Scenarios!D$38 -> flag
B95: Tax amortization
E96: First year allowance | F96: 0.6 | G96: %
E97: Declining balance thereafter | F97: 0.3 | G97: %
E99: =Scenarios!B$30 -> Straight line depreciation years (AVERAGE) | F99: =Scenarios!C$30 -> 7 | G99: =Scenarios!D$30 -> years
B101: Corporate income tax
E102: Cu + Co private royalty deductible | F102: yes | G102: Selected
E104: =Scenarios!B$29 -> Opening balance of CIT losses 2011 | F104: =Scenarios!C$29 -> 0 | G104: =Scenarios!D$29 -> $ mn
E106: =Scenarios!B$27 -> Interest deductible for CIT | F106: =Scenarios!C$27 -> 1 | G106: =Scenarios!D$27 -> %
E108: CIT rate | F108: 0.3 | G108: %
E110: Minimum income tax | F110: 0.01 | G110: % of turnover
B112: Special Tax on Excess Profits (EPT)
E113: EPT price and operating surplus trigger | F113: 1.25 | G113: ratio
E114: EPT rate | F114: 0.5 | G114: %
E115: =Scenarios!B$32 -> Excess Profits Tax applied (1 = yes) | F115: =Scenarios!C$32 -> 1 | G115: =Scenarios!D$32 -> flag
E116: =Scenarios!B$33 -> EPT: Apply inflation to FS prices and Operating Surplus | F116: =Scenarios!C$33 -> no | G116: =Scenarios!D$33 -> selected
E117: FS base year | F117: 2019 | G117: year
B119: Turnover Tax
E120: Turnover tax (Chiffre d'Affaires 0.3PC) | F120: 0.003 | G120: % turnover
B122: Management fee
E123: =Scenarios!B$31 -> Management fees added to operating costs | F123: =Scenarios!C$31 -> 0 | G123: =Scenarios!D$31 -> %
B125: Import duties
E126: Import duties as % aggregate opex + capex | F126: 0.05 | G126: %
E127: =Scenarios!B$35 -> Include Import Duties in forecast (1 = yes) | F127: =Scenarios!C$35 -> 1 | G127: =Scenarios!D$35 -> flag
B129: Withholding taxes
E130: =Scenarios!B$36 -> Interest withholding tax | F130: =Scenarios!C$36 -> 0 | G130: =Scenarios!D$36 -> % | I130: source
E131: =Scenarios!B$37 -> Dividend withholding tax | F131: =Scenarios!C$37 -> 0.1 | G131: =Scenarios!D$37 -> %
E132: Investment treaty Dividend Witholding Tax | F132: 0.05 | G132: %
E133: =Scenarios!B$39 -> WHT rate non-resident services | F133: =Scenarios!C$39 -> 0.14 | G133: =Scenarios!D$39 -> %
B135: Taxes on wages
E136: Payroll taxes as % of opex | F136: 0.04 | G136: %
E137: =Scenarios!B$40 -> Include Payroll taxes in forecast (1 = yes) | F137: =Scenarios!C$40 -> 1 | G137: =Scenarios!D$40 -> flag
B139: Debt financing
E140: Pre-2019 FS debt | F140: 662.76 | G140: $ mn
E141: Post-2019 forecast debt | F141: 433.5 | G141: $ mn
B143: 2017 Smelter royalties sale
...

Sheet Kamoto_2019TR
A1: =RIGHT(CELL("filename", $A$3), LEN(CELL("filename", $A$3)) - SEARCH("]", CELL("filename", $A$3))) -> Kamoto_2019TR
E2: Calendar year end | F2: =Track!$F$85 -> 0 | G2: Error chks | L2: ='T&E'!L$9 -> 2014 | M2: ='T&E'!M$9 -> 2015 | N2: ='T&E'!N$9 -> 2016 | O2: ='T&E'!O$9 -> 2017 | P2: ='T&E'!P$9 -> 2018 | Q2: ='T&E'!Q$9 -> 2019 | R2: ='T&E'!R$9 -> 2020 | S2: ='T&E'!S$9 -> 2021 | ... AV2: ='T&E'!AV$9 -> 2050
F3: =Track!F$3 -> 0 | G3: Track chgs | L3: Actual | M3: Actual | N3: Actual | O3: Actual | P3: Actual | Q3: Actual | R3: Actual | S3: Actual | T3: Actual | U3: Actual | V3: Actual | W3: Actual | X3: Actual | Y3: Actual | Z3: Actual | AA3: Actual | AB3: Actual | AC3: Actual | AD3: Actual | AE3: Forecast | AF3: Forecast | AG3: Forecast | AH3: Forecast | AI3: Forecast | AJ3: Forecast | AK3: Forecast | AL3: Forecast | AM3: Forecast | AN3: Forecast | AO3: Forecast | AP3: Forecast | AQ3: Forecast | AR3: Forecast | AS3: Forecast | AT3: Forecast | AU3: Forecast | AV3: Forecast
F4: Constant | G4: Units | H4: Sparkline | I4: Source / Comments | L4: ='T&E'!L$11 -> 1 | M4: ='T&E'!M$11 -> 2 | N4: ='T&E'!N$11 -> 3 | O4: ='T&E'!O$11 -> 4 | P4: ='T&E'!P$11 -> 5 | Q4: ='T&E'!Q$11 -> 6 | R4: ='T&E'!R$11 -> 7 | S4: ='T&E'!S$11 -> 8 | ... AV4: ='T&E'!AV$11 -> 37
A6: Production and revenues
B8: 2019TR pricing
C9: Copper
E10: LME history & forecast: pricing alternatives sheet
E11: =InputsTS!E$175 -> LME spot (NI 43 101 2019) | F11: =InputsTS!F$175 -> 0 | G11: =InputsTS!G$175 -> $ / tonne | H11: =InputsTS!H$175 -> 0 | I11: =InputsTS!I$175 -> XXIII | J11: =InputsTS!J$175 -> 0 | K11: =InputsTS!K$175 -> 0 | L11: =InputsTS!L$175 -> 0 | ... AV11: =InputsTS!AV$175 -> 0
E12: =InputsTS!E$177 -> KML Macroeconomic Assumptions (NI 43 101 2019) | F12: =InputsTS!F$177 -> 0 | G12: =InputsTS!G$177 -> $ / tonne | H12: =InputsTS!H$177 -> 0 | I12: =InputsTS!I$177 -> XXIII | J12: =InputsTS!J$177 -> 0 | K12: =InputsTS!K$177 -> 0 | L12: =InputsTS!L$177 -> 0 | ... AV12: =InputsTS!AV$177 -> 0
E13: LME Copper price 2019TR real | G13: $ / tonne | L13: =IF(L11 > 0, L11, IF(L12 > 0, L12, K13)) -> 0 | M13: =IF(M11 > 0, M11, IF(M12 > 0, M12, L13)) -> 0 | N13: =IF(N11 > 0, N11, IF(N12 > 0, N12, M13)) -> 0 | O13: =IF(O11 > 0, O11, IF(O12 > 0, O12, N13)) -> 5199 | P13: =IF(P11 > 0, P11, IF(P12 > 0, P12, O13)) -> 7558 | Q13: =IF(Q11 > 0, Q11, IF(Q12 > 0, Q12, P13)) -> 8826 | R13: =IF(R11 > 0, R11, IF(R12 > 0, R12, Q13)) -> 7953 | S13: =IF(S11 > 0, S11, IF(S12 > 0, S12, R13)) -> 7349 | ... AV13: =IF(AV11 > 0, AV11, IF(AV12 > 0, AV12, AU13)) -> 6500
C15: Cobalt
E16: LME history & forecast
E17: =InputsTS!E$238 -> Cobalt spot (NI 43 101 2019) | F17: =InputsTS!F$238 -> 0 | G17: =InputsTS!G$238 -> $ / tonne | H17: =InputsTS!H$238 -> 0 | I17: =InputsTS!I$238 -> XXIII | J17: =InputsTS!J$238 -> 0 | K17: =InputsTS!K$238 -> 0 | L17: =InputsTS!L$238 -> 0 | ... AV17: =InputsTS!AV$238 -> 0
E18: =InputsTS!E$241 -> KML Macroeconomic Assumptions (NI 43 101 2019) | F18: =InputsTS!F$241 -> 0 | G18: =InputsTS!G$241 -> $ / lb | H18: =InputsTS!H$241 -> 0 | I18: =InputsTS!I$241 -> XXIII | J18: =InputsTS!J$241 -> 0 | K18: =InputsTS!K$241 -> 0 | L18: =InputsTS!L$241 -> 0 | ... AV18: =InputsTS!AV$241 -> 0
E19: =InputsCon!E$201 -> Convert lb / tonnes | F19: =InputsCon!F$201 -> 2204.62 | G19: =InputsCon!G$201 -> lb / tonne
E20: =E18 -> KML Macroeconomic Assumptions (NI 43 101 2019) | G20: $ / tonne | L20: =L18 * $F19 -> 0 | M20: =M18 * $F19 -> 0 | N20: =N18 * $F19 -> 0 | O20: =O18 * $F19 -> 0 | P20: =P18 * $F19 -> 0 | Q20: =Q18 * $F19 -> 0 | R20: =R18 * $F19 -> 0 | S20: =S18 * $F19 -> 0 | ... AV20: =AV18 * $F19 -> 0
E21: LME Cobalt price 2019TR real | G21: $ / tonne | L21: =IF(L17 > 0, L17, IF(L20 > 0, L20, K21)) -> 0 | M21: =IF(M17 > 0, M17, IF(M20 > 0, M20, L21)) -> 0 | N21: =IF(N17 > 0, N17, IF(N20 > 0, N20, M21)) -> 0 | O21: =IF(O17 > 0, O17, IF(O20 > 0, O20, N21)) -> 35031 | P21: =IF(P17 > 0, P17, IF(P20 > 0, P20, O21)) -> 41337 | Q21: =IF(Q17 > 0, Q17, IF(Q20 > 0, Q20, P21)) -> 30005 | R21: =IF(R17 > 0, R17, IF(R20 > 0, R20, Q21)) -> 28783 | S21: =IF(S17 > 0, S17, IF(S20 > 0, S20, R21)) -> 27029 | ... AV21: =IF(AV17 > 0, AV17, IF(AV20 > 0, AV20, AU21)) -> 59524.74
B23: Production
E24: 2019 history & act & forecast
E25: =Inp_2019TR!E$35 -> Copper produced: historic 2019TR | F25: =Inp_2019TR!F$35 -> 0 | G25: =Inp_2019TR!G$35 -> KT Cu | H25: =Inp_2019TR!H$35 -> 0 | I25: =Inp_2019TR!I$35 -> XXII | J25: =Inp_2019TR!J$35 -> 741.21 | K25: =Inp_2019TR!K$35 -> 0 | L25: =Inp_2019TR!L$35 -> 0 | ... AV25: =Inp_2019TR!AV$35 -> 0
E26: =Inp_2019TR!E$152 -> Copper recovered (calculated) 2019TR | F26: =Inp_2019TR!F$152 -> 0 | G26: =Inp_2019TR!G$152 -> KT Cu | H26: =Inp_2019TR!H$152 -> 0 | I26: =Inp_2019TR!I$152 -> 0 | J26: =Inp_2019TR!J$152 -> 3497.3862 | K26: =Inp_2019TR!K$152 -> 0 | L26: =Inp_2019TR!L$152 -> 0 | ... AV26: =Inp_2019TR!AV$152 -> 0
E27: Copper produced: history + forecast 2019TR | G27: KT Cu | J27: =SUM(L27:AV27) -> 4238.5962 | L27: =L25 + L26 -> 0 | M27: =M25 + M26 -> 0 | N27: =N25 + N26 -> 22.12 | O27: =O25 + O26 -> 41.96 | P27: =P25 + P26 -> 52.18 | Q27: =Q25 + Q26 -> 57.61 | R27: =R25 + R26 -> 61.44 | S27: =S25 + S26 -> 87.48 | ... AV27: =AV25 + AV26 -> 0
E28: =E27 -> Copper produced: history + forecast 2019TR | F28: =SUM(L27:AV27) -> 4238.5962 | G28: =G27 -> KT Cu
E29: Project life | G29: flag | J29: =SUM(L29:AV29) -> 29 | L29: =(SUM(L26:$AV26) > 0) * 1 -> 1 | M29: =(SUM(M26:$AV26) > 0) * 1 -> 1 | N29: =(SUM(N26:$AV26) > 0) * 1 -> 1 | O29: =(SUM(O26:$AV26) > 0) * 1 -> 1 | P29: =(SUM(P26:$AV26) > 0) * 1 -> 1 | Q29: =(SUM(Q26:$AV26) > 0) * 1 -> 1 | R29: =(SUM(R26:$AV26) > 0) * 1 -> 1 | S29: =(SUM(S26:$AV26) > 0) * 1 -> 1 | ... AV29: =(SUM(AV26:$AV26) > 0) * 1 -> 0
E31: Realized price formula: compare to simple %
E32: Cu Proportion LME price realized | F32: 0.95 | G32: % | I32: revisit
E33: Copper gross revenue | G33: $ mn | J33: =SUM(L33:AV33) -> 26181.829 | L33: =L13 * L27 / 10^3 * $F32 -> 0 | M33: =M13 * M27 / 10^3 * $F32 -> 0 | N33: =N13 * N27 / 10^3 * $F32 -> 0 | O33: =O13 * O27 / 10^3 * $F32 -> 207.24254 | P33: =P13 * P27 / 10^3 * $F32 -> 374.65762 | Q33: =Q13 * Q27 / 10^3 * $F32 -> 483.04257 | R33: =R13 * R27 / 10^3 * $F32 -> 464.2007 | S33: =S13 * S27 / 10^3 * $F32 -> 610.74599 | ... AV33: =AV13 * AV27 / 10^3 * $F32 -> 0
E35: Finished metal ratio Co to Cu | F35: =F41 / F28 -> 0.11214547 | G35: =InputsTS!G$381 -> % | I35: higher than 2011
E37: 2019 history & act & forecast
E38: =Inp_2019TR!E$36 -> Cobalt produced: historic 2019TR | F38: =Inp_2019TR!F$36 -> 0 | G38: =Inp_2019TR!G$36 -> KT Co | H38: =Inp_2019TR!H$36 -> 0 | I38: =Inp_2019TR!I$36 -> XXII | J38: =Inp_2019TR!J$36 -> 30.37 | K38: =Inp_2019TR!K$36 -> 0 | L38: =Inp_2019TR!L$36 -> 0 | ... AV38: =Inp_2019TR!AV$36 -> 0
E39: =Inp_2019TR!E$158 -> Cobalt recovered (calculated) 2019TR | F39: =Inp_2019TR!F$158 -> 0 | G39: =Inp_2019TR!G$158 -> KT Co | H39: =Inp_2019TR!H$158 -> 0 | I39: =Inp_2019TR!I$158 -> 0 | J39: =Inp_2019TR!J$158 -> 444.96937 | K39: =Inp_2019TR!K$158 -> 0 | L39: =Inp_2019TR!L$158 -> 0 | ... AV39: =Inp_2019TR!AV$158 -> 0
E40: Cobalt produced: history + forecast 2019TR | G40: Kt Co | J40: =SUM(L40:AV40) -> 475.33937 | L40: =L38 + L39 -> 0 | M40: =M38 + M39 -> 0 | N40: =N38 + N39 -> 0.75 | O40: =O38 + O39 -> 2.53 | P40: =P38 + P39 -> 3.44 | Q40: =Q38 + Q39 -> 2.43 | R40: =R38 + R39 -> 2.13 | S40: =S38 + S39 -> 2.3 | ... AV40: =AV38 + AV39 -> 0
E41: =E40 -> Cobalt produced: history + forecast 2019TR | F41: =SUM(L40:AV40) -> 475.33937 | G41: =G40 -> Kt Co
E43: Proportion LME price realized | F43: 0.75 | G43: % | I43: revisit
E44: Cobalt gross revenue | G44: $ mn | J44: =SUM(L44:AV44) -> 19792.202 | L44: =L40 * L21 * $F43 / 10^3 -> 0 | M44: =M40 * M21 * $F43 / 10^3 -> 0 | N44: =N40 * N21 * $F43 / 10^3 -> 0 | O44: =O40 * O21 * $F43 / 10^3 -> 66.471322 | P44: =P40 * P21 * $F43 / 10^3 -> 106.64946 | Q44: =Q40 * Q21 * $F43 / 10^3 -> 54.684113 | R44: =R40 * R21 * $F43 / 10^3 -> 45.980843 | S44: =S40 * S21 * $F43 / 10^3 -> 46.625025 | ... AV44: =AV40 * AV21 * $F43 / 10^3 -> 0
C46: Aggregate revenues
E47: =E$33 -> Copper gross revenue | F47: =F$33 -> 0 | G47: =G$33 -> $ mn | H47: =H$33 -> 0 | I47: =I$33 -> 0 | J47: =J$33 -> 26181.829 | K47: =K$33 -> 0 | L47: =L$33 -> 0 | ... AV47: =AV$33 -> 0
E48: =E$44 -> Cobalt gross revenue | F48: =F$44 -> 0 | G48: =G$44 -> $ mn | H48: =H$44 -> 0 | I48: =I$44 -> 0 | J48: =J$44 -> 19792.202 | K48: =K$44 -> 0 | L48: =L$44 -> 0 | ... AV48: =AV$44 -> 0
E49: Copper plus Cobalt revenue | G49: $ mn | J49: =SUM(L49:AV49) -> 45974.031 | L49: =SUM(L47:L48) -> 0 | M49: =SUM(M47:M48) -> 0 | N49: =SUM(N47:N48) -> 0 | O49: =SUM(O47:O48) -> 273.71386 | P49: =SUM(P47:P48) -> 481.30708 | Q49: =SUM(Q47:Q48) -> 537.72668 | R49: =SUM(R47:R48) -> 510.18155 | S49: =SUM(S47:S48) -> 657.37102 | ... AV49: =SUM(AV47:AV48) -> 0
A51: Realization costs
C53: Deductions from revenues
E54: Actual deductions from slaes prices: Somidez contracts?
E55: =Kamoto_2011TR!E$57 -> Freight, Insurance & Sales 2011TR | F55: =Kamoto_2011TR!F$57 -> 775.09834 | G55: =Kamoto_2011TR!G$57 -> $ / t Cu/Co | I55: to revisit, separate for Cu and Co
E56: =E$27 -> Copper produced: history + forecast 2019TR | F56: =F$27 -> 0 | G56: =G$27 -> KT Cu | H56: =H$27 -> 0 | I56: =I$27 -> 0 | J56: =J$27 -> 4238.5962 | K56: =K$27 -> 0 | L56: =L$27 -> 0 | ... AV56: =AV$27 -> 0
E57: Freight, Insurance & Sales 2019TR: Cu | G57: $ mn | J57: =SUM(L57:AV57) -> 3285.3289 | K57: =InputsTS!K$412 -> 0 | L57: =L56 * $F55 / 10^3 -> 0 | M57: =M56 * $F55 / 10^3 -> 0 | N57: =N56 * $F55 / 10^3 -> 17.145175 | O57: =O56 * $F55 / 10^3 -> 32.523126 | P57: =P56 * $F55 / 10^3 -> 40.444632 | Q57: =Q56 * $F55 / 10^3 -> 44.653416 | R57: =R56 * $F55 / 10^3 -> 47.622042 | S57: =S56 * $F55 / 10^3 -> 67.805603 | ... AV57: =AV56 * $F55 / 10^3 -> 0
E59: =E$40 -> Cobalt produced: history + forecast 2019TR | F59: =F$40 -> 0 | G59: =G$40 -> Kt Co | H59: =H$40 -> 0 | I59: =I$40 -> 0 | J59: =J$40 -> 475.33937 | K59: =K$40 -> 0 | L59: =L$40 -> 0 | ... AV59: =AV$40 -> 0
E60: Freight, Insurance & Sales 2019TR: Co | G60: $ mn | J60: =SUM(L60:AV60) -> 368.43476 | L60: =L59 * $F55 / 10^3 -> 0 | M60: =M59 * $F55 / 10^3 -> 0 | N60: =N59 * $F55 / 10^3 -> 0.58132376 | O60: =O59 * $F55 / 10^3 -> 1.9609988 | P60: =P59 * $F55 / 10^3 -> 2.6663383 | Q60: =Q59 * $F55 / 10^3 -> 1.883489 | R60: =R59 * $F55 / 10^3 -> 1.6509595 | S60: =S59 * $F55 / 10^3 -> 1.7827262 | ... AV60: =AV59 * $F55 / 10^3 -> 0
C62: Net revenues
E63: Copper net revenue | G63: $ mn | J63: =SUM(L63:AV63) -> 22896.5 | L63: =L33 - L57 -> 0 | M63: =M33 - M57 -> 0 | N63: =N33 - N57 -> -17.145175 | O63: =O33 - O57 -> 174.71941 | P63: =P33 - P57 -> 334.21299 | Q63: =Q33 - Q57 -> 438.38915 | R63: =R33 - R57 -> 416.57866 | S63: =S33 - S57 -> 542.94039 | ... AV63: =AV33 - AV57 -> 0
E64: Cobalt net revenue | G64: $ mn | J64: =SUM(L64:AV64) -> 19423.767 | L64: =L44 - L60 -> 0 | M64: =M44 - M60 -> 0 | N64: =N44 - N60 -> -0.58132376 | O64: =O44 - O60 -> 64.510324 | P64: =P44 - P60 -> 103.98312 | Q64: =Q44 - Q60 -> 52.800624 | R64: =R44 - R60 -> 44.329883 | S64: =S44 - S60 -> 44.842299 | ... AV64: =AV44 - AV60 -> 0
E65: Copper & Cobalt net revenue | G65: $ mn | J65: =SUM(L65:AV65) -> 42320.267 | L65: =SUM(L63:L64) -> 0 | M65: =SUM(M63:M64) -> 0 | N65: =SUM(N63:N64) -> -17.726499 | O65: =SUM(O63:O64) -> 239.22974 | P65: =SUM(P63:P64) -> 438.19611 | Q65: =SUM(Q63:Q64) -> 491.18977 | R65: =SUM(R63:R64) -> 460.90854 | S65: =SUM(S63:S64) -> 587.78269 | ... AV65: =SUM(AV63:AV64) -> 0
A67: Royalties
C69: Rates and base | F69: Rate | G69: Base for royalty
E70: Cu royalty Government pre-2018Code | F70: 0.02 | G70: Net
E71: Cu royalty Government post-2018 Code | F71: 0.035 | G71: Gross
E72: Co royalty Government pre-2018Code | F72: 0.02 | G72: as for Cu
E73: Co royalty Government post-2018 Code | F73: 0.1 | G73: as for Cu
E74: Options for royalty base | F74: Net | G74: option
E75: Options for royalty base | F75: Gross | G75: option
E76: Royalty rate change | F76: 2018 | G76: year
E77: Cu royalty private GCM / AHIL / Ventora | F77: 0.025 | G77: Net
E78: new royalty scheme
E80: ='T&E'!E$9 -> Model calendar year | F80: ='T&E'!F$9 -> 0 | G80: ='T&E'!G$9 -> year | H80: ='T&E'!H$9 -> 0 | I80: ='T&E'!I$9 -> 0 | J80: ='T&E'!J$9 -> 0 | K80: ='T&E'!K$9 -> 0 | L80: ='T&E'!L$9 -> 2014 | ... AV80: ='T&E'!AV$9 -> 2050
E81: CU royalty government rate | G81: % | L81: =IF(L80 < $F76, $F70, $F71) -> 0.02 | M81: =IF(M80 < $F76, $F70, $F71) -> 0.02 | N81: =IF(N80 < $F76, $F70, $F71) -> 0.02 | O81: =IF(O80 < $F76, $F70, $F71) -> 0.02 | P81: =IF(P80 < $F76, $F70, $F71) -> 0.035 | Q81: =IF(Q80 < $F76, $F70, $F71) -> 0.035 | R81: =IF(R80 < $F76, $F70, $F71) -> 0.035 | S81: =IF(S80 < $F76, $F70, $F71) -> 0.035 | ... AV81: =IF(AV80 < $F76, $F70, $F71) -> 0.035
E82: Co royalty government rate | G82: % | L82: =IF(L80 < $F76, $F72, $F73) -> 0.02 | M82: =IF(M80 < $F76, $F72, $F73) -> 0.02 | N82: =IF(N80 < $F76, $F72, $F73) -> 0.02 | O82: =IF(O80 < $F76, $F72, $F73) -> 0.02 | P82: =IF(P80 < $F76, $F72, $F73) -> 0.1 | Q82: =IF(Q80 < $F76, $F72, $F73) -> 0.1 | R82: =IF(R80 < $F76, $F72, $F73) -> 0.1 | S82: =IF(S80 < $F76, $F72, $F73) -> 0.1 | ... AV82: =IF(AV80 < $F76, $F72, $F73) -> 0.1
E83: CU royalty base | G83: option | L83: =IF(L80 < $F76, $G70, $G71) -> Net | M83: =IF(M80 < $F76, $G70, $G71) -> Net | N83: =IF(N80 < $F76, $G70, $G71) -> Net | O83: =IF(O80 < $F76, $G70, $G71) -> Net | P83: =IF(P80 < $F76, $G70, $G71) -> Gross | Q83: =IF(Q80 < $F76, $G70, $G71) -> Gross | R83: =IF(R80 < $F76, $G70, $G71) -> Gross | S83: =IF(S80 < $F76, $G70, $G71) -> Gross | ... AV83: =IF(AV80 < $F76, $G70, $G71) -> Gross
C85: Base for government royalties
E86: Copper: base for Govt royalty | G86: $ mn | J86: =SUM(L86:AV86) -> 26132.161 | L86: =IF(L83 = $F74, L63, L47) -> 0 | M86: =IF(M83 = $F74, M63, M47) -> 0 | N86: =IF(N83 = $F74, N63, N47) -> -17.145175 | O86: =IF(O83 = $F74, O63, O47) -> 174.71941 | P86: =IF(P83 = $F74, P63, P47) -> 374.65762 | Q86: =IF(Q83 = $F74, Q63, Q47) -> 483.04257 | R86: =IF(R83 = $F74, R63, R47) -> 464.2007 | S86: =IF(S83 = $F74, S63, S47) -> 610.74599 | ... AV86: =IF(AV83 = $F74, AV63, AV47) -> 0
E87: Cobalt: base for Govt royalty | G87: $ mn | J87: =SUM(L87:AV87) -> 19789.659 | L87: =IF(L83 = $F74, L64, L48) -> 0 | M87: =IF(M83 = $F74, M64, M48) -> 0 | N87: =IF(N83 = $F74, N64, N48) -> -0.58132376 | O87: =IF(O83 = $F74, O64, O48) -> 64.510324 | P87: =IF(P83 = $F74, P64, P48) -> 106.64946 | Q87: =IF(Q83 = $F74, Q64, Q48) -> 54.684113 | R87: =IF(R83 = $F74, R64, R48) -> 45.980843 | S87: =IF(S83 = $F74, S64, S48) -> 46.625025 | ... AV87: =IF(AV83 = $F74, AV64, AV48) -> 0
E89: Cu government royalty | G89: $ mn | J89: =SUM(L89:AV89) -> 912.26202 | L89: =L86 * L81 -> 0 | M89: =M86 * M81 -> 0 | N89: =N86 * N81 -> -0.34290351 | O89: =O86 * O81 -> 3.4943882 | P89: =P86 * P81 -> 13.113017 | Q89: =Q86 * Q81 -> 16.90649 | R89: =R86 * R81 -> 16.247025 | S89: =S86 * S81 -> 21.37611 | ... AV89: =AV86 * AV81 -> 0
E90: Co government royalty | G90: $ mn | J90: =SUM(L90:AV90) -> 1973.8516 | L90: =L87 * L82 -> 0 | M90: =M87 * M82 -> 0 | N90: =N87 * N82 -> -0.011626475 | O90: =O87 * O82 -> 1.2902065 | P90: =P87 * P82 -> 10.664946 | Q90: =Q87 * Q82 -> 5.4684113 | R90: =R87 * R82 -> 4.5980843 | S90: =S87 * S82 -> 4.6625025 | ... AV90: =AV87 * AV82 -> 0
E91: Cu + Co government royalty | G91: $ mn | J91: =SUM(L91:AV91) -> 2886.1136 | L91: =SUM(L89:L90) -> 0 | M91: =SUM(M89:M90) -> 0 | N91: =SUM(N89:N90) -> -0.35452998 | O91: =SUM(O89:O90) -> 4.7845947 | P91: =SUM(P89:P90) -> 23.777963 | Q91: =SUM(Q89:Q90) -> 22.374901 | R91: =SUM(R89:R90) -> 20.845109 | S91: =SUM(S89:S90) -> 26.038612 | ... AV91: =SUM(AV89:AV90) -> 0
C93: Base for private royalties
E94: =E$63 -> Copper net revenue | F94: =F$63 -> 0 | G94: =G$63 -> $ mn | H94: =H$63 -> 0 | I94: =I$63 -> 0 | J94: =J$63 -> 22896.5 | K94: =K$63 -> 0 | L94: =L$63 -> 0 | ... AV94: =AV$63 -> 0
E95: =E$64 -> Cobalt net revenue | F95: =F$64 -> 0 | G95: =G$64 -> $ mn | H95: =H$64 -> 0 | I95: =I$64 -> 0 | J95: =J$64 -> 19423.767 | K95: =K$64 -> 0 | L95: =L$64 -> 0 | ... AV95: =AV$64 -> 0
E97: Cu private royalty | G97: $ mn | J97: =SUM(L97:AV97) -> 572.41251 | L97: =L94 * $F77 -> 0 | M97: =M94 * $F77 -> 0 | N97: =N94 * $F77 -> -0.42862938 | O97: =O94 * $F77 -> 4.3679853 | P97: =P94 * $F77 -> 8.3553247 | Q97: =Q94 * $F77 -> 10.959729 | R97: =R94 * $F77 -> 10.414467 | S97: =S94 * $F77 -> 13.57351 | ... AV97: =AV94 * $F77 -> 0
E98: Co private royalty | G98: $ mn | J98: =SUM(L98:AV98) -> 485.59417 | L98: =L95 * $F77 -> 0 | M98: =M95 * $F77 -> 0 | N98: =N95 * $F77 -> -0.014533094 | O98: =O95 * $F77 -> 1.6127581 | P98: =P95 * $F77 -> 2.599578 | Q98: =Q95 * $F77 -> 1.3200156 | R98: =R95 * $F77 -> 1.1082471 | S98: =S95 * $F77 -> 1.1210575 | ... AV98: =AV95 * $F77 -> 0
E99: Cu + Co private royalty | G99: $ mn | J99: =SUM(L99:AV99) -> 1058.0067 | L99: =SUM(L97:L98) -> 0 | M99: =SUM(M97:M98) -> 0 | N99: =SUM(N97:N98) -> -0.44316248 | O99: =SUM(O97:O98) -> 5.9807434 | P99: =SUM(P97:P98) -> 10.954903 | Q99: =SUM(Q97:Q98) -> 12.279744 | R99: =SUM(R97:R98) -> 11.522714 | S99: =SUM(S97:S98) -> 14.694567 | ... AV99: =SUM(AV97:AV98) -> 0
C101: Aggregate royalties
E102: =E$91 -> Cu + Co government royalty | F102: =F$91 -> 0 | G102: =G$91 -> $ mn | H102: =H$91 -> 0 | I102: =I$91 -> 0 | J102: =J$91 -> 2886.1136 | K102: =K$91 -> 0 | L102: =L$91 -> 0 | ... AV102: =AV$91 -> 0
E103: =E$99 -> Cu + Co private royalty | F103: =F$99 -> 0 | G103: =G$99 -> $ mn | H103: =H$99 -> 0 | I103: =I$99 -> 0 | J103: =J$99 -> 1058.0067 | K103: =K$99 -> 0 | L103: =L$99 -> 0 | ... AV103: =AV$99 -> 0
E104: Cu + Co govt + prvte royalty | G104: $ mn | J104: =SUM(L104:AV104) -> 3944.1203 | L104: =SUM(L102:L103) -> 0 | M104: =SUM(M102:M103) -> 0 | N104: =SUM(N102:N103) -> -0.79769246 | O104: =SUM(O102:O103) -> 10.765338 | P104: =SUM(P102:P103) -> 34.732865 | Q104: =SUM(Q102:Q103) -> 34.654645 | R104: =SUM(R102:R103) -> 32.367823 | S104: =SUM(S102:S103) -> 40.73318 | ... AV104: =SUM(AV102:AV103) -> 0
E106: Net revenues after royalty | G106: $ mn | J106: =SUM(L106:AV106) -> 38376.147 | L106: =L65 - L91 - L99 -> 0 | M106: =M65 - M91 - M99 -> 0 | N106: =N65 - N91 - N99 -> -16.928807 | O106: =O65 - O91 - O99 -> 228.4644 | P106: =P65 - P91 - P99 -> 403.46324 | Q106: =Q65 - Q91 - Q99 -> 456.53513 | R106: =R65 - R91 - R99 -> 428.54072 | S106: =S65 - S91 - S99 -> 547.04951 | ... AV106: =AV65 - AV91 - AV99 -> 0
E107: =E106 -> Net revenues after royalty | F107: =SUM(L106:AV106) -> 38376.147 | G107: =G106 -> $ mn
B109: Net revenues after royalties
E110: =E$63 -> Copper net revenue | F110: =F$63 -> 0 | G110: =G$63 -> $ mn | H110: =H$63 -> 0 | I110: =I$63 -> 0 | J110: =J$63 -> 22896.5 | K110: =K$63 -> 0 | L110: =L$63 -> 0 | ... AV110: =AV$63 -> 0
E111: =E$64 -> Cobalt net revenue | F111: =F$64 -> 0 | G111: =G$64 -> $ mn | H111: =H$64 -> 0 | I111: =I$64 -> 0 | J111: =J$64 -> 19423.767 | K111: =K$64 -> 0 | L111: =L$64 -> 0 | ... AV111: =AV$64 -> 0
E113: Cu revenues after royalty | G113: $ mn | J113: =SUM(L113:AV113) -> 21411.826 | L113: =L110 - L89 - L97 -> 0 | M113: =M110 - M89 - M97 -> 0 | N113: =N110 - N89 - N97 -> -16.373642 | O113: =O110 - O89 - O97 -> 166.85704 | P113: =P110 - P89 - P97 -> 312.74465 | Q113: =Q110 - Q89 - Q97 -> 410.52293 | R113: =R110 - R89 - R97 -> 389.91717 | S113: =S110 - S89 - S97 -> 507.99077 | ... AV113: =AV110 - AV89 - AV97 -> 0
E114: Co revenues after royalty | G114: $ mn | J114: =SUM(L114:AV114) -> 16964.321 | L114: =L111 - L90 - L98 -> 0 | M114: =M111 - M90 - M98 -> 0 | N114: =N111 - N90 - N98 -> -0.55516419 | O114: =O111 - O90 - O98 -> 61.607359 | P114: =P111 - P90 - P98 -> 90.718598 | Q114: =Q111 - Q90 - Q98 -> 46.012197 | R114: =R111 - R90 - R98 -> 38.623552 | S114: =S111 - S90 - S98 -> 39.058739 | ... AV114: =AV111 - AV90 - AV98 -> 0
E115: Net revenues after royalty | G115: $ mn | J115: =SUM(L115:AV115) -> 38376.147 | L115: =SUM(L113:L114) -> 0 | M115: =SUM(M113:M114) -> 0 | N115: =SUM(N113:N114) -> -16.928807 | O115: =SUM(O113:O114) -> 228.4644 | P115: =SUM(P113:P114) -> 403.46324 | Q115: =SUM(Q113:Q114) -> 456.53513 | R115: =SUM(R113:R114) -> 428.54072 | S115: =SUM(S113:S114) -> 547.04951 | ... AV115: =SUM(AV113:AV114) -> 0
E116: =E115 -> Net revenues after royalty | F116: =SUM(L115:AV115) -> 38376.147 | G116: $ mn
E117: ="Check: " & E116 -> Check: Net revenues after royalty | F117: =IF( ABS(F107 - F116) > CHK_TOL, 1, 0) -> 0
A120: Operating costs
B122: Operating costs
C123: 2019TR
E124: =Inp_2019TR!E$107 -> Mining (USD million) | F124: =Inp_2019TR!F$107 -> 0 | G124: =Inp_2019TR!G$107 -> $ mn | H124: =Inp_2019TR!H$107 -> 0 | I124: =Inp_2019TR!I$107 -> XXII | J124: =Inp_2019TR!J$107 -> 4790.6 | K124: =Inp_2019TR!K$107 -> 0 | L124: =Inp_2019TR!L$107 -> 0 | ... AV124: =Inp_2019TR!AV$107 -> 0
E125: =Inp_2019TR!E$108 -> KTC and Luilu (USD million) | F125: =Inp_2019TR!F$108 -> 0 | G125: =Inp_2019TR!G$108 -> $ mn | H125: =Inp_2019TR!H$108 -> 0 | I125: =Inp_2019TR!I$108 -> XXII | J125: =Inp_2019TR!J$108 -> 9682.88 | K125: =Inp_2019TR!K$108 -> 0 | L125: =Inp_2019TR!L$108 -> 0 | ... AV125: =Inp_2019TR!AV$108 -> 0
E126: =Inp_2019TR!E$109 -> Technical Services (USD million) | F126: =Inp_2019TR!F$109 -> 0 | G126: =Inp_2019TR!G$109 -> $ mn | H126: =Inp_2019TR!H$109 -> 0 | I126: =Inp_2019TR!I$109 -> XXII | J126: =Inp_2019TR!J$109 -> 645.38 | K126: =Inp_2019TR!K$109 -> 0 | L126: =Inp_2019TR!L$109 -> 0 | ... AV126: =Inp_2019TR!AV$109 -> 0
E127: =Inp_2019TR!E$110 -> Engineering (USD million) | F127: =Inp_2019TR!F$110 -> 0 | G127: =Inp_2019TR!G$110 -> $ mn | H127: =Inp_2019TR!H$110 -> 0 | I127: =Inp_2019TR!I$110 -> XXII | J127: =Inp_2019TR!J$110 -> 846.94 | K127: =Inp_2019TR!K$110 -> 0 | L127: =Inp_2019TR!L$110 -> 0 | ... AV127: =Inp_2019TR!AV$110 -> 0
...

Sheet Kamoto_2011TR
A1: =RIGHT(CELL("filename", $A$3), LEN(CELL("filename", $A$3)) - SEARCH("]", CELL("filename", $A$3))) -> Kamoto_2011TR
E2: Calendar year end | F2: =Track!$F$85 -> 0 | G2: Error chks | L2: ='T&E'!L$9 -> 2014 | M2: ='T&E'!M$9 -> 2015 | N2: ='T&E'!N$9 -> 2016 | O2: ='T&E'!O$9 -> 2017 | P2: ='T&E'!P$9 -> 2018 | Q2: ='T&E'!Q$9 -> 2019 | R2: ='T&E'!R$9 -> 2020 | S2: ='T&E'!S$9 -> 2021 | ... AV2: ='T&E'!AV$9 -> 2050
